Workbook

Sheet PPTO
C2: CONSTRUCCIÓN CENTRO DÍA GERONTOLÓGICO CORREGIMIENTO SAN JOSÉ DEL NUS DEL MUNICIPIO DE SAN ROQUE ANTIOQUIA | G2: FECHA
C3: MUNICIPIO DE SAN ROQUE - ANTIOQUIA, CORREGIMIENTO DE SAN JOSÉ DEL NÚS. | G3: JUNIO DE 2026
C4: CONSTRUCCIÓN DE CENTRO DIA - MUNICIPIO DE SAN ROQUE
B6: ITEM | C6: DESCRIPCION NUEVOS APUS | D6: UNIDAD | E6: MEMORIAS DE CALCULO | F6: VALOR UNITARIO APUS NUEVOS | G6: TOTAL
B8: 1 | C8: REPLANTEO Y PRELIMINARES
B9: 1.1 | C9: Localizacion, trazado y Replanteo, se incluye suministro de cuadrilla topografíca para rectificación de cartera, verificación de alineamientos, desarrollo de planos. | D9: DIA | E9: ='1.1'!J36 -> 3 | F9: ='APU''S'!G12 -> 583075 | G9: =E9*F9 -> 1749225
B10: 1.2 | C10: Excavación mecanica de capa organica Incluye: (Excavacion mecanica, cargue y votada de material sobrante a la escombrera) | D10: M3 | E10: ='1.2'!J36 -> 67.07 | F10: ='APU''S'!G29 -> 114541 | G10: =E10*F10 -> 7682264.9
B11: 1.3 | C11: Instalación de CERRAMIENTO PROVISIONAL en tela verde con una altura de 2,1 m. Incluye suministro, transporte, instalación y desmonte de la tela y estructura en larguero común, excavación manual en cualquier material y todos los demás elementos necesarios para su correcta instalación. | D11: ML | E11: ='1.3'!J38 -> 168.07 | F11: ='APU''S'!G46 -> 37142 | G11: =E11*F11 -> 6242455.9
B12: 2 | C12: EXCAVACIONES Y LLENOS
B13: 2.1 | C13: EXCAVACIÓN de material heterogéneo DE 0-2 m., bajo cualquier grado de humedad. Incluye: roca descompuesta, bolas de roca de volumen inferior a 0.035 m³. Incluye botada | D13: M3 | E13: ='2.1'!J36 -> 124.67 | F13: ='APU''S'!G65 -> 73235 | G13: =E13*F13 -> 9130207.4
B14: 2.2 | C14: LLENOS CON MATERIAL DE PRESTAMO, compactados mecánicamente hasta obtener una densidad del 98% de la máxima obtenida en el ensayo del Próctor modificado. Incluye el suministro, transporte, colocación de la arenilla, la compactación de la misma y transporte interno. Y su medida será en sitio ya compactado. | D14: M3 | E14: ='2.2'!J36 -> 122.05 | F14: ='APU''S'!G82 -> 134804 | G14: =E14*F14 -> 16452828
B15: 3 | C15: ESTRUCTURA Y CONCRETOS
B16: 3.1 | C16: CIMENTACIONES
B17: 3,1,1 | C17: Suministro, transporte y colocación de concreto de 14 Mpa para SOLADO, con un espesor DE 0.05 m. Incluye el suministro y el transporte del concreto y todos los demás elementos necesarios para su correcta construcción, incluye acarreo interno. | D17: M2 | E17: ='3.1.1'!J36 -> 82.98 | F17: ='APU''S'!G98 -> 57121 | G17: =E17*F17 -> 4739900.6
B18: 3,1,2 | C18: Construcción de LOSA MACIZA en concreto de 21 MPa., con un ESPESOR DE 10 cm. Incluye suministro, transporte y la colocación del concreto, vibrado, protección y curado para estructuras, de acuerdo a las diferentes dimensiones establecidas en los planos y todos los demás elementos necesarios para su correcto vaciado, se incluye acero de refuerzo con doble malla electrosoldada D084 y plastico para evitar el contacto directo de la losa con el terreno | D18: M2 | E18: ='3.1.2'!J36 -> 405.36 | F18: ='APU''S'!G118 -> 242084 | G18: =E18*F18 -> 98131170
B19: 3,1,3 | C19: Suministro, transporte y colocación de concreto para vigas de fundación 0,3 x 0,3 IIncluye: concreto 21MPa, vibrado y todo para su correcta construcción. El acero se pagará en su respectivo ITEM. | D19: ML | E19: ='3.1.3'!J36 -> 183.25 | F19: ='APU''S'!G136 -> 108824 | G19: =E19*F19 -> 19941998
B20: 3,1,4 | C20: Suministro, transporte y colocación de concreto para cimentación superficilaes tipo zapatas, incluye pedestales de 0,40 x 0,40 x 1,30: y bases de 1,0 x 1,0 x 0,3 Incluye concreto 21MPa. El acero se pagará en su respectivo ITEM. | D20: M3 | E20: ='3.1.4'!J36 -> 14.22 | F20: ='APU''S'!G154 -> 596612 | G20: =E20*F20 -> 8483822.6
B21: 3.2 | C21: ESTRUCTURA
B22: 3,2,1 | C22: Suministro, transporte y colocación de concreto para columnas de 0.30 x 0.30, h= 2.70m, Incluye: formaleta, concreto 21MPa, vibrado y todo para su correcta instalación. El acero se pagará en su respectivo ITEM. | D22: ML | E22: ='3.2.1'!J8 -> 75.6 | F22: ='APU''S'!G173 -> 204169 | G22: =E22*F22 -> 15435176
B23: 3,2,2 | C23: Suministro, transporte y colocación de concreto para vigas de amarre, de 0.25 x 0.30, Incluye: ( formaleta y concreto 21MPa), el acero se pagará en su respectivo ITEM. | D23: ML | E23: ='3.2.2'!J36 -> 183.25 | F23: ='APU''S'!G196 -> 227690 | G23: =E23*F23 -> 41724192
B24: 3,2,3 | C24: Dovelas en concreto GRAUTING para amarre de mampostería 10x15x30 incluye acero de refuerzo con varilla de 1/2 | D24: ML | E24: ='3.2.3'!J47 -> 361.8 | F24: ='APU''S'!G214 -> 32266 | G24: =E24*F24 -> 11673839
B25: 3.3 | C25: CUBIERTA
B26: 3,3,1 | C26: Suministro, transporte e instalación de estructura metalica para cubierta, suministro y transporte de perfiles tipo PHR 254X67X2mm, platinas, uniones, soldaduras de acabado o presentación, anclajes y pernos a estructura de concreto. Incluye transporte a sitio e izaje. Todos los elementos deben llevar dos manos de pintura anticorrosiva, color por definir. tambien incluye obra falsa y todo el equipo y la herramienta necesaria para el montaje. | D26: KG | E26: ='3.3.1'!J47 -> 6000.92 | F26: ='APU''S'!G235 -> 26995 | G26: =E26*F26 -> 1.6199484e+08
B27: 3,3,2 | C27: Suministro, transporte e instalación de cubierta tipo Teja Termoacustica Ecoroof UPVC 2.5mm Blanco 1.07 x 5.90 Mts. Incluye remates internos y externos de cubierta, tornillos autoroscantes y todo lo necesario para su correcta instalación. Según diseño. | D27: M2 | E27: ='3.3.2'!J47 -> 444.48 | F27: ='APU''S'!G252 -> 111640 | G27: =E27*F27 -> 49621747
B28: 3.4 | C28: ACERO DE REFUERZO
B29: 3,4,1 | C29: Suministro, figurado y armado de Acero de refuerzo 6000PSI, (se incluyen zapatas, vigas de fundación y vigas de amarre y columnas). | D29: KG | E29: ='3.4.1'!J47 -> 8091.81 | F29: ='APU''S'!G269 -> 12038 | G29: =E29*F29 -> 97409209
B30: 4 | C30: MAMPOSTERIA
B31: 4.1 | C31: Construcción de mampostería en ladrillo a la vista, de 10x15x30cm. Espesor de 15 cm. Incluye el suministro y transporte del ladrillo, el mortero de pega 1:4 espesor max=0.01 m y todos los demás elementos necesarios para su correcta construcción y funcionamiento. | D31: M2 | E31: ='4.1'!J53 -> 485.46 | F31: ='APU''S'!G285 -> 187443 | G31: =E31*F31 -> 90996079
B32: 4.2 | C32: Impermeabilización Sobrecimientos en bloque por medio de IGOL denso plus o similar. Incluye mortero 1:4 espesor 2cm para revoque, pendientes, emulsión asfáltica, mediacaña, regata y todo lo necesario para su correcta construcción.. PRIMER NIVEL 80 cm | D32: M2 | E32: ='4.2'!J53 -> 287.68 | F32: ='APU''S'!G301 -> 59120 | G32: =E32*F32 -> 17007642
B33: 4.3 | C33: Colocación de revoque con mortero 1:4 impermeabilizado con sika 1 o equivalente en muros. Incluye suministro y transporte de materiales, fajas, ranuras, filetes y todos los demas elementos para su correcta construcció. | D33: M2 | E33: ='4.3'!J53 -> 706.54 | F33: ='APU''S'!G334 -> 31990 | G33: =E33*F33 -> 22602215
B34: 4.4 | C34: Suministro, transporte y aplicación de hidrófugo impermeabilizante del tipo siliconite (Sika transparente o equivalente) o equivalente para mampostería de fachadas, con todos los elementos necesarios para su correcta instalación y funcionamiento, incluye a su vez lavado con aplicación de ácido nítrico e hidrosolve proporción 1:1:5 para lavada de muros interiores | D34: M2 | E34: ='4.4'!J53 -> 264.38 | F34: ='APU''S'!G316 -> 24661 | G34: =E34*F34 -> 6519875.2
B35: 4.5 | C35: Suministro, transporte y colocación de estuco en muros. Incluye fajas, ranuras, filetes, y todos los demás elementos necesarios para su correcta construcción. | D35: M2 | E35: =+'4.5'!J53 -> 706.54 | F35: =+'APU''S'!G351 -> 29511 | G35: =E35*F35 -> 20850702
B36: 4.6 | C36: Suministro y aplicación de pintura tipo 1, tres manos, incluye la preparación de la superficie y todos los insumos necesarios para el desarrollo de la actividad. | D36: M2 | E36: ='4.6'!J53 -> 706.54 | F36: ='APU''S'!G369 -> 31431 | G36: =E36*F36 -> 22207259
B37: 5 | C37: OBRA BLANCA
B38: 5.1 | C38: Enchape de piso antideslizante incluye: mortero, pegante, cerámica antideslizante y lechada de limpieza. | D38: M2 | E38: ='5.1'!J47 -> 340.86 | F38: ='APU''S'!G388 -> 129661 | G38: =F38*E38 -> 44196248
B39: 5.2 | C39: Enchape cocina pared sobre mesón incluye: pegante, cerámica y lechada de limpieza | D39: M2 | E39: ='5.2'!J47 -> 216.44 | F39: ='APU''S'!G407 -> 97951 | G39: =F39*E39 -> 21200514
B40: 5.3 | C40: Cielo en drywall local con fajas y dilatadores incluye: (estructura, placa, macilla y pintura) | D40: M2 | E40: ='5.3'!J47 -> 265.38 | F40: ='APU''S'!G427 -> 103072.31 | G40: =F40*E40 -> 27353331
B41: 5.4 | C41: Suministro transporte e instalación de guarda escoba o zocalo en piso en baldosa del mismo color de la baldosa , incluye pega lechada y demás elementos necesarios para su correcta instalación. | D41: ML | E41: ='5.4'!J47 -> 152.72 | F41: =+'APU''S'!G446 -> 36912.315 | G41: =F41*E41 -> 5637248.7
B42: 6 | C42: INSTALACIONES ELECTRICAS
B43: 6.1 | C43: Suministro, transporte e instalación de salida para toma doble p/t. Incluye en tubería IMC, accesorios, alambre de cobre THHN-AWG- LS#12, según cuadro de cargas y notas en planos, elementos para el correcto funcionamiento y aparato línea Génesis. | D43: UN | E43: ='6.1'!J46 -> 23 | F43: ='APU''S'!G468 -> 96826.664 | G43: =E43*F43 -> 2227013.3
B44: 6.2 | C44: Suministro, transporte e instalación de salida eléctrica para toma GFCI. en IMC 3/4", caja y accesorios, alambre de cobre THHN-AWG-LS #12, según cuadro de cargas y notas en planos, aparato línea Génesis. | D44: UN | E44: ='6.2'!J47 -> 16 | F44: ='APU''S'!G489 -> 122826.66 | G44: =E44*F44 -> 1965226.6
B45: 6.3 | C45: Suministro, transporte e instalación de salida para toma doble especial p/t, en PVC 1/2", caja y accesorios, alambre de cobre THHN-AWG- LS #12, según cuadro de cargas y notas en planos. Toma para equipos especiales | D45: UN | E45: ='6.3'!J47 -> 21 | F45: ='APU''S'!G510 -> 100826.66 | G45: =E45*F45 -> 2117359.9
B46: 6.4 | C46: Suministro, transporte e instalación de salida eléctrica para toma 3x30A p/t. en PVC 3/4", caja y accesorios, alambre de cobre THHN-AWG #10+12, según cuadro de cargas y notas en planos. Toma levinton. | D46: UN | E46: ='6.4'!J47 -> 9 | F46: ='APU''S'!G531 -> 115051.66 | G46: =E46*F46 -> 1035465
B47: 6.5 | C47: Suministro, transporte e instalación de salida para luminaria panel tipo LED de 24,2W, de cielo, con tubería EMT 1/2", según planos, alambre de cobre THHN-AWG #12 y todos los elementos para el correcto funcionamiento. | D47: UN | E47: ='6.5'!J41 -> 41 | F47: ='APU''S'!G550 -> 168778.79 | G47: =E47*F47 -> 6919930.3
B48: 6.6 | C48: Suministro, transporte e instalación de salida para luminaria OJO BUEY TIPO INTERIOR (Panel led redondo 120V 12W), incrustada en losa, pared o mampostería. Incluye tubería PVC 1/2", según planos, accesorios, alambre de cobre THHN-AWG-LS #12, y todos los elementos para el correcto funcionamiento. | D48: UN | E48: ='6.6'!J47 -> 23 | F48: ='APU''S'!G569 -> 91268.664 | G48: =E48*F48 -> 2099179.3
B49: 6.7 | C49: Suministro, transporte e instalación de salida para luminaria OJO BUEY TIPO INTERIOR Panel led redondo 120V 16W), incrustada en losa, pared o mampostería. Incluye tubería PVC 1/2", según planos, accesorios, alambre de cobre THHN-AWG-LS #12, y todos los elementos para el correcto funcionamiento. | D49: UN | E49: ='6.7'!J47 -> 29 | F49: ='APU''S'!G588 -> 96268.664 | G49: =E49*F49 -> 2791791.2
B50: 6.8 | C50: Suministro, transporte e instalación de Tubería PVC de 1" para alimentación de circuitos, incluye elementos para el correcto funcionamiento. | D50: ML | E50: ='6.8'!J47 -> 187.53 | F50: ='APU''S'!G607 -> 52467.25 | G50: =E50*F50 -> 9839183.3
B51: 6.9 | C51: Suministro, transporte e instalación de tablero de distribución especial, tablero de distribución final y tabler de distribución final regulado, con espacio para totalizador y breackers. Incluye marcación elementos para el correcto funcionamiento. | D51: UN | E51: =+'6.9'!J47 -> 1 | F51: ='APU''S'!G628 -> 1216174.1 | G51: =E51*F51 -> 1216174.1
B52: 6.1 | C52: Suministro, transporte e instalación de materiales para salida interruptor sencillo (switche) eléctrico mono polar de alumbrado 15 A. TIPO LEV referencia 1451, 10A, 125 V, según certificación RETIE y pruebas de conformidad UL. Incluye el interruptor, tapa, tubo emt, cajas 4"x4" met. Galv. Con tapa suplemento, adaptadores, curvas, pega pvc, conductores 12 AWG-CU-THHN/THWN-90ºC, conectores de conexión y empalme, tornillos, obra civil y demás elementos y accesorios para su correcta instalación y funcionamiento. | D52: UN | E52: =+'6.10'!J41 -> 8 | F52: =+'APU''S'!G649 -> 38658.832 | G52: =E52*F52 -> 309270.65
B53: 6.11 | C53: Suministro, transporte e instalación de materiales para salida interruptor doble (switche) eléctrico mono polar de alumbrado 15 A. TIPO LEV referencia 1451, 10A, 125 V, según certificación RETIE y pruebas de conformidad UL. Incluye el interruptor, tapa, tubo pvc, cajas 4"x4" met. Galv. Con tapa suplemento, adaptadores, curvas, pega pvc, conductores 12 AWG-CU-THHN/THWN-90ºC, conectores de conexión y empalme, tornillos, obra civil y demás elementos y accesorios para su correcta instalación y funcionamiento. | D53: UN | E53: =+'6.11'!J41 -> 2 | F53: =+'APU''S'!G669 -> 49664.832 | G53: =E53*F53 -> 99329.664
B54: 6.12 | C54: Suministro, transporte e instalación de materiales para salida interruptor triple (switche) eléctrico mono polar de alumbrado 15 A. TIPO LEV referencia 1451, 10A, 125 V, según certificación RETIE y pruebas de conformidad UL. Incluye el interruptor, tapa, tubo pvc, cajas 4"x4" met. Galv. Con tapa suplemento, adaptadores, curvas, pega pvc, conductores 12 AWG-CU-THHN/THWN-90ºC, conectores de conexión y empalme, tornillos, obra civil y demás elementos y accesorios para su correcta instalación y funcionamiento. | D54: UN | E54: =+'6.12'!J41 -> 8 | F54: =+'APU''S'!G689 -> 53498.832 | G54: =E54*F54 -> 427990.65
B55: 6.13 | C55: Suministro, transporte e instalación de acometida monofásica en cables, incluye excavación, conectores, encintada y demás accesorios para su correcta instalación y funcionamiento según RETIE. | D55: ML | E55: =+'6.13'!J41 -> 25 | F55: =+'APU''S'!G706 -> 65545.118 | G55: =E55*F55 -> 1638628
B56: 6.14 | C56: Suministro, transporte e instalación PUESTA A TIERRA Y APANTALLAMIENTO. 5/8'' x 2.4m incluye elementos para el correcto funcionamiento. | D56: GL | E56: =+'6.14'!J41 -> 1 | F56: ='APU''S'!G727 -> 3687678.9 | G56: =E56*F56 -> 3687678.9
B57: 6.15 | C57: Suministro, transporte e instalación de salida para luminaria de emergencia. Incluye tubería EMT 1/2", según planos, alambre de cobre THHN-AWG #12 y todos los elementos para el correcto funcionamiento. | D57: UN | E57: =+'6.15'!J43 -> 32 | F57: =+'APU''S'!G747 -> 196368.66 | G57: =E57*F57 -> 6283797.2
B58: 6.16 | C58: Suministro, transporte e instalación de Rack de telecomunicaciones | D58: UN | E58: 1 | F58: =+'APU''S'!G768 -> 1788026.3 | G58: =E58*F58 -> 1788026.3
B59: 6.17 | C59: Suministro, transporte e instalación de puntos de conexión ethernet | D59: UN | E59: =+'6.17'!J43 -> 23 | F59: =+'APU''S'!G789 -> 153899.79 | G59: =E59*F59 -> 3539695.1
B60: 7 | C60: INSTALACIONES SANITARIAS
B61: 7.1 | C61: SUMINISTRO, TRANSPORTE E INSTALACION DE Salidas abastos 1/2" PVC presión, incluye 1m de tubería contempladas por salidas, accesorios y toda actividad adicional para su correcta instalación. | D61: UN | E61: ='7.1'!J47 -> 36 | F61: ='APU''S'!G813 -> 57880.394 | G61: =E61*F61 -> 2083694.2
B62: 7.2 | C62: SUMINISTRO, TRANSPORTE E INSTALACION DE Salidas sanitarias de 2" incluye: Accesorios, acoples y todo lo relacionado para su instalación de (lavadero, sanitario, lavamanos, ducha, etc.) incluye 2m de tubería contempladas por punto y toda actividad adicional para su correcta instalación. | D62: UN | E62: ='7.2'!J47 -> 36 | F62: ='APU''S'!G836 -> 146505.39 | G62: =E62*F62 -> 5274194.2
B63: 7.3 | C63: SUMINISTRO, TRANSPORTE E INSTALACION de tubería para Bajante sanitario en tubería de 3" PVC. Bajante de ventilación incluye: (tubería por m, amarres, accesorios de empalme, equipos de alturas y todo lo relacionado para su instalación, altura elemento 1,5m.máx) | D63: UND | E63: ='7.3'!J47 -> 10 | F63: ='APU''S'!G859 -> 136281.47 | G63: =E63*F63 -> 1362814.7
B64: 7.4 | C64: SUMINISTRO, TRANSPORTE E INSTALACION de Tubería ALL D=4" en desagües primer piso incluye: excavación primer por metro lineal con pendiente, tubería, y accesorios.) | D64: ML | E64: =+'7.4'!J47 -> 121.84 | F64: =+'APU''S'!G883 -> 54390.288 | G64: =E64*F64 -> 6626912.7
B65: 7.5 | C65: SUMINISTRO, TRANSPORTE E INSTALACION de Tubería ALL D=6" en desagües primer piso incluye: excavación por metro lineal con pendiente, tubería, y accesorios.) | D65: ML | E65: ='7.5'!J47 -> 43.26 | F65: =+'APU''S'!G907 -> 95340.288 | G65: =E65*F65 -> 4124420.9
B66: 7.6 | C66: SUMINISTRO, TRANSPORTE E INSTALACION de Tubería PVC 4" en desagües primer piso incluye: excavación por metro lineal con pendiente, tubería, y accesorios.) | D66: ML | E66: =+'7.6'!J47 -> 95.83 | F66: =+'APU''S'!G931 -> 54390.288 | G66: =E66*F66 -> 5212221.3
B67: 7.7 | C67: SUMINISTRO, TRANSPORTE E INSTALACION de Canastilla para lavaplatos con rejilla extraíble, set de tubería y empaques incluidos para evitar fugas, dos mangueras de alimentación con acoples para el agua | D67: UN | E67: =+'7.7'!J47 -> 3 | F67: ='APU''S'!G954 -> 1201476.2 | G67: =E67*F67 -> 3604428.7
B68: 7.8 | C68: SUMINISTO, TRANSPORTE E INSTALACION DE CANOA EN LAMINA GALVANIZADA Cal .22 d/ 0.40 m. Suministro e instalación con 2 manos de anticorrosivo WASH PRIMER + esmalte + anclaje a muro + sikaflex 1A | D68: ml | E68: =+'7.8'!$J$47 -> 102.64 | F68: ='APU''S'!G977 -> 109112.79 | G68: =E68*F68 -> 11199336
B69: 7.9 | C69: SUMINISTO, TRANSPORTE E INSTALACION de embudos en lamina galvanizada Cal .26 | D69: UN | E69: =+'7.9'!J47 -> 12 | F69: ='APU''S'!G999 -> 49781.416 | G69: =E69*F69 -> 597376.99
B70: 7.1 | C70: suministro y construcción de caja sanitaria de 80x80 cm vaciada en concreto de 21MPa, incluye tapa reforzada y todo lo requerido para su construcción . | D70: UN | E70: =+'7.10'!J47 -> 6 | F70: ='APU''S'!G1028 -> 675761 | G70: =E70*F70 -> 4054566
B71: 8 | C71: CARPINTERIA METALICA Y DE MADERA
B72: 8.1 | C72: Suministro e instalación de ventanas en aluminio mate o negro, sistema fijo corredizo 50-20 y vidrio claro 6mm. Incluye alfajía, sello y todos sus accesorios para su correcta instalación y funcionamiento | D72: M2 | E72: ='8.1'!J52 -> 50 | F72: ='APU''S'!G1051 -> 526186.15 | G72: =E72*F72 -> 26309307
B73: 8.2 | C73: Suministro e instalación de Puerta metálica: ala incrustada en perfil metálico cerramiento en perfiles tipo Z y marco metálico. Incluye sello y todos sus accesorios para su correcta instalación y funcionamiento.Color negro mate | D73: M2 | E73: =+'8.2'!J45 -> 39.16 | F73: ='APU''S'!G1074 -> 611167.15 | G73: =E73*F73 -> 23933306
B74: 8.3 | C74: Suministro e instalación de ventanas con rejilla metálica: perfil metálico con rejillas tipo persiana Incluye sello y todos sus accesorios para su correcta instalación y funcionamiento. Color negro mate | D74: UN | E74: =+'8.3'!J45 -> 1 | F74: =+'APU''S'!G1097 -> 311167.15 | G74: =E74*F74 -> 311167.15
B75: 8.4 | C75: Suministro e Instalación Divisiones de sanitarios en Acero Inox , Calibre 20 Satinado, con puertas y Tabiques en altura de 1600mm SAE 304 , Incluye Cerrojos , Percheros , Parales Altura de 1800mm. | D75: m2 | E75: =+'8.4'!J45 -> 25.6 | F75: =+'APU''S'!G1116 -> 527882.63 | G75: =E75*F75 -> 13513795
B76: 8.5 | C76: Suministro e Instalación Divisiones de orinales en Acero Inox , Calibre 20 Satinado, con puertas y Tabiques en altura de 1600mm SAE 304 , Incluye Cerrojos , Percheros , Parales Altura de 1800mm. | D76: m2 | E76: =+'8.5'!J45 -> 4.2 | F76: =+'APU''S'!G1135 -> 426756.63 | G76: =E76*F76 -> 1792377.8
B77: 9 | C77: MUEBLES EQUIPOS DE COCINA
B78: 9.1 | C78: Cocina tipo industrial. Incluye: Mesones en Acero inoxidable, campana con ducto, abastos, estufa | D78: UN | E78: =+'9.1'!J45 -> 1 | F78: ='APU''S'!G1156 -> 20551821 | G78: =F78*E78 -> 20551821
B79: 10 | C79: MUEBLES Y APARATOS SANITARIOS
B80: 10.1 | C80: Suministro e instalación de Sanitarios, incluye: accesorios PVC, Sanitario Manantial blanco según detalle del proyecto, grifería y todo lo necesario para su correcta instalación | D80: UN | E80: ='10.1'!J47 -> 8 | F80: ='APU''S'!G1179 -> 575398.52 | G80: =F80*E80 -> 4603188.2
B81: 10.2 | C81: Suministro e instalación de Orinales, incluye: accesorios PVC, Orinal arrecife corona o similar según detalle del proyecto, grifería, y todo lo necesario para su correcta instalación | D81: UN | E81: ='10.2'!J47 -> 3 | F81: ='APU''S'!G1202 -> 645398.52 | G81: =E81*F81 -> 1936195.6
B82: 10.3 | C82: Colocación e instalación de Lavamanos, incluye: accesorios PVC, lavamanos corona o equivalente color blanco, grifería metálica antivandálica, de push ref 71100 de Grival o equivalente, abasto metálico y todos los demás elementos necesarios para su correcta instalación y funcionamiento. | D82: UN | E82: ='10.3'!J46 -> 9 | F82: ='APU''S'!G1225 -> 921097.2 | G82: =E82*F82 -> 8289874.8
B83: 10.4 | C83: Suministr e instalación de Kit para duchas (Rejilla de piso, griferia y todo lo necesario para su correcto funcionamiento) | D83: UN | E83: ='10.4'!J47 -> 2 | F83: ='APU''S'!G1248 -> 358014.66 | G83: =E83*F83 -> 716029.33
B84: 10.5 | C84: Suministro e instalación de Lava escobas prefabricado de 70x70x25cm Granito y cemento blanco (incluye llave boca manguera) | D84: UN | E84: ='10.5'!J47 -> 1 | F84: ='APU''S'!G1270 -> 356439.39 | G84: =F84*E84 -> 356439.39
B85: 10.6 | C85: Colocación e instalación de Lavamanos PMR, incluye: accesorios PVC, lavamanos corona o equivalente color blanco, grifería metálica antivandálica, de push ref 71100 de Grival o equivalente, abasto metálico y todos los demás elementos necesarios para su correcta instalación y funcionamiento. | D85: UN | E85: =+'10.6'!J47 -> 3 | F85: =+'APU''S'!G1293 -> 893501.78 | G85: =F85*E85 -> 2680505.3
B86: 10.7 | C86: Suministro e instalación de Mesones prefabricados en quartzone. Color a definir, incluye todo lo necesario para su correcto funcionamiento | D86: ML | E86: =+'10.7'!J47 -> 9.8 | F86: =+'APU''S'!G1312 -> 528201.31 | G86: =F86*E86 -> 5176372.9
B87: 10.8 | C87: Suministro e instalacion de barras de seguridad en acero inoxidable L=60cm, incluye accesorios y todos los elementos para su correcta instalacion | D87: UN | E87: =+'10.8'!J47 -> 15 | F87: =+'APU''S'!G1331 -> 199301.31 | G87: =F87*E87 -> 2989519.7
B88: 10.9 | C88: Suministro e instalación de tanque de abastecimiento de 1200Lt | D88: UN | E88: 1 | F88: =+'APU''S'!G1353 -> 3195276.1 | G88: =F88*E88 -> 3195276.1
B89: 11 | C89: Red contra incendios
B90: 11.1 | C90: Suministro transporte e instalacion de detector inteligente de humo con alarma sonora. | D90: UN | E90: =+'11.1'!J47 -> 38 | F90: =+'APU''S'!G1372 -> 183148.13 | G90: =F90*E90 -> 6959628.9
B91: 11.2 | C91: Suministro transporte e instalacion de Extintor multiproposito de polvo químico seco 10 Libras Con manguera | D91: UN | E91: =+'11.2'!J47 -> 5 | F91: =+'APU''S'!G1391 -> 104801.31 | G91: =F91*E91 -> 524006.57
B92: 11.3 | C92: Suministro transporte e instalacion de Extintor TIPO K 10 Libras Con manguera | D92: UN | E92: =+'11.3'!J47 -> 1 | F92: =+'APU''S'!G1410 -> 113701.31 | G92: =F92*E92 -> 113701.31
B93: 12 | C93: OBRAS EXTERIORES Y PAISAJISMO
B94: 12.1 | C94: Suministro, transporte e instalación de materas en concreto incluye tierra, planta ornamental según caracteristicas del Municipio | D94: UN | E94: 14 | F94: ='APU''S'!G1426 -> 295691.3 | G94: =F94*E94 -> 4139678.2
B95: 12.2 | C95: Suministro, transporte e instalación de adoquín | D95: M2 | E95: =+'12.2'!J47 -> 272.01 | F95: =+'APU''S'!G1445 -> 146659.52 | G95: =F95*E95 -> 39892857
B96: 12.3 | C96: Suministro e instalación de Gimnasio al aire libre | D96: UN | E96: 1 | F96: =+'APU GIMNASIO'!K30 -> 1.1423038e+08 | G96: =+E96*F96 -> 1.1423038e+08
C98: TOTAL COSTOS DIRECTOS | G98: =SUM(G9:G96) -> 1.2033251e+09
C99: Administración | D99: % | F99: =AU!H47 -> 0.26123857 | G99: =+AU!I47 -> 3.1435493e+08
C100: Imprevistos | D100: % | G100: 0
C101: Utilidad | D101: % | F101: 0.05 | G101: =G98*F101 -> 60166256
C102: PLAN DE MANEJO AMBIENTAL (PMA) | G102: =+PMA!F24 -> 11905000
C103: RETIE Y RETILAP | G103: 8000000
C104: VALOR DE OBRA | G104: =+SUM(G98:G103) -> 1.5977513e+09
...

Sheet AU
B3: =+PPTO!C2 -> CONSTRUCCIÓN CENTRO DÍA GERONTOLÓGICO CORREGIMIENTO SAN JOSÉ DEL NUS DEL MUNICIPIO DE SAN ROQUE ANTIOQUIA
B4: =PPTO!C3 -> MUNICIPIO DE SAN ROQUE - ANTIOQUIA, CORREGIMIENTO DE SAN JOSÉ DEL NÚS.
A8: AIU SAN ROQUE | G8: COSTOS DIRECTOS: | I8: =+PPTO!G98 -> 1.2033251e+09
G9: AIU ESTIMADO : | I9: =+H47+H49 -> 0.31123857
G10: COSTO TOTAL | I10: =+PPTO!G98 -> 1.2033251e+09
G11: PLAZO EN MESES: | I11: 6
A12: Item | B12: Nombre | D12: Unidad | E12: Cant | F12: Dedicación | G12: Valor (Incluye FM) | H12: Porcentaje sobre el contrato | I12: Subtotal
A13: 1 | B13: Personal de Admón. del Contrato
A14: 1.1 | B14: Director de Obra | D14: Mes | E14: 6 | F14: 0.15 | G14: =+'FACTOR PRESTACIONAL'!J4 -> 8678266.7 | H14: =+I14/$I$8 -> 0.0064907147 | I14: =ROUNDUP((E14*F14*G14),0) -> 7810440
A15: 1.2 | B15: Ingeniero residente obra civil | D15: Mes | E15: 6 | F15: 1 | G15: =+'FACTOR PRESTACIONAL'!J5 -> 5995893.3 | H15: =+I15/$I$8 -> 0.029896625 | I15: =ROUNDUP((E15*F15*G15),0) -> 35975360
A16: 1.3 | B16: Auxiliar ambiental | D16: Mes | E16: 6 | F16: 0.1 | G16: =+'FACTOR PRESTACIONAL'!J6 -> 4816372.7 | H16: =+I16/$I$8 -> 0.0024015322 | I16: =ROUNDUP((E16*F16*G16),0) -> 2889824
A17: 1.4 | B17: Tecnologo SST. | D17: Mes | E17: 6 | F17: 1 | G17: =+'FACTOR PRESTACIONAL'!J7 -> 4816372.7 | H17: =+I17/$I$8 -> 0.024015319 | I17: =ROUNDUP((E17*F17*G17),0) -> 28898236
A19: 2 | B19: Instalaciones provisionales
A20: 2.1 | B20: Zona de acopio de material (incluye construcción y cerradura) | D20: gl | E20: 1 | F20: 1 | G20: 2000000 | H20: =+I20/$I$8 -> 0.0016620612 | I20: =ROUNDUP((E20*F20*G20),0) -> 2000000
A21: 2.2 | B21: Costos oficina (construcción campamento, con pago de servicios púlbicos, aseo, seguridad, dotación) | D21: gl | E21: 1 | F21: 1 | G21: 6000000 | H21: =+I21/$I$8 -> 0.0049861836 | I21: =ROUNDUP((E21*F21*G21),0) -> 6000000
A22: 2.3 | B22: Desmonte de provisionales y adecuación final | D22: gl | E22: 1 | F22: 1 | G22: 1000000 | H22: =+I22/$I$8 -> 0.00083103061 | I22: =ROUNDUP((E22*F22*G22),0) -> 1000000
A24: 3 | B24: Gastos administrativos
A25: 3.1 | B25: Gastos de papelería y permisos | D25: Mes | E25: =+E17 -> 6 | F25: 1 | G25: 100000 | H25: =+I25/$I$8 -> 0.00049861836 | I25: =ROUNDUP((E25*F25*G25),0) -> 600000
A26: 3.2 | B26: Computadores y software | D26: un/mes | E26: =+E25 -> 6 | F26: 1 | G26: 200000 | H26: =+I26/$I$8 -> 0.00099723673 | I26: =ROUNDUP((E26*F26*G26),0) -> 1200000
A27: 3.3 | B27: Medio de comunicación (celular, Internet) | D27: un/mes | E27: =+E25 -> 6 | F27: 1 | G27: 120000 | H27: =+I27/$I$8 -> 0.00059834204 | I27: =ROUNDUP((E27*F27*G27),0) -> 720000
A28: 3.10 | B28: Mantenimiento de equipo/herramientas | D28: mes | E28: =+E26 -> 6 | F28: 1 | G28: 250000 | H28: =+I28/$I$8 -> 0.0012465459 | I28: =ROUNDUP((E28*F28*G28),0) -> 1500000
A29: 3.13 | B29: Vallas de obra | D29: un | E29: 2 | F29: 1 | G29: 600000 | H29: =+I29/$I$8 -> 0.00099723673 | I29: =+G29*E29 -> 1200000
K30: Valor total del proyecto | L30: 1.7210906e+09
A31: 4 | B31: Cargos sobre el valor de la oferta | K31: Valor contrato de obra/ Base estampillas municipales | L31: =+PPTO!G104 -> 1.5977513e+09
B32: Estampilla pro deporte | K32: Valor contrato de obra- Pro Deporte | L32: =+L31-I33 -> 1.5977513e+09
A33: 4 | B33: Tasa Pro-Deporte y Recreación – Departamento de Antioquia | D33: % | H33: 0.025 | K33: Aporte gobernación 90% | L33: =+L30*90% -> 1.5489816e+09
B34: Estampillas municipios | K34: Aporte Municipio 10% | L34: =+L30*10% -> 1.7210906e+08
A35: 4.1 | B35: Impuesto de contribución especial (5%) | D35: % | H35: 0.05 | I35: =+H35*($L$31) -> 79887565
A36: 4.2 | B36: Estampilla adulto mayor | D36: % | H36: 0.04 | I36: =+H36*($L$31) -> 63910052
A37: 4.3 | B37: Estampilla Pro Cultura | D37: % | H37: 0.015 | I37: =+H37*($L$31) -> 23966270
A38: 4.5 | B38: Estampilla Pro Hospital | D38: % | H38: 0.01 | I38: =+H38*($L$31) -> 15977513
A39: 4.6 | B39: Pro justicia familiar | D39: =+D38 -> % | H39: 0.02 | I39: =+H39*($L$31) -> 31955026
A41: 5 | B41: Polizas
A42: 5.1 | B42: Pólizas del proyecto | I42: =+'PÓLIZAS OBRA'!I37 -> 8864643.5
F47: TOTAL ADMINISTRACIÓN (A) | H47: =+I47/I8 -> 0.26123857 | I47: =SUM(I13:I46) -> 3.1435493e+08
F48: TOTAL IMPREVISTOS (I) | I48: 0
F49: TOTAL UTILIDADES (U) | H49: 0.05 | I49: =+H49*PPTO!G98 -> 60166256
C52: ________________________________________________________
B53: Nombre | C53: Carlos Holguín
B54: Cargo | C54: Secretario de planeación.
B55: Correo Electrónico | C55: planeacionsanrque@antioquia.gov.cocom
B56: Teléfono Celular | C56: 3147222958

Sheet PÓLIZAS OBRA
A1: COTIZACIÓN PÓLIZA DE SEGURO DE CUMPLIMIENTO A FAVOR DE | AA1: TIPO DE PÓLIZA
C2: ENTIDADES ESTATALES | AA2: ENTIDADES ESTATALES
AA3: PARTICULARES
A5: Convenio/Contrato:
A6: Tomador/Afianzado: | B6: GOBERNACION DE ANTIOQUIA
A7: C.C./NIT: | B7: 900348805
A8: Asegurado/Beneficiario: | B8: MUNICIPIO DE SAN ROQUE
A9: C.C./NIT: | B9: 890884595-7
A11: Plazo: 6meses
A13: Objeto del Contrato:
A14: CONSTRUCCIÓN CENTRO DÍA GERONTOLÓGICO CORREGIMIENTO SAN JOSÉ DEL NUS DEL MUNICIPIO DE SAN ROQUE ANTIOQUIA
A15: {=A15:I37} -> #VALUE!
A16: Valor del Contrato | B16: Desde | C16: Hasta | D16: Dias | E16: Meses
A17: =+PPTO!G104 -> 1.5977513e+09 | B17: 46249 | C17: 46433 | D17: =C17-B17 -> 184 | E17: =D17/30 -> 6.1333333
A19: Garantía | B19: Porcentaje | C19: Vr. Asegurado | D19: Desde | E19: Hasta | F19: Días | G19: Tasa | H19: Prorrata | I19: Prima
A20: Seriedad | B20: 0.1 | C20: =+$A$17*B20 -> 1.5977513e+08 | D20: =B17 -> 46249 | E20: =C17 -> 46433 | F20: =+E20-D20 -> 184 | G20: 0.002 | H20: =+(C20*G20)*F20/365 -> 161088.35 | AH20: =I20*19% -> 0
A21: Cumplimiento | B21: 0.2 | C21: =+$A$17*B21 -> 3.1955026e+08 | D21: =B17 -> 46249 | E21: 46614 | F21: =+E21-D21 -> 365 | G21: 0.0022 | H21: =+(C21*G21)*F21/365 -> 703010.57 | I21: =IF(H21=0,0,IF(H21<30000,30000,H21)) -> 703010.57 | AH21: =I20+AH20 -> 0
A22: Buen manejo del anticipo | B22: 0.4 | C22: =A17*B22 -> 6.3910052e+08 | D22: =B17 -> 46249 | E22: 46614 | F22: =+E22-D22 -> 365 | G22: 0.0022 | H22: =+(C22*G22)*F22/365 -> 1406021.1 | I22: =IF(H22=0,0,IF(H22<30000,30000,H22)) -> 1406021.1
A23: Pago de Salarios | B23: 0.1 | C23: =+$A$17*B23 -> 1.5977513e+08 | D23: =B17 -> 46249 | E23: 47529 | F23: =+E23-D23 -> 1280 | G23: 0.0021 | H23: =+(C23*G23)*F23/365 -> 1176645.3 | I23: =IF(H23=0,0,IF(H23<30000,30000,H23)) -> 1176645.3
A24: Estabilidad | B24: 0.2 | C24: =+$A$17*B24 -> 3.1955026e+08 | D24: =B17 -> 46249 | E24: 48259 | F24: =+E24-D24 -> 2010 | G24: 0.002102 | H24: =+(C24*G24)*F24/365 -> 3698921.2 | I24: =IF(H24=0,0,IF(H24<30000,30000,H24)) -> 3698921.2
A25: Calidad del Servicio | C25: =+$A$17*B25 -> 0 | D25: =B17 -> 46249 | E25: 46381 | F25: =+E25-D25 -> 132 | G25: 0.003 | H25: =+(C25*G25)*F25/365 -> 0 | I25: =IF(H25=0,0,IF(H25<30000,30000,H25)) -> 0
G26: Subtotal | I26: =IF(SUM(I20:I25)<=60000,60000,SUM(I20:I25)) -> 6984598.3
C27: =SUM(C20:C25) -> 1.5977513e+09 | G27: Gastos Expedición | I27: 11000
A28: IVA | G28: IVA | I28: =(I26+I27)*19% -> 1329163.7
G29: Total | I29: =+I26+I27+I28 -> 8324761.9
A31: Garantía | B31: Porcentaje | C31: Vr. Asegurado | D31: Desde | E31: Hasta | F31: Días | G31: 1 | H31: Prorrata | I31: Prima
A32: R.C.E. | C32: 350181000 | D32: =B17 -> 46249 | E32: =C17 -> 46433 | F32: =+E32-D32 -> 184 | G32: 0.0025 | H32: =+(C32*G32)*F32/365 -> 441324 | I32: =IF(H32=0,0,IF(H32<50000,50000,H32)) -> 441324
G33: Subtotal | I33: =+I32 -> 441324
A34: DEDUCIBLE: | B34: =IF(C32<=10000000,"10% mínimo 1 SMMLV",IF(AND(C32>10000000,C32<=30000000),"10% mínimo 2 SMMLV",IF(AND(C32>30000000,C32<=50000000),"10% mínimo 3 SMMLV","15% mínimo 3 SMMLV"))) -> 15% mínimo 3 SMMLV | G34: GASTOS | I34: 12358
G35: IVA | I35: =(I33+I34)*19% -> 86199.58
G36: Total | I36: =+I33+I35+I34 -> 539881.58
I37: =I29+I36 -> 8864643.5
A39: REQUISITOS:
A40: Persona Jurídica | D40: Persona Natural
A41: 1. Diligenciamiento y firma correcta de las contragarantías. | D41: 1. Diligenciamiento y firma correcta de las contragarantías.
A42: 2. Estados Financieros de los últimos dos años, Balance y P&G. | D42: 2. Declaración de Renta.
A43: 3. Certificado de Constitución y Gerencia vigente. | D43: 3. Certificado de Libertad y Tradición de los bienes inmuebles, no superior a 30 días.
A44: 4. Declaración de Renta (cuando el objeto del contrato es un suministro de bienes no elaborados por el contratista).
D45: 4. Solicitud de Seguro de Cumplimiento y Circular Básica Reglamentaria.
A46: 5. Certificado de Libertad y Tradición de los bienes inmuebles, no superior a 30 días. | D46: 5. Fotocopia de la cédula de ciudadanía.
D47: 6. Fotocopia del contrato completo.
A48: 7. Solicitud de Seguro de Cumplimiento y Circular Básica Reglamentaria. | D48: 7. Récord de obras u hoja de vida.
A49: 8. Fotocopia de la cédula de ciudadanía del representante legal.
A50: 9. Fotocopia del contrato completo.
A51: 10. Récord de obras.
A52: En caso de que el afianzado no cumpla con la solvencia requerida, es necesario se adjunte un codeudor con los mismo requisitos.
A54: La presente cotización no implica aceptación de cobertura por parte de Aseguradora Solidaria de Colombia. Para la aceptación de cobertura se requiere del cumplimiento de los anteriores requisitos de asegurabilidad por parte del contratista y confirmación de cobertura por parte de la compañía aseguradora.
A58: Esta propuesta posee una validez de 30 días.
AA97: SERIEDAD | AB97: CUMPLIMIENTO | AC97: ANTICIPO | AD97: PRESTACIONES | AE97: ESTABILIDAD | AF97: CALIDAD | AG97: R.C.E.
AA98: 0.001 | AB98: 0.002 | AC98: 0.002 | AD98: 0.006 | AE98: 0.002 | AF98: 0.002 | AG98: 0.002
AA99: 0.0015 | AB99: 0.0025 | AC99: 0.0025 | AD99: 0.0065 | AE99: 0.0025 | AF99: 0.0025 | AG99: 0.0025
AB100: 0.003 | AC100: 0.003 | AD100: 0.007 | AE100: 0.003 | AF100: 0.003 | AG100: 0.003
AB101: 0.0035 | AC101: 0.0035 | AD101: 0.0075 | AE101: 0.0035 | AF101: 0.0035 | AG101: 0.0035
AB102: 0.004 | AC102: 0.004 | AD102: 0.008 | AE102: 0.004 | AF102: 0.004 | AG102: 0.004
AB103: 0.0045 | AC103: 0.0045 | AD103: 0.0085 | AE103: 0.0045 | AG103: 0.0045
AB104: 0.005 | AC104: 0.005 | AD104: 0.009 | AE104: 0.005 | AG104: 0.005
AC105: 0.0055 | AD105: 0.0095 | AG105: 0.0055
AC106: 0.006 | AD106: 0.01 | AG106: 0.006
AD107: 0.0105 | AG107: 0.0065
AD108: 0.011 | AG108: 0.007
AD109: 0.0115 | AG109: 0.0075
AD110: 0.012 | AG110: 0.008
AD111: 0.0125 | AG111: 0.0085
AD112: 0.013 | AG112: 0.009
AD113: 0.0135 | AG113: 0.0095
AD114: 0.014 | AG114: 0.01
AD115: 0.0145
AD116: 0.015

Sheet APU'S
A1: =PPTO!B9 -> 1.1 | B1: =PPTO!C9 -> Localizacion, trazado y Replanteo, se incluye suministro de cuadrilla topografíca para rectificación de cartera, verificación de alineamientos, desarrollo de planos. | C1: UND | D1: D% | E1: CANT | F1: VALOR UNI. | G1: VALOR
B2: MATERIALES
B3: EQUIPO ESTACIÓN TOTAL | C3: =VLOOKUP(B3,INSUMOS!$B$2:$D$299,2,0) -> DIA | D3: 0.05 | E3: 0.25 | F3: =VLOOKUP(B3,INSUMOS!$B$2:$D$299,3,0) -> 108625 | G3: =+ROUND((1+D3)*E3*F3,0) -> 28514
B4: ESTACAS Y PUNTILLAS | C4: DIA | E4: 1 | F4: =VLOOKUP(B4,INSUMOS!$B$2:$D$562,3,0) -> 10312.5 | G4: =+ROUND((1+D4)*E4*F4,0) -> 10313
G5: =+ROUND((1+D5)*E5*F5,0) -> 0
B6: MANO DE OBRA
B7: M. de O. CUADRILLA TOPOGRAFICA (1 TOP + 2 CAD) | C7: gl | E7: 1 | F7: =+'FACTOR PRESTACIONAL'!K12+'FACTOR PRESTACIONAL'!K13+'FACTOR PRESTACIONAL'!K14 -> 451664.66 | G7: =+ROUND((1+D7)*E7*F7,0) -> 451665
B8: TRANSPORTE
B9: TRANSPORTE DE CUADRILLA Y EQUIPO | C9: DÍA | E9: 1 | F9: 70000 | G9: =+ROUND((1+D9)*E9*F9,0) -> 70000
B10: HERRAMIENTA MENOR
B11: HERRAMIENTA MENOR | C11: % | E11: 0.05 | F11: =F7 -> 451664.66 | G11: =+ROUND(E11*F11,0) -> 22583
D12: SUBTOTAL | G12: =SUM(G3:G11) -> 583075
D13: ADMINISTRACION | F13: 0.25 | G13: =+ROUND(G12*F13,0) -> 145769
D14: IMPREVISTOS | F14: =AU!$I$48 -> 0 | G14: =+ROUND(G12*F14,0) -> 0
D15: UTILIDADES | F15: 0.05 | G15: =+ROUND(G12*F15,0) -> 29154
D16: TOTAL | G16: =SUM(G12:G15) -> 757998
A18: =PPTO!B10 -> 1.2 | B18: =VLOOKUP(A18,PPTO!$B$8:$D$94,2,0) -> Excavación mecanica de capa organica Incluye: (Excavacion mecanica, cargue y votada de material sobrante a la escombrera) | C18: UND | D18: D% | E18: CANT | F18: VALOR UNI. | G18: VALOR
B19: MATERIALES
B20: RETROEXCAVADORA | C20: =VLOOKUP(B20,INSUMOS!$B$2:$D$299,2,0) -> HR | E20: 0.2 | F20: =VLOOKUP(B20,INSUMOS!$B$2:$D$299,3,0) -> 160000 | G20: =+ROUND((1+D20)*E20*F20,0) -> 32000
B21: DERECHOS DE EXPLOTACIÓN Y/O DISPOSICIÓN DE MATERIALES | C21: =VLOOKUP(B21,INSUMOS!$B$2:$D$299,2,0) -> M3 | E21: 1 | F21: =VLOOKUP(B21,INSUMOS!$B$2:$D$299,3,0) -> 6187.5 | G21: =+ROUND((1+D21)*E21*F21,0) -> 6188
G22: =+ROUND((1+D22)*E22*F22,0) -> 0
B23: MANO DE OBRA
B24: M. de O. CUADRILLA MOVIMIENTO DE TIERRAS (2 AYUDANTES) | C24: gl | E24: 1 | F24: =+'FACTOR PRESTACIONAL'!L10*2 -> 25098.247 | G24: =+ROUND((1+D24)*E24*F24,0) -> 25098
B25: TRANSPORTE
B26: TRANSPORTE DE ESCOMBROS | C26: gl | E26: 1 | F26: =350000/7 -> 50000 | G26: =+ROUND((1+D26)*E26*F26,0) -> 50000
B27: HERRAMIENTA MENOR
B28: HERRAMIENTA MENOR | C28: % | E28: 0.05 | F28: =G24 -> 25098 | G28: =+ROUND(E28*F28,0) -> 1255
D29: SUBTOTAL | G29: =SUM(G20:G28) -> 114541
D30: ADMINISTRACION | F30: =+F13 -> 0.25 | G30: =+ROUND(G29*F30,0) -> 28635
D31: IMPREVISTOS | F31: =+F14 -> 0 | G31: =+ROUND(G29*F31,0) -> 0
D32: UTILIDADES | F32: =+F15 -> 0.05 | G32: =+ROUND(G29*F32,0) -> 5727
D33: TOTAL | G33: =SUM(G29:G32) -> 148903
A35: =PPTO!B11 -> 1.3 | B35: =VLOOKUP(A35,PPTO!$B$8:$D$94,2,0) -> Instalación de CERRAMIENTO PROVISIONAL en tela verde con una altura de 2,1 m. Incluye suministro, transporte, instalación y desmonte de la tela y estructura en larguero común, excavación manual en cualquier material y todos los demás elementos necesarios para su correcta instalación. | C35: UND | D35: D% | E35: CANT | F35: VALOR UNI. | G35: VALOR
B36: MATERIALES
B37: Larguero madera común 4cmx8cmx2.80m. | C37: =VLOOKUP(B37,INSUMOS!$B$2:$D$299,2,0) -> und | E37: 0.5 | F37: =VLOOKUP(B37,INSUMOS!$B$2:$D$299,3,0) -> 17000 | G37: =+ROUND((1+D37)*E37*F37,0) -> 8500
B38: Rollo tela verde 50m x 2.10m ancho 55gr/m2 | C38: =VLOOKUP(B38,INSUMOS!$B$2:$D$299,2,0) -> und | E38: =1.5/50 -> 0.03 | F38: =VLOOKUP(B38,INSUMOS!$B$2:$D$299,3,0) -> 238000 | G38: =+ROUND((1+D38)*E38*F38,0) -> 7140
B39: CONCRETO 2000 PSI (140 MPA) EN OBRA | C39: =VLOOKUP(B39,INSUMOS!$B$2:$D$299,2,0) -> M3 | E39: =0.2*0.2*0.2 -> 0.008 | F39: =VLOOKUP(B39,INSUMOS!$B$2:$D$299,3,0) -> 391965 | G39: =+ROUND((1+D39)*E39*F39,0) -> 3136
B40: MANO DE OBRA
B41: M. de O. CUADRILLA (2 AYUDANTES) | C41: m2 | E41: 0.08 | F41: =+'FACTOR PRESTACIONAL'!K10*2 -> 200785.98 | G41: =+ROUND((1+D41)*E41*F41,0) -> 16063
B42: TRANSPORTE
B43: TRANSPORTE DE MATERIAL | C43: gl | E43: 1 | F43: 1500 | G43: =+ROUND((1+D43)*E43*F43,0) -> 1500
B44: HERRAMIENTA MENOR
B45: HERRAMIENTA MENOR | C45: % | E45: 0.05 | F45: =G41 -> 16063 | G45: =+ROUND(E45*F45,0) -> 803
D46: SUBTOTAL | G46: =SUM(G37:G45) -> 37142
D47: ADMINISTRACION | F47: =+F30 -> 0.25 | G47: =+ROUND(G46*F47,0) -> 9286
D48: IMPREVISTOS | F48: =AU!$I$48 -> 0 | G48: =+ROUND(G46*F48,0) -> 0
D49: UTILIDADES | F49: =+F32 -> 0.05 | G49: =+ROUND(G46*F49,0) -> 1857
D50: TOTAL | G50: =SUM(G46:G49) -> 48285
A52: =PPTO!B13 -> 2.1 | B52: =VLOOKUP(A52,PPTO!$B$8:$D$94,2,0) -> EXCAVACIÓN de material heterogéneo DE 0-2 m., bajo cualquier grado de humedad. Incluye: roca descompuesta, bolas de roca de volumen inferior a 0.035 m³. Incluye botada | C52: UND | D52: D% | E52: CANT | F52: VALOR UNI. | G52: VALOR
B53: MATERIALES
B59: MANO DE OBRA
B60: cuadrilla excavacion 2 Ay | C60: Jor | E60: =1/3.5 -> 0.28571429 | F60: =+'FACTOR PRESTACIONAL'!K10*2 -> 200785.98 | G60: =+ROUND((1+D60)*E60*F60,0) -> 57367
B61: TRANSPORTE
B62: TRANSPORTE INTERNO (EN EL MISMO LOTE O MÁXIMO A 40M DE DISTANCIA) | C62: m3 | E62: 1 | F62: 13000 | G62: =+ROUND((1+D62)*E62*F62,0) -> 13000
B63: HERRAMIENTA MENOR
B64: HERRAMIENTA MENOR | C64: % | E64: 0.05 | F64: =G60 -> 57367 | G64: =+ROUND(E64*F64,0) -> 2868
D65: SUBTOTAL | G65: =SUM(G54:G64) -> 73235
D66: ADMINISTRACION | F66: =+F47 -> 0.25 | G66: =+ROUND(G65*F66,0) -> 18309
D67: IMPREVISTOS | F67: =+F48 -> 0 | G67: =+ROUND(G65*F67,0) -> 0
D68: UTILIDADES | F68: =+F49 -> 0.05 | G68: =+ROUND(G65*F68,0) -> 3662
D69: TOTAL | G69: =SUM(G65:G68) -> 95206
A71: =PPTO!B14 -> 2.2 | B71: =VLOOKUP(A71,PPTO!$B$8:$D$94,2,0) -> LLENOS CON MATERIAL DE PRESTAMO, compactados mecánicamente hasta obtener una densidad del 98% de la máxima obtenida en el ensayo del Próctor modificado. Incluye el suministro, transporte, colocación de la arenilla, la compactación de la misma y transporte interno. Y su medida será en sitio ya compactado. | C71: UND | D71: D% | E71: CANT | F71: VALOR UNI. | G71: VALOR
B72: MATERIALES
B73: Material de prestamo | C73: =VLOOKUP(B73,INSUMOS!$B$2:$D$299,2,0) -> M3 | E73: 1.3 | F73: =VLOOKUP(B73,INSUMOS!$B$2:$D$299,3,0) -> 58500 | G73: =+ROUND((1+D73)*E73*F73,0) -> 76050
B74: Compactador tipo rana | C74: =VLOOKUP(B74,INSUMOS!$B$2:$D$562,2,0) -> hr | E74: 1 | F74: =VLOOKUP(B74,INSUMOS!$B$2:$D$562,3,0) -> 10000 | G74: =+ROUND((1+D74)*E74*F74,0) -> 10000
G75: =+ROUND((1+D75)*E75*F75,0) -> 0
B76: MANO DE OBRA
B77: M. de O. CUADRILLA 1 oficial + 1 ayudante | C77: Hr | E77: 1 | F77: =+'FACTOR PRESTACIONAL'!L9+'FACTOR PRESTACIONAL'!L10 -> 34050.787 | G77: =+ROUND((1+D77)*E77*F77,0) -> 34051
B78: TRANSPORTE
B79: TRANSPORTE INTERNO (EN EL MISMO LOTE O MÁXIMO A 40M DE DISTANCIA) | C79: m3 | E79: 1 | F79: 13000 | G79: =+ROUND((1+D79)*E79*F79,0) -> 13000
B80: HERRAMIENTA MENOR
B81: HERRAMIENTA MENOR | C81: % | E81: 0.05 | F81: =F77 -> 34050.787 | G81: =+ROUND(E81*F81,0) -> 1703
D82: SUBTOTAL | G82: =SUM(G73:G81) -> 134804
D83: ADMINISTRACION | F83: =+F66 -> 0.25 | G83: =+ROUND(G82*F83,0) -> 33701
D84: IMPREVISTOS | F84: =+F67 -> 0 | G84: =+ROUND(G82*F84,0) -> 0
D85: UTILIDADES | F85: =+F68 -> 0.05 | G85: =+ROUND(G82*F85,0) -> 6740
D86: TOTAL | G86: =SUM(G82:G85) -> 175245
A88: =PPTO!B17 -> 3,1,1 | B88: =VLOOKUP(A88,PPTO!$B$8:$D$94,2,0) -> Suministro, transporte y colocación de concreto de 14 Mpa para SOLADO, con un espesor DE 0.05 m. Incluye el suministro y el transporte del concreto y todos los demás elementos necesarios para su correcta construcción, incluye acarreo interno. | C88: UND | D88: D% | E88: CANT | F88: VALOR UNI. | G88: VALOR
B89: MATERIALES
B90: CONCRETO 2000 PSI (140 MPA) EN OBRA | C90: =VLOOKUP(B90,INSUMOS!$B$2:$D$299,2,0) -> M3 | D90: 0.13 | E90: 0.05 | F90: =VLOOKUP(B90,INSUMOS!$B$2:$D$299,3,0) -> 391965 | G90: =+ROUND((1+D90)*E90*F90,0) -> 22146
G91: =+ROUND((1+D91)*E91*F91,0) -> 0
B92: MANO DE OBRA
B93: M. de O. CUADRILLA ESTRUCTURAS | C93: gl | E93: 1 | F93: =+(16000+22000)/4 -> 9500 | G93: =+ROUND((1+D93)*E93*F93,0) -> 9500
B94: TRANSPORTE
B95: TRANSPORTE DE INSUMOS | C95: gl | E95: 1 | F95: 25000 | G95: =+ROUND((1+D95)*E95*F95,0) -> 25000
B96: HERRAMIENTA MENOR
B97: HERRAMIENTA MENOR | C97: % | E97: 0.05 | F97: =F93 -> 9500 | G97: =+ROUND(E97*F97,0) -> 475
D98: SUBTOTAL | G98: =SUM(G90:G97) -> 57121
D99: ADMINISTRACION | F99: =+F83 -> 0.25 | G99: =+ROUND(G98*F99,0) -> 14280
D100: IMPREVISTOS | F100: =+F84 -> 0 | G100: =+ROUND(G98*F100,0) -> 0
D101: UTILIDADES | F101: =+F85 -> 0.05 | G101: =+ROUND(G98*F101,0) -> 2856
D102: TOTAL | G102: =SUM(G98:G101) -> 74257
A104: =PPTO!B18 -> 3,1,2 | B104: =VLOOKUP(A104,PPTO!$B$8:$D$94,2,0) -> Construcción de LOSA MACIZA en concreto de 21 MPa., con un ESPESOR DE 10 cm. Incluye suministro, transporte y la colocación del concreto, vibrado, protección y curado para estructuras, de acuerdo a las diferentes dimensiones establecidas en los planos y todos los demás elementos necesarios para su correcto vaciado, se incluye acero de refuerzo con doble malla electrosoldada D084 y plastico para evitar el contacto directo de la losa con el terreno | C104: UND | D104: D% | E104: CANT | F104: VALOR UNI. | G104: VALOR
B105: MATERIALES
B106: CONCRETO 3000 PSI (210 MPA) EN OBRA | C106: =VLOOKUP(B106,INSUMOS!$B$2:$D$299,2,0) -> M3 | E106: 0.11 | F106: =VLOOKUP(B106,INSUMOS!$B$2:$D$299,3,0) -> 460985 | G106: =+ROUND((1+D106)*E106*F106,0) -> 50708
B107: Malla electrosoldada D084 6x2.35m | C107: =VLOOKUP(B107,INSUMOS!$B$2:$D$299,2,0) -> und | E107: =0.0855*2 -> 0.171 | F107: =VLOOKUP(B107,INSUMOS!$B$2:$D$299,3,0) -> 130000 | G107: =+ROUND((1+D107)*E107*F107,0) -> 22230 | H107: 5,70 x 2,05 | I107: =5.7*2.05 -> 11.685
B108: Vibrador de concreto a gasolina (alquiler) | C108: =VLOOKUP(B108,INSUMOS!$B$2:$D$299,2,0) -> HR | E108: 0.25 | F108: =VLOOKUP(B108,INSUMOS!$B$2:$D$299,3,0) -> 20625 | G108: =+ROUND((1+D108)*E108*F108,0) -> 5156 | I108: =1/I107 -> 0.085579803 | J108: und
B109: Alambre Recocido C17 | C109: kg | E109: 0.2 | F109: =VLOOKUP(B109,INSUMOS!$B$2:$D$299,3,0) -> 8600 | G109: =+ROUND((1+D109)*E109*F109,0) -> 1720 | I109: =+I108*2 -> 0.17115961 | J109: 2und
B110: FORMALETA PARA MUROS, ALETAS, DISIPADORES Y ESTRIBOS | C110: =VLOOKUP(B110,INSUMOS!$B$2:$D$299,2,0) -> M2 | E110: 0.25 | F110: =VLOOKUP(B110,INSUMOS!$B$2:$D$299,3,0) -> 75625 | G110: =+ROUND((1+D110)*E110*F110,0) -> 18906
B111: PLASTICO NEGRO CALIBRE 3,5 | C111: m2 | E111: 1 | F111: =VLOOKUP(B111,INSUMOS!$B$2:$D$299,3,0) -> 8500 | G111: =+ROUND((1+D111)*E111*F111,0) -> 8500
...

Sheet Hoja1

Sheet INSUMOS
A1: CODIGO | B1: MATERIALES | C1: UNIDAD | D1: PRECIO PROMEDIO
B2: CONCRETO 2000 PSI (140 MPA) EN OBRA | C2: M3 | D2: =+'M-C'!E102 -> 391965
B3: CONCRETO 2500 PSI (175 MPA) EN OBRA | C3: M3 | D3: =+'M-C'!E103 -> 420962.5
B4: CONCRETO 3000 PSI (210 MPA) EN OBRA | C4: M3 | D4: =+'M-C'!E104 -> 460985
B5: CONCRETO 3500 PSI (245 MPA) EN OBRA | C5: M3 | D5: =+'M-C'!E105 -> 505412.5
B6: CONCRETO 4000 PSI (280 MPA) EN OBRA | C6: M3 | D6: =+'M-C'!E106 -> 539631.25
B7: MORTERO 1:2 EN OBRA | C7: M3 | D7: =+'M-C'!E107 -> 657590
B8: MORTERO 1:3 EN OBRA | C8: M3 | D8: =+'M-C'!E108 -> 523982.5
B9: MORTERO 1:4 EN OBRA | C9: M3 | D9: =+'M-C'!E109 -> 401525
B10: MORTERO 1:5 EN OBRA | C10: M3 | D10: =+'M-C'!E110 -> 353787.5
B11: FORMALETA PARA MUROS, ALETAS, DISIPADORES Y ESTRIBOS | C11: M2 | D11: 75625
B12: Larguero madera común 4cmx8cmx2.80m. | C12: und | D12: 17000
B13: Rollo tela verde 50m x 2.10m ancho 55gr/m2 | C13: und | D13: 238000
B14: RETROEXCAVADORA | C14: HR | D14: 160000
B15: EQUIPO ESTACIÓN TOTAL | C15: DIA | D15: 108625
B16: DERECHOS DE EXPLOTACIÓN Y/O DISPOSICIÓN DE MATERIALES | C16: M3 | D16: 6187.5
B17: arenilla | C17: m3 | D17: 35282.5
B18: base granular | C18: M3 | D18: 143687.5
B19: grava TIPO FILTRO 2 " | C19: un | D19: 143687.5
B20: TRITURADO 3/4" | C20: M3 | D20: 116875
B21: TRITURADO 1" | C21: M3 | D21: 194906.25
B22: Arena de pega | C22: M3 | D22: 180468.75
... B43: DISOLVENTE PARA PINTURAS A BASE DE ACEITE | C43: GLN | D43: 103125
B44: TEJA TERMOACUSTICA ECOROOF 2.5mm | C44: M2 | D44: =275000/(1.07*5.9) -> 43560.906
B45: Pintulux 1 Galón Blanco 3en1 Metal y Maderas | C45: Gln | D45: 155000
B46: Alambre Recocido C17 | C46: KG | D46: 8600
B47: Teja Termoacustica Ecoroof UPVC 2.5mm Blanco 1.07 x 5.90 Mts | C47: m2 | D47: =+D44 -> 43560.906
B48: Set de Fijación Teja Maxter Azul x 10 Pares Mathiesen | C48: und | D48: 23237.5
B49: Sección completa de andamio (1.2m-1.5m) x 1.5 m. (+ 4 ruedas) Incluye transporte. | C49: DIA | D49: 3025
B50: Meson en quartzon | C50: ml | D50: 400000
B51: Ladrillo 10x15x30 | C51: un | D51: =4854*1.19 -> 5776.26
B52: pintura tipo 1 | C52: gal | D52: 78000
B53: estuco | C53: gal | D53: 25000
B54: Pegacor | C54: kg | D54: 1000
B55: Concretadora | C55: día | D55: 120000
B56: COMPRESOR | C56: DIA | D56: 108625
B57: SET DE ACCESORIOS PARA TEJAS | C57: UND | D57: 23375
B58: PLACA DRYWALL DE MEDIA PULGADA | C58: und | D58: 55000
B59: Estructura tipo perfileria | C59: un | D59: 11687.5
B60: Tornilleria | C60: un | D60: 121
B61: cinta malla | C61: m | D61: =(18000/90) -> 200
B62: macilla | C62: kg | D62: 4125
B63: Tuberia Emt de 1/2" | C63: m | D63: 17000
B64: Tuberia Emt de 3/4" | C64: m | D64: 29000
B65: Alambre Nº10 AWG - THWN | C65: m | D65: 6300
B66: Conductor De cable desnudo No 6 | C66: m | D66: 10725
B67: Tablero para 4 circuitos | C67: un | D67: 53000
B68: Suiche SENCILLO o interruptor | C68: un | D68: 7900
B69: Panel led redondo 120V 12W | C69: un | D69: 14500
B70: Panel led redondo 120V 16W | C70: un | D70: 19500
B71: Tubería PVC de 1/2", | C71: m | D71: =17000/6 -> 2833.3333
B72: Alambre Nro 12 THHN | C72: m | D72: 3200
B73: CAJA 2X4 PVC | C73: un | D73: 2000
B74: Toma corriente, 120V doble con polo a tierra,15A | C74: un | D74: 18900
B75: Valvulas de salida 2" | C75: und | D75: 211750
B76: TOMA CORRIENTE REGULADO DOBLE CON POLO A TIERRA 120V - 20A | C76: un | D76: 24900
B77: Terminales PVC 1/2" | C77: un | D77: 500
B78: Toma doble GFCI blanca arquea | C78: un | D78: 44900
B79: Placa Tipo Intemperie Blanca | C79: un | D79: 5000
B80: Toma corriente 3X30A | C80: un | D80: 37125
B81: LUMINARIA LED LINEAL COMERCIAL 120V 27W | C81: un | D81: 95000
B82: Kit Bombilla Led Gu10 350 Lúmenes 5W Equalizable 50W Luz Blanca | C82: un | D82: 34375
B83: Reflector LED Ip65 100W 6500K | C83: un | D83: 58000
B84: Grapas y accesorios para tubería | C84: un | D84: 687.5
B85: Tubería PVC de 1" | C85: ml | D85: =31000/6 -> 5166.6667
B86: Rack metálico 19” (12U–18U) | C86: un | D86: 1450000
B87: Bandeja metálica fija o deslizable | C87: un | D87: 51850
B88: Regleta eléctrica 110V (rack) | C88: un | D88: 573000
B89: Sistema de ventilación para rack | C89: un | D89: 52000
B90: Kit de tornillería y anclaje (rack) | C90: gl | D90: 85000
B91: Barra / conductor de puesta a tierra | C91: gl | D91: 90250
B92: Cable UTP Cat 6 | C92: ml | D92: =784000/305 -> 2570.4918
B93: Jack RJ45 Cat 6 | C93: un | D93: 18900
B94: Faceplate + caja superficial / embebida | C94: un | D94: 19900
B95: Patch cord Cat 6 (usuario) | C95: un | D95: 25900
B96: Conector RJ45 / patch panel (prorrateado) | C96: un | D96: 850
B97: Tablero Trifásico 24 Circuitos con espacio para totalizador | C97: un | D97: 1050000
B98: Taco 2 polos 60 amperios LX enchufe DSE | C98: un | D98: 118112.5
B99: Alambre Nro 10 THHN | C99: m | D99: 4812.5
B100: Taco 2 polos 30 amperios LX enchufe DSE | C100: un | D100: 98862.5
B101: Breaker Enchufable Monopolar 1 X 20 Amp | C101: un | D101: 23000
B102: Breaker Legrand Enchufable 2X20A | C102: un | D102: 40000
B103: Varilla De Cobre Con Conector Puesta A Tierra 2.4Mx14.28 Mm | C103: un | D103: 45000
B104: Conductor Cobre Desnudo Duro 35 mm2 7H | C104: ml | D104: 24462.9
... B127: Rejilla cuadrada 2" | C127: und | D127: 54862.5
B128: Tuberia sanitaria NOVATEC 6" | C128: ML | D128: =210000/6 -> 35000
B129: uniones 6" | C129: UND | D129: 15000
B130: Ye sanitaria 6" | C130: und | D130: 78000
B131: Tuberia sanitaria NOVATEC 4" | C131: ML | D131: =110000/6 -> 18333.333
B132: uniones 4" | C132: UND | D132: 3800
B133: Ye sanitaria 4" | C133: und | D133: 15000
B134: Tuberia sanitaria NOVATEC 3" | C134: ML | D134: 70000
B135: uniones 3" | C135: UND | D135: 2500
B136: Ye sanitaria 3" | C136: und | D136: 9000
B137: medidor de agua | C137: glb | D137: 375375
B138: rejilla para lavaplatos 4 pulgadas | C138: und | D138: 150000
B139: Combo Lavaplatos 60*40cm+grif.extraible Cromo+accesorios | C139: un | D139: 1190000
B140: Canoa Galvanizada Cal.22 desarrollo 0.4 m. | C140: m | D140: 60000
B141: EMBUDOS EN LAMINA GALVANIZADA Cal .26 | C141: un | D141: 40000
B142: Sellador Sikaflex para Juntas | C142: un | D142: 58900
...

Sheet FACTOR PRESTACIONAL
B3: GOBERNACIÓN DE ANTIOQUIA | G3: CARGO | H3: SALARIO | I3: FM | J3: SALARIO CON FM INCLUIDO | K3: JORNAL | L3: V/HORA
B4: MUNICIPIO DE SAN ROQUE | G4: Director de obra/Interventoría | H4: 5500000 | I4: =+IF(H4>$H$22,$E$32,$E$33) -> 1.5778667 | J4: =+H4*I4 -> 8678266.7 | K4: =+J4/30 -> 289275.56 | L4: =+K4/8 -> 36159.444
B5: FACTOR MULTIPLICADOR | G5: Ingeniero residente | H5: 3800000 | I5: =+IF(H5>$H$22,$E$32,$E$33) -> 1.5778667 | J5: =+H5*I5 -> 5995893.3 | K5: =+J5/30 -> 199863.11 | L5: =+K5/8 -> 24982.889
B6: 1 | C6: Sueldo Básico | E6: 1 | G6: Auxiliar ambiental | H6: 2800000 | I6: =+IF(H6>$H$22,$E$32,$E$33) -> 1.7201331 | J6: =+H6*I6 -> 4816372.7 | K6: =+J6/30 -> 160545.76 | L6: =+K6/8 -> 20068.219
C7: Subtotal 1 | E7: 1 | G7: Tecnologo SST | H7: 2800000 | I7: =+IF(H7>$H$22,$E$32,$E$33) -> 1.7201331 | J7: =+H7*I7 -> 4816372.7 | K7: =+J7/30 -> 160545.76 | L7: =+K7/8 -> 20068.219
G8: Almacenista de obra | H8: 2400000 | I8: =+IF(H8>$H$22,$E$32,$E$33) -> 1.7201331 | J8: =+H8*I8 -> 4128319.4 | K8: =+J8/30 -> 137610.65 | L8: =+K8/8 -> 17201.331
B9: 2 | C9: Prestaciones Sociales, aporte a Seguridad social, Aportes parafiscales y descanso remunerado | G9: Oficial | H9: 3000000 | I9: =+IF(H9>$H$22,$E$32,$E$33) -> 1.7201331 | J9: =+H9*I9 -> 5160399.3 | K9: =+J9/30 -> 172013.31 | L9: =+K9/8 -> 21501.664
B10: 2.1 | C10: Prestaciones sociales | G10: Ayudante | H10: =+H21 -> 1750905 | I10: =+IF(H10>$H$22,$E$32,$E$33) -> 1.7201331 | J10: =+H10*I10 -> 3011789.6 | K10: =+J10/30 -> 100392.99 | L10: =+K10/8 -> 12549.123
C11: Prima anual | E11: 0.0833 | G11: Ayudante Entendido | H11: 2400000 | I11: =+IF(H11>$H$22,$E$32,$E$33) -> 1.7201331 | J11: =+H11*I11 -> 4128319.4 | K11: =+J11/30 -> 137610.65 | L11: =+K11/8 -> 17201.331
C12: Cesantía anual | E12: 0.0833 | G12: Topografo | H12: 3500000 | I12: =+IF(H12>$H$22,$E$32,$E$33) -> 1.7201331 | J12: =+H12*I12 -> 6020465.8 | K12: =+J12/30 -> 200682.19 | L12: =+K12/8 -> 25085.274
C13: Interés a las cesantías | E13: 0.01 | G13: Cadenero 1 | H13: =+H21*1.5 -> 2626357.5 | I13: =+IF(H13>$H$22,$E$32,$E$33) -> 1.7201331 | J13: =+H13*I13 -> 4517684.5 | K13: =+J13/30 -> 150589.48 | L13: =+K13/8 -> 18823.685
B14: 2.2 | C14: Aportes a la Seguridad social | G14: Cadenero 2 | H14: =+H21 -> 1750905 | I14: =+IF(H14>$H$22,$E$32,$E$33) -> 1.7201331 | J14: =+H14*I14 -> 3011789.6 | K14: =+J14/30 -> 100392.99 | L14: =+K14/8 -> 12549.123
C15: Salud (EPS) | E15: 0.085
C16: Pensiones (AFP) | E16: 0.12
C17: Riesgos (ARL) 6,96 % (obra civil) | E17: 0.0696
B18: 2.3 | C18: Aportes parafiscales
C19: Servicio Nacional de Aprendizaje (SENA) | E19: 0
C20: Instituto Colombiano de Bienestar Familiar (ICBF) | E20: 0 | G20: ANÁLISIS MANO DE OBRA
C21: Cajas de compensación familiar | E21: 0.04 | G21: 1SMMLV 2026 | H21: 1750905
B22: 2.4 | C22: Descanso remunerado (vacaciones) | G22: 2SMMLV 2026 | H22: =+H21*2 -> 3501810
C23: Vacaciones anuales | E23: =+(0.0416666666666667)*100% -> 0.041666667 | G23: Subsidio de Transporte (salario <= 2 SMMLV) | H23: 249095 | I23: (Incluido en FM)
B24: 2.5 | C24: Otros
C25: Dotación EPP | E25: 0.025
C26: Exámenes de ingreso y egreso | E26: 0.02
C27: Subtotal 2 | E27: =SUM(E11:E26) -> 0.57786667
B28: 2.6 | C28: Auxilio de transporte
C29: Auxilio de transporte (Sueldo inferior o igual a 2SMMLV) | E29: =(249095/1750905)*100% -> 0.14226643
C30: Subtotal 3 | E30: =+E27+E29 -> 0.72013309
C32: Factor Multiplicador ajustado a dos cifras decimales (para personal que gana Menos o hasta 2SMMLV) | E32: =+E7+E27 -> 1.5778667
C33: Factor Multiplicador ajustado a dos cifras decimales (para personal que gana más de 2SMMLV) | E33: =+E30+E7 -> 1.7201331
C40: ________________________________________________________
B41: Nombre | C41: Carlos Holguín
B42: Cargo | C42: Secretario de planeación.
B43: Correo Electrónico | C43: planeacionsanrque@antioquia.gov.cocom
B44: Teléfono Celular | C44: 3147222958

Sheet PMA
A1: PLAN DE MANEJO AMBIENTAL Y SOCIAL
A2: ITEM | B2: DESCRIPCION | C2: UNIDAD | D2: CANTIDAD | E2: PRECIO UNITARIO | F2: VALOR
A3: 1.1 | B3: Desarrollo y aplicación del sistema de gestion ambiental
A4: 1.1.1 | B4: Capacitacion al personal de la obra (incluye fotocopias y material de explicación) | C4: un | D4: 18 | E4: 30000 | F4: =+E4*D4 -> 540000
A6: 1.2 | B6: Actividades Constructivas | F6: =+E6*D6 -> 0
A7: 1.2.1 | B7: Señalizacion frentes de obra y sitios temporales | C7: un | D7: 3 | E7: 60000 | F7: =+E7*D7 -> 180000
A8: 1.2.2 | B8: Pendondes de identificacion | C8: un | D8: 5 | E8: 350000 | F8: =+E8*D8 -> 1750000
A9: 1.2.6 | B9: Marcación de identificacion zona de residuos | C9: un | D9: 2 | E9: 250000 | F9: =+E9*D9 -> 500000
A10: 1.2.7 | B10: Señalizacion preventiva interna. | C10: paquetes | D10: 3 | E10: 350000 | F10: =+E10*D10 -> 1050000
A11: 1.2.8 | B11: Punto de encuentro | C11: un | D11: 3 | E11: 60000 | F11: =+E11*D11 -> 180000
A12: 1.2.10 | B12: Salida de emergencia | C12: un | D12: 3 | E12: 35000 | F12: =+E12*D12 -> 105000
A13: 1.2.12 | B13: Carpas para cubrir centros de acopio de escombros | C13: un | D13: 3 | E13: 150000 | F13: =+E13*D13 -> 450000
A14: 1.3 | B14: Programa de gestion hidrica | F14: =+E14*D14 -> 0
A15: 1.3.1 | B15: Manejo de residuos (incluye 3 canecas de 40L para manejo de basura, bolsas de diferentes colores con señalización pertinente) | C15: und | D15: 1 | E15: 500000 | F15: =+E15*D15 -> 500000
A16: 1.3.2 | B16: Alquiler de baño portatil | C16: mes | D16: 7 | E16: 650000 | F16: =+E16*D16 -> 4550000
A17: 1.4 | B17: Programa Manejo de Instalaciones Temporales, de Maquinaria y Equipos | F17: =+E17*D17 -> 0
A18: 1.4.1 | B18: Señalización de Manejo de maquinaria, equipos y vehículos | C18: un | D18: 1 | E18: 100000 | F18: =+E18*D18 -> 100000
A19: 1.4.2 | B19: Kit emergencia (Botiquin, Extintor y Camilla) | C19: un | D19: 2 | E19: 350000 | F19: =+E19*D19 -> 700000
A20: 1.5 | B20: Programas de Gestión Social | F20: =+E20*D20 -> 0
A21: 1.5.1 | B21: Talleres para cuidado y sostenibilidad Ambiental in Situ. | C21: un | D21: 2 | E21: 150000 | F21: =+E21*D21 -> 300000
A22: 1.5.2 | B22: Proyecto de Información y Divulgación de inicio y fin de obra | C22: un | D22: 2 | E22: 200000 | F22: =+E22*D22 -> 400000
A23: 1.5.3 | B23: Plegables para Pedagogia Ambiental durante toda la duración del proyecto | C23: un | D23: 300 | E23: 2000 | F23: =+E23*D23 -> 600000
A24: TOTAL PLAN DE MANEJO AMBIENTAL | F24: =SUM(F4:F23) -> 11905000
C34: Nombre | D34: Carlos Holguín
C35: Cargo | D35: Secretario de planeación.
C36: Correo Electrónico | D36: planeacionsanrque@antioquia.gov.cocom
C37: Teléfono Celular | D37: 3147222958

Sheet INT
B2: DEPARTAMENTO DE ANTIOQUIA
B3: MUNICIPIO DE SAN ROQUE
B4: INTERVENTORÍA TÉCNICA, JURÍDICA Y FINANCIERA PARA LA CONSTRUCCIÓN CENTRO DÍA GERONTOLÓGICO CORREGIMIENTO SAN JOSÉ DEL NUS DEL MUNICIPIO DE SAN ROQUE ANTIOQUIA
B7: CANT | C7: CARGO/OFICIO | D7: Unidad | E7: Cant | F7: Dedicación | G7: Valor (Incluye Factor prestacional) | H7: Subtotal
B8: 1 | C8: Personal de interventoría
B9: 1.1 | C9: Director de Interventoría | D9: Mes | E9: 6 | F9: 0.2 | G9: =+'FACTOR PRESTACIONAL'!J4 -> 8678266.7 | H9: =+G9*F9*E9 -> 10413920
B10: 1.2 | C10: Ingeniero Residente de Interventoría | D10: Mes | E10: 6 | F10: 1 | G10: =+'FACTOR PRESTACIONAL'!J5 -> 5995893.3 | H10: =+G10*F10*E10 -> 35975360
B11: 1.3 | C11: Auxiliar Ambiental | D11: Mes | E11: 6 | F11: 0.1 | G11: =+'FACTOR PRESTACIONAL'!J6 -> 4816372.7 | H11: =+G11*F11*E11 -> 2889823.6
B12: 1.4 | C12: Tecnologo SST | D12: Mes | E12: 6 | F12: 0.6 | G12: =+'FACTOR PRESTACIONAL'!J7 -> 4816372.7 | H12: =+G12*F12*E12 -> 17338942
G14: Aplicación factor multiplicador
G15: Subtotal costos del personal | H15: =+SUM(H9:H12) -> 66618045
G16: Factor Multiplicador | H16: 0.3391 | J16: =+'FM INT'!H25 -> 0.30372127
G17: Valor total costos personal | H17: =+H15*(100%+H16) -> 89208224
B19: 2 | C19: Otros
B20: 2.1 | C20: Ensayos de laboratorio, según la necesidad | D20: mes-unidad | E20: 6 | F20: 15 | G20: 40000 | H20: =+G20*F20*E20 -> 3600000
B21: 2.2 | C21: Mano de obra Comisión de topografía, incluye equipos | D21: mes-unidad | E21: 1 | F21: 3 | G21: =+'FACTOR PRESTACIONAL'!K12+'FACTOR PRESTACIONAL'!K13+'FACTOR PRESTACIONAL'!K14 -> 451664.66 | H21: =+G21*F21*E21 -> 1354994
E24: TOTAL INTERVENTORÍA | G24: =+H24/AU!I8 -> 0.078252516 | H24: =SUM(H17:H23) -> 94163218
E25: IVA | G25: 0.19 | H25: =+H24*G25 -> 17891011
E26: Polizas | G26: =+H26/H27 -> 0.010087184 | H26: =+'PÓLIZAS INT'!I37 -> 1141829.5
E27: TOTAL INTERVENTORÍA CON IVA | G27: =+H27/AU!I8 -> 0.09406939 | H27: =+H25+H24+H26 -> 1.1319606e+08
B30: ______________________________________________
B31: Nombre | C31: Carlos Holguín
B32: Cargo | C32: Secretario de planeación.
B33: Correo Electrónico | C33: planeacionsanrque@antioquia.gov.cocom
B34: Teléfono Celular | C34: 3147222958

Sheet FM INT
B3: =+PPTO!C2 -> CONSTRUCCIÓN CENTRO DÍA GERONTOLÓGICO CORREGIMIENTO SAN JOSÉ DEL NUS DEL MUNICIPIO DE SAN ROQUE ANTIOQUIA
B4: =PPTO!C3 -> MUNICIPIO DE SAN ROQUE - ANTIOQUIA, CORREGIMIENTO DE SAN JOSÉ DEL NÚS.
A8: INTERVENTORÍA TÉCNICA, JURÍDICA Y FINANCIERA PARA LA CONSTRUCCIÓN CENTRO DÍA GERONTOLÓGICO CORREGIMIENTO SAN JOSÉ DEL NUS DEL MUNICIPIO DE SAN ROQUE ANTIOQUIA
A11: VALOR PERSONAL DE INTERVENTORÍA | C11: =+SUM(INT!H9:H12) -> 66618045 | F11: VALOR INTERVENTORÍA ANTES DE IVA | H11: =+INT!H24 -> 94163218
A12: Estampillas municipios
A13: Tasa Pro-Deporte y Recreación – Departamento de Antioquia | C13: % | D13: 0.025 | H13: =+E13/$C$11 -> 0
A14: Estampilla adulto mayor | C14: % | D14: 0.04 | E14: =+$H$11*D14 -> 3766528.7 | H14: =+E14/$C$11 -> 0.056539166
A15: Estampilla Pro Cultura | C15: % | D15: 0.015 | E15: =+$H$11*D15 -> 1412448.3 | H15: =+E15/$C$11 -> 0.021202187
A16: Estampilla Pro Hospital | C16: % | D16: 0.01 | E16: =+$H$11*D16 -> 941632.18 | H16: =+E16/$C$11 -> 0.014134792
A17: Pro justicia familiar | C17: =+C16 -> % | D17: 0.02 | E17: =+$H$11*D17 -> 1883264.4 | H17: =+E17/$C$11 -> 0.028269583
A18: Costos indirectos
A19: Costos oficina (construcción oficina, con seguridad, incluye dotación como escritorio, mesa y sillas, también incluye 2 equipos de computo para uso de residente y SST) | C19: % | E19: 3500000 | H19: =+E19/$C$11 -> 0.052538317
A20: Papeleria general: Fotocopias, edición informes, registros fotográficos entre otros | C20: % | E20: 400000 | H20: =+E20/$C$11 -> 0.0060043791
A21: Muebles y equipos de oficina, programas y sistematización | C21: % | E21: =150000*6 -> 900000 | H21: =+E21/$C$11 -> 0.013509853
A22: Asesoría medica, contable, tributaria (revisor fiscal) | C22: % | E22: =350000*6 -> 2100000 | H22: =+E22/$C$11 -> 0.03152299
A23: HONORARIOS
A24: HONORARIOS | C24: % | E24: 8%-12% | H24: 0.08
A25: FACTOR MULTIPLICADOR | H25: =SUM(H13:H24) -> 0.30372127

Sheet PÓLIZAS INT
A1: COTIZACIÓN PÓLIZA DE SEGURO DE CUMPLIMIENTO A FAVOR DE | AA1: TIPO DE PÓLIZA
C2: ENTIDADES ESTATALES | AA2: ENTIDADES ESTATALES
AA3: PARTICULARES
A5: Convenio/Contrato:
A6: Tomador/Afianzado: | B6: GOBERNACION DE ANTIOQUIA
A7: C.C./NIT: | B7: 900348805
A8: Asegurado/Beneficiario: | B8: MUNICIPIO DE SAN ROQUE
A9: C.C./NIT: | B9: 890884595-7
A11: Plazo: 6meses
A13: Objeto del Contrato:
A14: INTERVENTORIA - CONSTRUCCIÓN CENTRO DÍA GERONTOLÓGICO CORREGIMIENTO SAN JOSÉ DEL NUS DEL MUNICIPIO DE SAN ROQUE ANTIOQUIA
A15: {=A15:I37} -> #VALUE!
A16: Valor del Contrato | B16: Desde | C16: Hasta | D16: Dias | E16: Meses
A17: =+INT!H27 -> 1.1319606e+08 | B17: 46249 | C17: 46433 | D17: =C17-B17 -> 184 | E17: =D17/30 -> 6.1333333
A19: Garantía | B19: Porcentaje | C19: Vr. Asegurado | D19: Desde | E19: Hasta | F19: Días | G19: Tasa | H19: Prorrata | I19: Prima
A20: Seriedad | B20: 0.1 | C20: =+$A$17*B20 -> 11319606 | D20: =B17 -> 46249 | E20: =C17 -> 46433 | F20: =+E20-D20 -> 184 | G20: 0.002 | H20: =+(C20*G20)*F20/365 -> 11412.644 | AH20: =I20*19% -> 0
A21: Cumplimiento | B21: 0.2 | C21: =+$A$17*B21 -> 22639212 | D21: =B17 -> 46249 | E21: 46614 | F21: =+E21-D21 -> 365 | G21: 0.0022 | H21: =+(C21*G21)*F21/365 -> 49806.266 | I21: =IF(H21=0,0,IF(H21<30000,30000,H21)) -> 49806.266 | AH21: =I20+AH20 -> 0
A22: Buen manejo del anticipo | B22: 0.4 | C22: =A17*B22 -> 45278424 | D22: =B17 -> 46249 | E22: 46614 | F22: =+E22-D22 -> 365 | G22: 0.0022 | H22: =+(C22*G22)*F22/365 -> 99612.532 | I22: =IF(H22=0,0,IF(H22<30000,30000,H22)) -> 99612.532
A23: Pago de Salarios | B23: 0.1 | C23: =+$A$17*B23 -> 11319606 | D23: =B17 -> 46249 | E23: 47529 | F23: =+E23-D23 -> 1280 | G23: 0.0021 | H23: =+(C23*G23)*F23/365 -> 83361.92 | I23: =IF(H23=0,0,IF(H23<30000,30000,H23)) -> 83361.92
A24: Calidad del Servicio | B24: 0.2 | C24: =+$A$17*B24 -> 22639212 | D24: =B17 -> 46249 | E24: 48259 | F24: =+E24-D24 -> 2010 | G24: 0.002102 | H24: =+(C24*G24)*F24/365 -> 262057.87 | I24: =IF(H24=0,0,IF(H24<30000,30000,H24)) -> 262057.87
A25: Calidad del Servicio | C25: =+$A$17*B25 -> 0 | D25: =B17 -> 46249 | E25: 46381 | F25: =+E25-D25 -> 132 | G25: 0.003 | H25: =+(C25*G25)*F25/365 -> 0 | I25: =IF(H25=0,0,IF(H25<30000,30000,H25)) -> 0
G26: Subtotal | I26: =IF(SUM(I20:I25)<=60000,60000,SUM(I20:I25)) -> 494838.59
C27: =SUM(C20:C25) -> 1.1319606e+08 | G27: Gastos Expedición | I27: 11000
A28: IVA | G28: IVA | I28: =(I26+I27)*19% -> 96109.332
G29: Total | I29: =+I26+I27+I28 -> 601947.92
A31: Garantía | B31: Porcentaje | C31: Vr. Asegurado | D31: Desde | E31: Hasta | F31: Días | G31: 1 | H31: Prorrata | I31: Prima
A32: R.C.E. | C32: 350181000 | D32: =B17 -> 46249 | E32: =C17 -> 46433 | F32: =+E32-D32 -> 184 | G32: 0.0025 | H32: =+(C32*G32)*F32/365 -> 441324 | I32: =IF(H32=0,0,IF(H32<50000,50000,H32)) -> 441324
G33: Subtotal | I33: =+I32 -> 441324
A34: DEDUCIBLE: | B34: =IF(C32<=10000000,"10% mínimo 1 SMMLV",IF(AND(C32>10000000,C32<=30000000),"10% mínimo 2 SMMLV",IF(AND(C32>30000000,C32<=50000000),"10% mínimo 3 SMMLV","15% mínimo 3 SMMLV"))) -> 15% mínimo 3 SMMLV | G34: GASTOS | I34: 12358
G35: IVA | I35: =(I33+I34)*19% -> 86199.58
G36: Total | I36: =+I33+I35+I34 -> 539881.58
I37: =I29+I36 -> 1141829.5
A39: REQUISITOS:
A40: Persona Jurídica | D40: Persona Natural
A41: 1. Diligenciamiento y firma correcta de las contragarantías. | D41: 1. Diligenciamiento y firma correcta de las contragarantías.
A42: 2. Estados Financieros de los últimos dos años, Balance y P&G. | D42: 2. Declaración de Renta.
A43: 3. Certificado de Constitución y Gerencia vigente. | D43: 3. Certificado de Libertad y Tradición de los bienes inmuebles, no superior a 30 días.
A44: 4. Declaración de Renta (cuando el objeto del contrato es un suministro de bienes no elaborados por el contratista).
D45: 4. Solicitud de Seguro de Cumplimiento y Circular Básica Reglamentaria.
A46: 5. Certificado de Libertad y Tradición de los bienes inmuebles, no superior a 30 días. | D46: 5. Fotocopia de la cédula de ciudadanía.
D47: 6. Fotocopia del contrato completo.
A48: 7. Solicitud de Seguro de Cumplimiento y Circular Básica Reglamentaria. | D48: 7. Récord de obras u hoja de vida.
A49: 8. Fotocopia de la cédula de ciudadanía del representante legal.
A50: 9. Fotocopia del contrato completo.
A51: 10. Récord de obras.
A52: En caso de que el afianzado no cumpla con la solvencia requerida, es necesario se adjunte un codeudor con los mismo requisitos.
A54: La presente cotización no implica aceptación de cobertura por parte de Aseguradora Solidaria de Colombia. Para la aceptación de cobertura se requiere del cumplimiento de los anteriores requisitos de asegurabilidad por parte del contratista y confirmación de cobertura por parte de la compañía aseguradora.
A58: Esta propuesta posee una validez de 30 días.
AA97: SERIEDAD | AB97: CUMPLIMIENTO | AC97: ANTICIPO | AD97: PRESTACIONES | AE97: ESTABILIDAD | AF97: CALIDAD | AG97: R.C.E.
AA98: 0.001 | AB98: 0.002 | AC98: 0.002 | AD98: 0.006 | AE98: 0.002 | AF98: 0.002 | AG98: 0.002
AA99: 0.0015 | AB99: 0.0025 | AC99: 0.0025 | AD99: 0.0065 | AE99: 0.0025 | AF99: 0.0025 | AG99: 0.0025
AB100: 0.003 | AC100: 0.003 | AD100: 0.007 | AE100: 0.003 | AF100: 0.003 | AG100: 0.003
AB101: 0.0035 | AC101: 0.0035 | AD101: 0.0075 | AE101: 0.0035 | AF101: 0.0035 | AG101: 0.0035
AB102: 0.004 | AC102: 0.004 | AD102: 0.008 | AE102: 0.004 | AF102: 0.004 | AG102: 0.004
AB103: 0.0045 | AC103: 0.0045 | AD103: 0.0085 | AE103: 0.0045 | AG103: 0.0045
AB104: 0.005 | AC104: 0.005 | AD104: 0.009 | AE104: 0.005 | AG104: 0.005
AC105: 0.0055 | AD105: 0.0095 | AG105: 0.0055
AC106: 0.006 | AD106: 0.01 | AG106: 0.006
AD107: 0.0105 | AG107: 0.0065
AD108: 0.011 | AG108: 0.007
AD109: 0.0115 | AG109: 0.0075
AD110: 0.012 | AG110: 0.008
AD111: 0.0125 | AG111: 0.0085
AD112: 0.013 | AG112: 0.009
AD113: 0.0135 | AG113: 0.0095
AD114: 0.014 | AG114: 0.01
AD115: 0.0145
AD116: 0.015

Sheet Cronograma
A2: PROGRAMACIÓN
A3: =+PPTO!C2 -> CONSTRUCCIÓN CENTRO DÍA GERONTOLÓGICO CORREGIMIENTO SAN JOSÉ DEL NUS DEL MUNICIPIO DE SAN ROQUE ANTIOQUIA
A7: ACTIVIDADES | G7: MES1 | H7: MES2 | I7: MES3 | J7: MES4 | K7: MES5 | L7: MES6 | M7: MES7 | N7: MES8 | O7: MES9 | P7: MES 10
A8: PRE CONTRACTUAL
A9: 0 | B9: PROCESO DE SELECCIÓN CONTRATISTA E INTERVENTORÍA
B10: PRELIMINARES
A11: =+PPTO!B9 -> 1.1 | B11: =+PPTO!C9 -> Localizacion, trazado y Replanteo, se incluye suministro de cuadrilla topografíca para rectificación de cartera, verificación de alineamientos, desarrollo de planos. | C11: =+PPTO!D9 -> DIA | D11: =+PPTO!E9 -> 3 | E11: =+PPTO!F9 -> 583075 | F11: =+PPTO!G9 -> 1749225 | I11: =+F11 -> 1749225
A12: =+PPTO!B10 -> 1.2 | B12: =+PPTO!C10 -> Excavación mecanica de capa organica Incluye: (Excavacion mecanica, cargue y votada de material sobrante a la escombrera) | C12: =+PPTO!D10 -> M3 | D12: =+PPTO!E10 -> 67.07 | E12: =+PPTO!F10 -> 114541 | F12: =+PPTO!G10 -> 7682264.9 | I12: =+F12 -> 7682264.9
A13: =+PPTO!B11 -> 1.3 | B13: =+PPTO!C11 -> Instalación de CERRAMIENTO PROVISIONAL en tela verde con una altura de 2,1 m. Incluye suministro, transporte, instalación y desmonte de la tela y estructura en larguero común, excavación manual en cualquier material y todos los demás elementos necesarios para su correcta instalación. | C13: =+PPTO!D11 -> ML | D13: =+PPTO!E11 -> 168.07 | E13: =+PPTO!F11 -> 37142 | F13: =+PPTO!G11 -> 6242455.9 | I13: =+F13 -> 6242455.9
A14: =+PPTO!B12 -> 2 | B14: =+PPTO!C12 -> EXCAVACIONES Y LLENOS | C14: =+PPTO!D12 -> 0 | D14: =+PPTO!E12 -> 0 | E14: =+PPTO!F12 -> 0 | F14: =+PPTO!G12 -> 0
A15: =+PPTO!B13 -> 2.1 | B15: =+PPTO!C13 -> EXCAVACIÓN de material heterogéneo DE 0-2 m., bajo cualquier grado de humedad. Incluye: roca descompuesta, bolas de roca de volumen inferior a 0.035 m³. Incluye botada | C15: =+PPTO!D13 -> M3 | D15: =+PPTO!E13 -> 124.67 | E15: =+PPTO!F13 -> 73235 | F15: =+PPTO!G13 -> 9130207.4 | I15: =+F15 -> 9130207.4
A16: =+PPTO!B14 -> 2.2 | B16: =+PPTO!C14 -> LLENOS CON MATERIAL DE PRESTAMO, compactados mecánicamente hasta obtener una densidad del 98% de la máxima obtenida en el ensayo del Próctor modificado. Incluye el suministro, transporte, colocación de la arenilla, la compactación de la misma y transporte interno. Y su medida será en sitio ya compactado. | C16: =+PPTO!D14 -> M3 | D16: =+PPTO!E14 -> 122.05 | E16: =+PPTO!F14 -> 134804 | F16: =+PPTO!G14 -> 16452828 | I16: =+F16 -> 16452828
A17: =+PPTO!B15 -> 3 | B17: =+PPTO!C15 -> ESTRUCTURA Y CONCRETOS | C17: =+PPTO!D15 -> 0 | D17: =+PPTO!E15 -> 0 | E17: =+PPTO!F15 -> 0 | F17: =+PPTO!G15 -> 0 | I17: =+F17/2 -> 0 | J17: =+I17 -> 0
A18: =+PPTO!B16 -> 3.1 | B18: =+PPTO!C16 -> CIMENTACIONES | C18: =+PPTO!D16 -> 0 | D18: =+PPTO!E16 | E18: =+PPTO!F16 -> 0 | F18: =+PPTO!G16 -> 0
A19: =+PPTO!B17 -> 3,1,1 | B19: =+PPTO!C17 -> Suministro, transporte y colocación de concreto de 14 Mpa para SOLADO, con un espesor DE 0.05 m. Incluye el suministro y el transporte del concreto y todos los demás elementos necesarios para su correcta construcción, incluye acarreo interno. | C19: =+PPTO!D17 -> M2 | D19: =+PPTO!E17 -> 82.98 | E19: =+PPTO!F17 -> 57121 | F19: =+PPTO!G17 -> 4739900.6 | J19: =+F19 -> 4739900.6
A20: =+PPTO!B18 -> 3,1,2 | B20: =+PPTO!C18 -> Construcción de LOSA MACIZA en concreto de 21 MPa., con un ESPESOR DE 10 cm. Incluye suministro, transporte y la colocación del concreto, vibrado, protección y curado para estructuras, de acuerdo a las diferentes dimensiones establecidas en los planos y todos los demás elementos necesarios para su correcto vaciado, se incluye acero de refuerzo con doble malla electrosoldada D084 y plastico para evitar el contacto directo de la losa con el terreno | C20: =+PPTO!D18 -> M2 | D20: =+PPTO!E18 -> 405.36 | E20: =+PPTO!F18 -> 242084 | F20: =+PPTO!G18 -> 98131170 | J20: =+K20 -> 49065585 | K20: =+F20/2 -> 49065585
A21: =+PPTO!B19 -> 3,1,3 | B21: =+PPTO!C19 -> Suministro, transporte y colocación de concreto para vigas de fundación 0,3 x 0,3 IIncluye: concreto 21MPa, vibrado y todo para su correcta construcción. El acero se pagará en su respectivo ITEM. | C21: =+PPTO!D19 -> ML | D21: =+PPTO!E19 -> 183.25 | E21: =+PPTO!F19 -> 108824 | F21: =+PPTO!G19 -> 19941998 | J21: =+F21/2 -> 9970999 | K21: =+J21 -> 9970999
A22: =+PPTO!B20 -> 3,1,4 | B22: =+PPTO!C20 -> Suministro, transporte y colocación de concreto para cimentación superficilaes tipo zapatas, incluye pedestales de 0,40 x 0,40 x 1,30: y bases de 1,0 x 1,0 x 0,3 Incluye concreto 21MPa. El acero se pagará en su respectivo ITEM. | C22: =+PPTO!D20 -> M3 | D22: =+PPTO!E20 -> 14.22 | E22: =+PPTO!F20 -> 596612 | F22: =+PPTO!G20 -> 8483822.6 | J22: =+F22 -> 8483822.6
A23: =+PPTO!B21 -> 3.2 | B23: =+PPTO!C21 -> ESTRUCTURA | C23: =+PPTO!D21 -> 0 | D23: =+PPTO!E21 | E23: =+PPTO!F21 -> 0 | F23: =+PPTO!G21 -> 0 | I23: =+F23/2 -> 0 | J23: =+I23 -> 0
A24: =+PPTO!B22 -> 3,2,1 | B24: =+PPTO!C22 -> Suministro, transporte y colocación de concreto para columnas de 0.30 x 0.30, h= 2.70m, Incluye: formaleta, concreto 21MPa, vibrado y todo para su correcta instalación. El acero se pagará en su respectivo ITEM. | C24: =+PPTO!D22 -> ML | D24: =+PPTO!E22 -> 75.6 | E24: =+PPTO!F22 -> 204169 | F24: =+PPTO!G22 -> 15435176 | K24: =+F24 -> 15435176
A25: =+PPTO!B23 -> 3,2,2 | B25: =+PPTO!C23 -> Suministro, transporte y colocación de concreto para vigas de amarre, de 0.25 x 0.30, Incluye: ( formaleta y concreto 21MPa), el acero se pagará en su respectivo ITEM. | C25: =+PPTO!D23 -> ML | D25: =+PPTO!E23 -> 183.25 | E25: =+PPTO!F23 -> 227690 | F25: =+PPTO!G23 -> 41724192 | K25: =+E25 -> 227690
A26: =+PPTO!B24 -> 3,2,3 | B26: =+PPTO!C24 -> Dovelas en concreto GRAUTING para amarre de mampostería 10x15x30 incluye acero de refuerzo con varilla de 1/2 | C26: =+PPTO!D24 -> ML | D26: =+PPTO!E24 -> 361.8 | E26: =+PPTO!F24 -> 32266 | F26: =+PPTO!G24 -> 11673839 | K26: =+F26/2 -> 5836919.4 | L26: =+F26/2 -> 5836919.4
A27: =+PPTO!B25 -> 3.3 | B27: =+PPTO!C25 -> CUBIERTA | C27: =+PPTO!D25 -> 0 | D27: =+PPTO!E25 | E27: =+PPTO!F25 -> 0 | F27: =+PPTO!G25 -> 0 | L27: =+F27/2 -> 0 | M27: =+L27 -> 0
A28: =+PPTO!B26 -> 3,3,1 | B28: =+PPTO!C26 -> Suministro, transporte e instalación de estructura metalica para cubierta, suministro y transporte de perfiles tipo PHR 254X67X2mm, platinas, uniones, soldaduras de acabado o presentación, anclajes y pernos a estructura de concreto. Incluye transporte a sitio e izaje. Todos los elementos deben llevar dos manos de pintura anticorrosiva, color por definir. tambien incluye obra falsa y todo el equipo y la herramienta necesaria para el montaje. | C28: =+PPTO!D26 -> KG | D28: =+PPTO!E26 -> 6000.92 | E28: =+PPTO!F26 -> 26995 | F28: =+PPTO!G26 -> 1.6199484e+08 | L28: =+F28 -> 1.6199484e+08
A29: =+PPTO!B27 -> 3,3,2 | B29: =+PPTO!C27 -> Suministro, transporte e instalación de cubierta tipo Teja Termoacustica Ecoroof UPVC 2.5mm Blanco 1.07 x 5.90 Mts. Incluye remates internos y externos de cubierta, tornillos autoroscantes y todo lo necesario para su correcta instalación. Según diseño. | C29: =+PPTO!D27 -> M2 | D29: =+PPTO!E27 -> 444.48 | E29: =+PPTO!F27 -> 111640 | F29: =+PPTO!G27 -> 49621747 | L29: =+F29 -> 49621747
A30: =+PPTO!B28 -> 3.4 | B30: =+PPTO!C28 -> ACERO DE REFUERZO | C30: =+PPTO!D28 -> 0 | D30: =+PPTO!E28 | E30: =+PPTO!F28 -> 0 | F30: =+PPTO!G28 -> 0 | N30: =+F30 -> 0
A31: =+PPTO!B29 -> 3,4,1 | B31: =+PPTO!C29 -> Suministro, figurado y armado de Acero de refuerzo 6000PSI, (se incluyen zapatas, vigas de fundación y vigas de amarre y columnas). | C31: =+PPTO!D29 -> KG | D31: =+PPTO!E29 -> 8091.81 | E31: =+PPTO!F29 -> 12038 | F31: =+PPTO!G29 -> 97409209 | I31: =+$F$31/4 -> 24352302 | J31: =+$F$31/4 -> 24352302 | K31: =+$F$31/4 -> 24352302 | L31: =+$F$31/4 -> 24352302
A32: =+PPTO!B30 -> 4 | B32: =+PPTO!C30 -> MAMPOSTERIA | C32: =+PPTO!D30 -> 0 | D32: =+PPTO!E30 | E32: =+PPTO!F30 -> 0 | F32: =+PPTO!G30 -> 0 | I32: =+F32/2 -> 0 | J32: =+I32 -> 0
A33: =+PPTO!B31 -> 4.1 | B33: =+PPTO!C31 -> Construcción de mampostería en ladrillo a la vista, de 10x15x30cm. Espesor de 15 cm. Incluye el suministro y transporte del ladrillo, el mortero de pega 1:4 espesor max=0.01 m y todos los demás elementos necesarios para su correcta construcción y funcionamiento. | C33: =+PPTO!D31 -> M2 | D33: =+PPTO!E31 -> 485.46 | E33: =+PPTO!F31 -> 187443 | F33: =+PPTO!G31 -> 90996079 | K33: =+F33/2 -> 45498039 | L33: =+F33/2 -> 45498039
A34: =+PPTO!B32 -> 4.2 | B34: =+PPTO!C32 -> Impermeabilización Sobrecimientos en bloque por medio de IGOL denso plus o similar. Incluye mortero 1:4 espesor 2cm para revoque, pendientes, emulsión asfáltica, mediacaña, regata y todo lo necesario para su correcta construcción.. PRIMER NIVEL 80 cm | C34: =+PPTO!D32 -> M2 | D34: =+PPTO!E32 -> 287.68 | E34: =+PPTO!F32 -> 59120 | F34: =+PPTO!G32 -> 17007642 | K34: =+F34/2 -> 8503820.8 | L34: =+K34 -> 8503820.8
A35: =+PPTO!B33 -> 4.3 | B35: =+PPTO!C33 -> Colocación de revoque con mortero 1:4 impermeabilizado con sika 1 o equivalente en muros. Incluye suministro y transporte de materiales, fajas, ranuras, filetes y todos los demas elementos para su correcta construcció. | C35: =+PPTO!D33 -> M2 | D35: =+PPTO!E33 -> 706.54 | E35: =+PPTO!F33 -> 31990 | F35: =+PPTO!G33 -> 22602215 | K35: =+F35/3 -> 7534071.5 | L35: =+F35/3 -> 7534071.5 | M35: =+F35/3 -> 7534071.5
A36: =+PPTO!B34 -> 4.4 | B36: =+PPTO!C34 -> Suministro, transporte y aplicación de hidrófugo impermeabilizante del tipo siliconite (Sika transparente o equivalente) o equivalente para mampostería de fachadas, con todos los elementos necesarios para su correcta instalación y funcionamiento, incluye a su vez lavado con aplicación de ácido nítrico e hidrosolve proporción 1:1:5 para lavada de muros interiores | C36: =+PPTO!D34 -> M2 | D36: =+PPTO!E34 -> 264.38 | E36: =+PPTO!F34 -> 24661 | F36: =+PPTO!G34 -> 6519875.2 | L36: =+F36 -> 6519875.2
A37: =+PPTO!B35 -> 4.5 | B37: =+PPTO!C35 -> Suministro, transporte y colocación de estuco en muros. Incluye fajas, ranuras, filetes, y todos los demás elementos necesarios para su correcta construcción. | C37: =+PPTO!D35 -> M2 | D37: =+PPTO!E35 -> 706.54 | E37: =+PPTO!F35 -> 29511 | F37: =+PPTO!G35 -> 20850702 | L37: =+F37/2 -> 10425351 | M37: =+F37/2 -> 10425351
A38: =+PPTO!B36 -> 4.6 | B38: =+PPTO!C36 -> Suministro y aplicación de pintura tipo 1, tres manos, incluye la preparación de la superficie y todos los insumos necesarios para el desarrollo de la actividad. | C38: =+PPTO!D36 -> M2 | D38: =+PPTO!E36 -> 706.54 | E38: =+PPTO!F36 -> 31431 | F38: =+PPTO!G36 -> 22207259 | L38: =+F38/2 -> 11103629 | M38: =+F38/2 -> 11103629
A39: =+PPTO!B37 -> 5 | B39: =+PPTO!C37 -> OBRA BLANCA | C39: =+PPTO!D37 -> 0 | D39: =+PPTO!E37 | E39: =+PPTO!F37 -> 0 | F39: =+PPTO!G37 -> 0
A40: =+PPTO!B38 -> 5.1 | B40: =+PPTO!C38 -> Enchape de piso antideslizante incluye: mortero, pegante, cerámica antideslizante y lechada de limpieza. | C40: =+PPTO!D38 -> M2 | D40: =+PPTO!E38 -> 340.86 | E40: =+PPTO!F38 -> 129661 | F40: =+PPTO!G38 -> 44196248 | K40: =+F40/3 -> 14732083 | L40: =+F40/3 -> 14732083 | M40: =+F40/3 -> 14732083
A41: =+PPTO!B39 -> 5.2 | B41: =+PPTO!C39 -> Enchape cocina pared sobre mesón incluye: pegante, cerámica y lechada de limpieza | C41: =+PPTO!D39 -> M2 | D41: =+PPTO!E39 -> 216.44 | E41: =+PPTO!F39 -> 97951 | F41: =+PPTO!G39 -> 21200514 | K41: =+F41/2 -> 10600257 | L41: =+F41/2 -> 10600257
A42: =+PPTO!B40 -> 5.3 | B42: =+PPTO!C40 -> Cielo en drywall local con fajas y dilatadores incluye: (estructura, placa, macilla y pintura) | C42: =+PPTO!D40 -> M2 | D42: =+PPTO!E40 -> 265.38 | E42: =+PPTO!F40 -> 103072.31 | F42: =+PPTO!G40 -> 27353331 | M42: =+F42/2 -> 13676665 | N42: =+F42/2 -> 13676665
A43: =+PPTO!B41 -> 5.4 | B43: =+PPTO!C41 -> Suministro transporte e instalación de guarda escoba o zocalo en piso en baldosa del mismo color de la baldosa , incluye pega lechada y demás elementos necesarios para su correcta instalación. | C43: =+PPTO!D41 -> ML | D43: =+PPTO!E41 -> 152.72 | E43: =+PPTO!F41 -> 36912.315 | F43: =+PPTO!G41 -> 5637248.7 | M43: =+F43/2 -> 2818624.4 | N43: =+F43/2 -> 2818624.4
A44: =+PPTO!B42 -> 6 | B44: =+PPTO!C42 -> INSTALACIONES ELECTRICAS | C44: =+PPTO!D42 -> 0 | D44: =+PPTO!E42 | E44: =+PPTO!F42 -> 0 | F44: =+PPTO!G42 -> 0 | N44: =+F44 -> 0
A45: =+PPTO!B43 -> 6.1 | B45: =+PPTO!C43 -> Suministro, transporte e instalación de salida para toma doble p/t. Incluye en tubería IMC, accesorios, alambre de cobre THHN-AWG- LS#12, según cuadro de cargas y notas en planos, elementos para el correcto funcionamiento y aparato línea Génesis. | C45: =+PPTO!D43 -> UN | D45: =+PPTO!E43 -> 23 | E45: =+PPTO!F43 -> 96826.664 | F45: =+PPTO!G43 -> 2227013.3 | J45: =+F45/2 -> 1113506.6 | K45: =+F45/2 -> 1113506.6
A46: =+PPTO!B44 -> 6.2 | B46: =+PPTO!C44 -> Suministro, transporte e instalación de salida eléctrica para toma GFCI. en IMC 3/4", caja y accesorios, alambre de cobre THHN-AWG-LS #12, según cuadro de cargas y notas en planos, aparato línea Génesis. | C46: =+PPTO!D44 -> UN | D46: =+PPTO!E44 -> 16 | E46: =+PPTO!F44 -> 122826.66 | F46: =+PPTO!G44 -> 1965226.6 | J46: =+F46/2 -> 982613.31 | K46: =+F46/2 -> 982613.31
A47: =+PPTO!B45 -> 6.3 | B47: =+PPTO!C45 -> Suministro, transporte e instalación de salida para toma doble especial p/t, en PVC 1/2", caja y accesorios, alambre de cobre THHN-AWG- LS #12, según cuadro de cargas y notas en planos. Toma para equipos especiales | C47: =+PPTO!D45 -> UN | D47: =+PPTO!E45 -> 21 | E47: =+PPTO!F45 -> 100826.66 | F47: =+PPTO!G45 -> 2117359.9 | J47: =+F47/2 -> 1058680 | K47: =+F47/2 -> 1058680
A48: =+PPTO!B46 -> 6.4 | B48: =+PPTO!C46 -> Suministro, transporte e instalación de salida eléctrica para toma 3x30A p/t. en PVC 3/4", caja y accesorios, alambre de cobre THHN-AWG #10+12, según cuadro de cargas y notas en planos. Toma levinton. | C48: =+PPTO!D46 -> UN | D48: =+PPTO!E46 -> 9 | E48: =+PPTO!F46 -> 115051.66 | F48: =+PPTO!G46 -> 1035465 | J48: =+F48/2 -> 517732.49 | K48: =+F48/2 -> 517732.49
A49: =+PPTO!B47 -> 6.5 | B49: =+PPTO!C47 -> Suministro, transporte e instalación de salida para luminaria panel tipo LED de 24,2W, de cielo, con tubería EMT 1/2", según planos, alambre de cobre THHN-AWG #12 y todos los elementos para el correcto funcionamiento. | C49: =+PPTO!D47 -> UN | D49: =+PPTO!E47 -> 41 | E49: =+PPTO!F47 -> 168778.79 | F49: =+PPTO!G47 -> 6919930.3 | J49: =+F49/2 -> 3459965.1 | K49: =+F49/2 -> 3459965.1
A50: =+PPTO!B48 -> 6.6 | B50: =+PPTO!C48 -> Suministro, transporte e instalación de salida para luminaria OJO BUEY TIPO INTERIOR (Panel led redondo 120V 12W), incrustada en losa, pared o mampostería. Incluye tubería PVC 1/2", según planos, accesorios, alambre de cobre THHN-AWG-LS #12, y todos los elementos para el correcto funcionamiento. | C50: =+PPTO!D48 -> UN | D50: =+PPTO!E48 -> 23 | E50: =+PPTO!F48 -> 91268.664 | F50: =+PPTO!G48 -> 2099179.3 | J50: =+F50/2 -> 1049589.6 | K50: =+F50/2 -> 1049589.6
A51: =+PPTO!B49 -> 6.7 | B51: =+PPTO!C49 -> Suministro, transporte e instalación de salida para luminaria OJO BUEY TIPO INTERIOR Panel led redondo 120V 16W), incrustada en losa, pared o mampostería. Incluye tubería PVC 1/2", según planos, accesorios, alambre de cobre THHN-AWG-LS #12, y todos los elementos para el correcto funcionamiento. | C51: =+PPTO!D49 -> UN | D51: =+PPTO!E49 -> 29 | E51: =+PPTO!F49 -> 96268.664 | F51: =+PPTO!G49 -> 2791791.2 | J51: =+F51/2 -> 1395895.6 | K51: =+F51/2 -> 1395895.6
A52: =+PPTO!B50 -> 6.8 | B52: =+PPTO!C50 -> Suministro, transporte e instalación de Tubería PVC de 1" para alimentación de circuitos, incluye elementos para el correcto funcionamiento. | C52: =+PPTO!D50 -> ML | D52: =+PPTO!E50 -> 187.53 | E52: =+PPTO!F50 -> 52467.25 | F52: =+PPTO!G50 -> 9839183.3 | J52: =+F52/2 -> 4919591.7 | K52: =+F52/2 -> 4919591.7
A53: =+PPTO!B51 -> 6.9 | B53: =+PPTO!C51 -> Suministro, transporte e instalación de tablero de distribución especial, tablero de distribución final y tabler de distribución final regulado, con espacio para totalizador y breackers. Incluye marcación elementos para el correcto funcionamiento. | C53: =+PPTO!D51 -> UN | D53: =+PPTO!E51 -> 1 | E53: =+PPTO!F51 -> 1216174.1 | F53: =+PPTO!G51 -> 1216174.1 | J53: =+F53/2 -> 608087.06 | K53: =+F53/2 -> 608087.06
A54: =+PPTO!B52 -> 6.1 | B54: =+PPTO!C52 -> Suministro, transporte e instalación de materiales para salida interruptor sencillo (switche) eléctrico mono polar de alumbrado 15 A. TIPO LEV referencia 1451, 10A, 125 V, según certificación RETIE y pruebas de conformidad UL. Incluye el interruptor, tapa, tubo emt, cajas 4"x4" met. Galv. Con tapa suplemento, adaptadores, curvas, pega pvc, conductores 12 AWG-CU-THHN/THWN-90ºC, conectores de conexión y empalme, tornillos, obra civil y demás elementos y accesorios para su correcta instalación y funcionamiento. | C54: =+PPTO!D52 -> UN | D54: =+PPTO!E52 -> 8 | E54: =+PPTO!F52 -> 38658.832 | F54: =+PPTO!G52 -> 309270.65 | J54: =+F54/2 -> 154635.33 | K54: =+F54/2 -> 154635.33
A55: =+PPTO!B53 -> 6.11 | B55: =+PPTO!C53 -> Suministro, transporte e instalación de materiales para salida interruptor doble (switche) eléctrico mono polar de alumbrado 15 A. TIPO LEV referencia 1451, 10A, 125 V, según certificación RETIE y pruebas de conformidad UL. Incluye el interruptor, tapa, tubo pvc, cajas 4"x4" met. Galv. Con tapa suplemento, adaptadores, curvas, pega pvc, conductores 12 AWG-CU-THHN/THWN-90ºC, conectores de conexión y empalme, tornillos, obra civil y demás elementos y accesorios para su correcta instalación y funcionamiento. | C55: =+PPTO!D53 -> UN | D55: =+PPTO!E53 -> 2 | E55: =+PPTO!F53 -> 49664.832 | F55: =+PPTO!G53 -> 99329.664 | J55: =+F55/2 -> 49664.832 | K55: =+F55/2 -> 49664.832
A56: =+PPTO!B54 -> 6.12 | B56: =+PPTO!C54 -> Suministro, transporte e instalación de materiales para salida interruptor triple (switche) eléctrico mono polar de alumbrado 15 A. TIPO LEV referencia 1451, 10A, 125 V, según certificación RETIE y pruebas de conformidad UL. Incluye el interruptor, tapa, tubo pvc, cajas 4"x4" met. Galv. Con tapa suplemento, adaptadores, curvas, pega pvc, conductores 12 AWG-CU-THHN/THWN-90ºC, conectores de conexión y empalme, tornillos, obra civil y demás elementos y accesorios para su correcta instalación y funcionamiento. | C56: =+PPTO!D54 -> UN | D56: =+PPTO!E54 -> 8 | E56: =+PPTO!F54 -> 53498.832 | F56: =+PPTO!G54 -> 427990.65 | J56: =+F56/2 -> 213995.33 | K56: =+F56/2 -> 213995.33
... A61: =+PPTO!B59 -> 6.17 | B61: =+PPTO!C59 -> Suministro, transporte e instalación de puntos de conexión ethernet | C61: =+PPTO!D59 -> UN | D61: =+PPTO!E59 -> 23 | E61: =+PPTO!F59 -> 153899.79 | F61: =+PPTO!G59 -> 3539695.1 | J61: =+F61/2 -> 1769847.6 | K61: =+F61/2 -> 1769847.6
A62: =+PPTO!B60 -> 7 | B62: =+PPTO!C60 -> INSTALACIONES SANITARIAS | C62: =+PPTO!D60 -> 0 | D62: =+PPTO!E60 | E62: =+PPTO!F60 -> 0 | F62: =+PPTO!G60 -> 0 | N62: =+F62 -> 0
A63: =+PPTO!B61 -> 7.1 | B63: =+PPTO!C61 -> SUMINISTRO, TRANSPORTE E INSTALACION DE Salidas abastos 1/2" PVC presión, incluye 1m de tubería contempladas por salidas, accesorios y toda actividad adicional para su correcta instalación. | C63: =+PPTO!D61 -> UN | D63: =+PPTO!E61 -> 36 | E63: =+PPTO!F61 -> 57880.394 | F63: =+PPTO!G61 -> 2083694.2 | J63: =+F63/3 -> 694564.72 | K63: =+F63/3 -> 694564.72 | L63: =+F63/3 -> 694564.72
A64: =+PPTO!B62 -> 7.2 | B64: =+PPTO!C62 -> SUMINISTRO, TRANSPORTE E INSTALACION DE Salidas sanitarias de 2" incluye: Accesorios, acoples y todo lo relacionado para su instalación de (lavadero, sanitario, lavamanos, ducha, etc.) incluye 2m de tubería contempladas por punto y toda actividad adicional para su correcta instalación. | C64: =+PPTO!D62 -> UN | D64: =+PPTO!E62 -> 36 | E64: =+PPTO!F62 -> 146505.39 | F64: =+PPTO!G62 -> 5274194.2 | J64: =+F64/3 -> 1758064.7 | K64: =+F64/3 -> 1758064.7 | L64: =+F64/3 -> 1758064.7
A65: =+PPTO!B63 -> 7.3 | B65: =+PPTO!C63 -> SUMINISTRO, TRANSPORTE E INSTALACION de tubería para Bajante sanitario en tubería de 3" PVC. Bajante de ventilación incluye: (tubería por m, amarres, accesorios de empalme, equipos de alturas y todo lo relacionado para su instalación, altura elemento 1,5m.máx) | C65: =+PPTO!D63 -> UND | D65: =+PPTO!E63 -> 10 | E65: =+PPTO!F63 -> 136281.47 | F65: =+PPTO!G63 -> 1362814.7 | J65: =+F65/3 -> 454271.57 | K65: =+F65/3 -> 454271.57 | L65: =+F65/3 -> 454271.57
A66: =+PPTO!B64 -> 7.4 | B66: =+PPTO!C64 -> SUMINISTRO, TRANSPORTE E INSTALACION de Tubería ALL D=4" en desagües primer piso incluye: excavación primer por metro lineal con pendiente, tubería, y accesorios.) | C66: =+PPTO!D64 -> ML | D66: =+PPTO!E64 -> 121.84 | E66: =+PPTO!F64 -> 54390.288 | F66: =+PPTO!G64 -> 6626912.7 | J66: =+F66/3 -> 2208970.9 | K66: =+F66/3 -> 2208970.9 | L66: =+F66/3 -> 2208970.9
A67: =+PPTO!B65 -> 7.5 | B67: =+PPTO!C65 -> SUMINISTRO, TRANSPORTE E INSTALACION de Tubería ALL D=6" en desagües primer piso incluye: excavación por metro lineal con pendiente, tubería, y accesorios.) | C67: =+PPTO!D65 -> ML | D67: =+PPTO!E65 -> 43.26 | E67: =+PPTO!F65 -> 95340.288 | F67: =+PPTO!G65 -> 4124420.9 | J67: =+F67/3 -> 1374807 | K67: =+F67/3 -> 1374807 | L67: =+F67/3 -> 1374807
A68: =+PPTO!B66 -> 7.6 | B68: =+PPTO!C66 -> SUMINISTRO, TRANSPORTE E INSTALACION de Tubería PVC 4" en desagües primer piso incluye: excavación por metro lineal con pendiente, tubería, y accesorios.) | C68: =+PPTO!D66 -> ML | D68: =+PPTO!E66 -> 95.83 | E68: =+PPTO!F66 -> 54390.288 | F68: =+PPTO!G66 -> 5212221.3 | J68: =+F68/3 -> 1737407.1 | K68: =+F68/3 -> 1737407.1 | L68: =+F68/3 -> 1737407.1
A69: =+PPTO!B67 -> 7.7 | B69: =+PPTO!C67 -> SUMINISTRO, TRANSPORTE E INSTALACION de Canastilla para lavaplatos con rejilla extraíble, set de tubería y empaques incluidos para evitar fugas, dos mangueras de alimentación con acoples para el agua | C69: =+PPTO!D67 -> UN | D69: =+PPTO!E67 -> 3 | E69: =+PPTO!F67 -> 1201476.2 | F69: =+PPTO!G67 -> 3604428.7 | J69: =+F69/3 -> 1201476.2 | K69: =+F69/3 -> 1201476.2 | L69: =+F69/3 -> 1201476.2
A70: =+PPTO!B68 -> 7.8 | B70: =+PPTO!C68 -> SUMINISTO, TRANSPORTE E INSTALACION DE CANOA EN LAMINA GALVANIZADA Cal .22 d/ 0.40 m. Suministro e instalación con 2 manos de anticorrosivo WASH PRIMER + esmalte + anclaje a muro + sikaflex 1A | C70: =+PPTO!D68 -> ml | D70: =+PPTO!E68 -> 102.64 | E70: =+PPTO!F68 -> 109112.79 | F70: =+PPTO!G68 -> 11199336 | J70: =+F70/3 -> 3733112.2 | K70: =+F70/3 -> 3733112.2 | L70: =+F70/3 -> 3733112.2
A71: =+PPTO!B69 -> 7.9 | B71: =+PPTO!C69 -> SUMINISTO, TRANSPORTE E INSTALACION de embudos en lamina galvanizada Cal .26 | C71: =+PPTO!D69 -> UN | D71: =+PPTO!E69 -> 12 | E71: =+PPTO!F69 -> 49781.416 | F71: =+PPTO!G69 -> 597376.99 | J71: =+F71/3 -> 199125.66 | K71: =+F71/3 -> 199125.66 | L71: =+F71/3 -> 199125.66
A72: =+PPTO!B70 -> 7.1 | B72: =+PPTO!C70 -> suministro y construcción de caja sanitaria de 80x80 cm vaciada en concreto de 21MPa, incluye tapa reforzada y todo lo requerido para su construcción . | C72: =+PPTO!D70 -> UN | D72: =+PPTO!E70 -> 6 | E72: =+PPTO!F70 -> 675761 | F72: =+PPTO!G70 -> 4054566 | J72: =+F72/3 -> 1351522 | K72: =+F72/3 -> 1351522 | L72: =+F72/3 -> 1351522
A73: =+PPTO!B71 -> 8 | B73: =+PPTO!C71 -> CARPINTERIA METALICA Y DE MADERA | C73: =+PPTO!D71 -> 0 | D73: =+PPTO!E71 -> 0 | E73: =+PPTO!F71 -> 0 | F73: =+PPTO!G71 -> 0
A74: =+PPTO!B72 -> 8.1 | B74: =+PPTO!C72 -> Suministro e instalación de ventanas en aluminio mate o negro, sistema fijo corredizo 50-20 y vidrio claro 6mm. Incluye alfajía, sello y todos sus accesorios para su correcta instalación y funcionamiento | C74: =+PPTO!D72 -> M2 | D74: =+PPTO!E72 -> 50 | E74: =+PPTO!F72 -> 526186.15 | F74: =+PPTO!G72 -> 26309307 | L74: =+F74/2 -> 13154654 | N74: =+F74/2 -> 13154654
A75: =+PPTO!B73 -> 8.2 | B75: =+PPTO!C73 -> Suministro e instalación de Puerta metálica: ala incrustada en perfil metálico cerramiento en perfiles tipo Z y marco metálico. Incluye sello y todos sus accesorios para su correcta instalación y funcionamiento.Color negro mate | C75: =+PPTO!D73 -> M2 | D75: =+PPTO!E73 -> 39.16 | E75: =+PPTO!F73 -> 611167.15 | F75: =+PPTO!G73 -> 23933306 | L75: =+F75/2 -> 11966653 | N75: =+F75/2 -> 11966653
A76: =+PPTO!B74 -> 8.3 | B76: =+PPTO!C74 -> Suministro e instalación de ventanas con rejilla metálica: perfil metálico con rejillas tipo persiana Incluye sello y todos sus accesorios para su correcta instalación y funcionamiento. Color negro mate | C76: =+PPTO!D74 -> UN | D76: =+PPTO!E74 -> 1 | E76: =+PPTO!F74 -> 311167.15 | F76: =+PPTO!G74 -> 311167.15 | L76: =+F76/2 -> 155583.57 | N76: =+F76/2 -> 155583.57
A77: =+PPTO!B75 -> 8.4 | B77: =+PPTO!C75 -> Suministro e Instalación Divisiones de sanitarios en Acero Inox , Calibre 20 Satinado, con puertas y Tabiques en altura de 1600mm SAE 304 , Incluye Cerrojos , Percheros , Parales Altura de 1800mm. | C77: =+PPTO!D75 -> m2 | D77: =+PPTO!E75 -> 25.6 | E77: =+PPTO!F75 -> 527882.63 | F77: =+PPTO!G75 -> 13513795 | L77: =+F77/2 -> 6756897.7 | N77: =+F77/2 -> 6756897.7
A78: =+PPTO!B76 -> 8.5 | B78: =+PPTO!C76 -> Suministro e Instalación Divisiones de orinales en Acero Inox , Calibre 20 Satinado, con puertas y Tabiques en altura de 1600mm SAE 304 , Incluye Cerrojos , Percheros , Parales Altura de 1800mm. | C78: =+PPTO!D76 -> m2 | D78: =+PPTO!E76 -> 4.2 | E78: =+PPTO!F76 -> 426756.63 | F78: =+PPTO!G76 -> 1792377.8 | L78: =+F78/2 -> 896188.92 | N78: =+F78/2 -> 896188.92
A79: =+PPTO!B77 -> 9 | B79: =+PPTO!C77 -> MUEBLES EQUIPOS DE COCINA | C79: =+PPTO!D77 -> 0 | D79: =+PPTO!E77 -> 0 | E79: =+PPTO!F77 -> 0 | F79: =+PPTO!G77 -> 0
A80: =+PPTO!B78 -> 9.1 | B80: =+PPTO!C78 -> Cocina tipo industrial. Incluye: Mesones en Acero inoxidable, campana con ducto, abastos, estufa | C80: =+PPTO!D78 -> UN | D80: =+PPTO!E78 -> 1 | E80: =+PPTO!F78 -> 20551821 | F80: =+PPTO!G78 -> 20551821 | M80: =+F80 -> 20551821
A81: =+PPTO!B79 -> 10 | B81: =+PPTO!C79 -> MUEBLES Y APARATOS SANITARIOS | C81: =+PPTO!D79 -> 0 | D81: =+PPTO!E79 -> 0 | E81: =+PPTO!F79 -> 0 | F81: =+PPTO!G79 -> 0
A82: =+PPTO!B80 -> 10.1 | B82: =+PPTO!C80 -> Suministro e instalación de Sanitarios, incluye: accesorios PVC, Sanitario Manantial blanco según detalle del proyecto, grifería y todo lo necesario para su correcta instalación | C82: =+PPTO!D80 -> UN | D82: =+PPTO!E80 -> 8 | E82: =+PPTO!F80 -> 575398.52 | F82: =+PPTO!G80 -> 4603188.2 | N82: =+F82 -> 4603188.2
A83: =+PPTO!B81 -> 10.2 | B83: =+PPTO!C81 -> Suministro e instalación de Orinales, incluye: accesorios PVC, Orinal arrecife corona o similar según detalle del proyecto, grifería, y todo lo necesario para su correcta instalación | C83: =+PPTO!D81 -> UN | D83: =+PPTO!E81 -> 3 | E83: =+PPTO!F81 -> 645398.52 | F83: =+PPTO!G81 -> 1936195.6 | N83: =+F83 -> 1936195.6
A84: =+PPTO!B82 -> 10.3 | B84: =+PPTO!C82 -> Colocación e instalación de Lavamanos, incluye: accesorios PVC, lavamanos corona o equivalente color blanco, grifería metálica antivandálica, de push ref 71100 de Grival o equivalente, abasto metálico y todos los demás elementos necesarios para su correcta instalación y funcionamiento. | C84: =+PPTO!D82 -> UN | D84: =+PPTO!E82 -> 9 | E84: =+PPTO!F82 -> 921097.2 | F84: =+PPTO!G82 -> 8289874.8 | N84: =+F84 -> 8289874.8
A85: =+PPTO!B83 -> 10.4 | B85: =+PPTO!C83 -> Suministr e instalación de Kit para duchas (Rejilla de piso, griferia y todo lo necesario para su correcto funcionamiento) | C85: =+PPTO!D83 -> UN | D85: =+PPTO!E83 -> 2 | E85: =+PPTO!F83 -> 358014.66 | F85: =+PPTO!G83 -> 716029.33 | N85: =+F85 -> 716029.33
A86: =+PPTO!B84 -> 10.5 | B86: =+PPTO!C84 -> Suministro e instalación de Lava escobas prefabricado de 70x70x25cm Granito y cemento blanco (incluye llave boca manguera) | C86: =+PPTO!D84 -> UN | D86: =+PPTO!E84 -> 1 | E86: =+PPTO!F84 -> 356439.39 | F86: =+PPTO!G84 -> 356439.39 | N86: =+F86 -> 356439.39
A87: =+PPTO!B85 -> 10.6 | B87: =+PPTO!C85 -> Colocación e instalación de Lavamanos PMR, incluye: accesorios PVC, lavamanos corona o equivalente color blanco, grifería metálica antivandálica, de push ref 71100 de Grival o equivalente, abasto metálico y todos los demás elementos necesarios para su correcta instalación y funcionamiento. | C87: =+PPTO!D85 -> UN | D87: =+PPTO!E85 -> 3 | E87: =+PPTO!F85 -> 893501.78 | F87: =+PPTO!G85 -> 2680505.3 | N87: =+F87 -> 2680505.3
A88: =+PPTO!B86 -> 10.7 | B88: =+PPTO!C86 -> Suministro e instalación de Mesones prefabricados en quartzone. Color a definir, incluye todo lo necesario para su correcto funcionamiento | C88: =+PPTO!D86 -> ML | D88: =+PPTO!E86 -> 9.8 | E88: =+PPTO!F86 -> 528201.31 | F88: =+PPTO!G86 -> 5176372.9 | N88: =+F88 -> 5176372.9
A89: =+PPTO!B87 -> 10.8 | B89: =+PPTO!C87 -> Suministro e instalacion de barras de seguridad en acero inoxidable L=60cm, incluye accesorios y todos los elementos para su correcta instalacion | C89: =+PPTO!D87 -> UN | D89: =+PPTO!E87 -> 15 | E89: =+PPTO!F87 -> 199301.31 | F89: =+PPTO!G87 -> 2989519.7 | N89: =+F89 -> 2989519.7
A90: =+PPTO!B88 -> 10.9 | B90: =+PPTO!C88 -> Suministro e instalación de tanque de abastecimiento de 1200Lt | C90: =+PPTO!D88 -> UN | D90: =+PPTO!E88 -> 1 | E90: =+PPTO!F88 -> 3195276.1 | F90: =+PPTO!G88 -> 3195276.1 | N90: =+F90 -> 3195276.1
A91: =+PPTO!B89 -> 11 | B91: =+PPTO!C89 -> Red contra incendios | C91: =+PPTO!D89 -> 0 | D91: =+PPTO!E89 -> 0 | E91: =+PPTO!F89 -> 0 | F91: =+PPTO!G89 -> 0
A92: =+PPTO!B90 -> 11.1 | B92: =+PPTO!C90 -> Suministro transporte e instalacion de detector inteligente de humo con alarma sonora. | C92: =+PPTO!D90 -> UN | D92: =+PPTO!E90 -> 38 | E92: =+PPTO!F90 -> 183148.13 | F92: =+PPTO!G90 -> 6959628.9 | N92: =+F92 -> 6959628.9
A93: =+PPTO!B91 -> 11.2 | B93: =+PPTO!C91 -> Suministro transporte e instalacion de Extintor multiproposito de polvo químico seco 10 Libras Con manguera | C93: =+PPTO!D91 -> UN | D93: =+PPTO!E91 -> 5 | E93: =+PPTO!F91 -> 104801.31 | F93: =+PPTO!G91 -> 524006.57 | N93: =+F93 -> 524006.57
A94: =+PPTO!B92 -> 11.3 | B94: =+PPTO!C92 -> Suministro transporte e instalacion de Extintor TIPO K 10 Libras Con manguera | C94: =+PPTO!D92 -> UN | D94: =+PPTO!E92 -> 1 | E94: =+PPTO!F92 -> 113701.31 | F94: =+PPTO!G92 -> 113701.31 | N94: =+F94 -> 113701.31
A95: =+PPTO!B93 -> 12 | B95: =+PPTO!C93 -> OBRAS EXTERIORES Y PAISAJISMO | C95: =+PPTO!D93 -> 0 | D95: =+PPTO!E93 -> 0 | E95: =+PPTO!F93 -> 0 | F95: =+PPTO!G93 -> 0
A96: =+PPTO!B94 -> 12.1 | B96: =+PPTO!C94 -> Suministro, transporte e instalación de materas en concreto incluye tierra, planta ornamental según caracteristicas del Municipio | C96: =+PPTO!D94 -> UN | D96: =+PPTO!E94 -> 14 | E96: =+PPTO!F94 -> 295691.3 | F96: =+PPTO!G94 -> 4139678.2 | N96: =+F96 -> 4139678.2
A97: =+PPTO!B95 -> 12.2 | B97: =+PPTO!C95 -> Suministro, transporte e instalación de adoquín | C97: =+PPTO!D95 -> M2 | D97: =+PPTO!E95 -> 272.01 | E97: =+PPTO!F95 -> 146659.52 | F97: =+PPTO!G95 -> 39892857 | N97: =+F97 -> 39892857
A98: =+PPTO!B96 -> 12.3 | B98: =+PPTO!C96 -> Suministro e instalación de Gimnasio al aire libre | C98: =+PPTO!D96 -> UN | D98: =+PPTO!E96 -> 1 | E98: =+PPTO!F96 -> 1.1423038e+08 | F98: =+PPTO!G96 -> 1.1423038e+08 | N98: =+F98 -> 1.1423038e+08
A99: LIQUIDACIONES | N99: =+F99 -> 0
A100: 0 | B100: PROCESO DE LIQUIDACIÓN DEL PROYECTO
C108: ________________________________________________________
B109: Nombre | C109: Carlos Holguín
B110: Cargo | C110: Secretario de planeación.
B111: Correo Electrónico | C111: planeacionsanrque@antioquia.gov.cocom
B112: Teléfono Celular | C112: 3147222958

Sheet APU GIMNASIO
C4: DESCRIPCION | D4: CANT | E4: VALOR UNIT | F4: VR CON IVA | G4: DESC 5 % | H4: SUB TOTAL | I4: BASE GRAVABLE 10 % UTILIDAD | J4: IVA UTILIDAD 19% | K4: TOTAL | M4: DESCRIPCION | N4: CANT | O4: VALOR UNIT | P4: VR CON IVA
C5: ZONA CARDIOVASCULAR | M5: ZONA CARDIOVASCULAR
C6: BICICLETA ESTATICA MAGNETICA | D6: 1 | E6: 6552000 | F6: =E6+E6*0.19 -> 7796880 | G6: =+F6*0.05 -> 389844 | H6: =+F6*0.95 -> 7407036 | I6: =+H6*0.0796 -> 589600.07 | J6: =+I6*0.19 -> 112024.01 | K6: =(E6-I6)*D6 -> 5962399.9 | M6: BICICLETA ESTATICA MAGNETICA | N6: 1 | O6: 5962399.9 | P6: =+N6*O6 -> 5962399.9
C7: BICICLETA RECUMBENT MAGNETICA | D7: 1 | E7: 5992000 | F7: =E7+E7*0.19 -> 7130480 | G7: =+F7*0.05 -> 356524 | H7: =+F7*0.95 -> 6773956 | I7: =+H7*0.0796 -> 539206.9 | J7: =+I7*0.19 -> 102449.31 | K7: =(E7-I7)*D7 -> 5452793.1 | L7: =+E7-I7 -> 5452793.1 | M7: BICICLETA RECUMBENT MAGNETICA | N7: 1 | O7: 5452793.1 | P7: =+N7*O7 -> 5452793.1
C8: ESCALADOR | D8: 1 | E8: 7205068 | F8: =E8+E8*0.19 -> 8574030.9 | G8: =+F8*0.05 -> 428701.55 | H8: =+F8*0.95 -> 8145329.4 | I8: =+H8*0.0796 -> 648368.22 | J8: =+I8*0.19 -> 123189.96 | K8: =(E8-I8)*D8 -> 6556699.8 | M8: ESCALADOR | N8: 1 | O8: 6556699.8 | P8: =+N8*O8 -> 6556699.8
C9: REMO | D9: 1 | E9: 5969914 | F9: =E9+E9*0.19 -> 7104197.7 | G9: =+F9*0.05 -> 355209.88 | H9: =+F9*0.95 -> 6748987.8 | I9: =+H9*0.0796 -> 537219.43 | J9: =+I9*0.19 -> 102071.69 | K9: =(E9-I9)*D9 -> 5432694.6 | M9: REMO | N9: 1 | O9: 5432694.6 | P9: =+N9*O9 -> 5432694.6
C10: SKY | D10: 1 | E10: 5579560 | F10: =E10+E10*0.19 -> 6639676.4 | G10: =+F10*0.05 -> 331983.82 | H10: =+F10*0.95 -> 6307692.6 | I10: =+H10*0.0796 -> 502092.33 | J10: =+I10*0.19 -> 95397.543 | K10: =(E10-I10)*D10 -> 5077467.7 | M10: SKY | N10: 1 | O10: 5077467.7 | P10: =+N10*O10 -> 5077467.7
C11: JINETE | D11: 1 | E11: 4712960 | F11: =E11+E11*0.19 -> 5608422.4 | G11: =+F11*0.05 -> 280421.12 | H11: =+F11*0.95 -> 5328001.3 | I11: =+H11*0.0796 -> 424108.9 | J11: =+I11*0.19 -> 80580.691 | K11: =(E11-I11)*D11 -> 4288851.1 | M11: JINETE | N11: 1 | O11: 4288851.1 | P11: =+N11*O11 -> 4288851.1
C12: ELIPTICA MAGNETICA | D12: 1 | E12: 7960782 | F12: =E12+E12*0.19 -> 9473330.6 | G12: =+F12*0.05 -> 473666.53 | H12: =+F12*0.95 -> 8999664.1 | I12: =+H12*0.0796 -> 716373.26 | J12: =+I12*0.19 -> 136110.92 | K12: =(E12-I12)*D12 -> 7244408.7 | M12: ELIPTICA MAGNETICA | N12: 1 | O12: 7244408.7 | P12: =+N12*O12 -> 7244408.7
C13: ZONA MUSCULACION CON Y SIN PESAS | G13: - | M13: ZONA MUSCULACION CON Y SIN PESAS | P13: =+N13*O13 -> 0
C14: CALISTENIA PRO | D14: 0 | E14: 27529600 | F14: =+E14+E14*0.19 -> 32760224 | G14: =+F14*0.05 -> 1638011.2 | H14: =+F14*0.95 -> 31122213 | I14: =+H14*0.0796 -> 2477328.1 | J14: =+I14*0.19 -> 470692.35 | K14: =(E14-I14)*D14 -> 0 | M14: CALISTENIA PRO | N14: 0 | O14: 0 | P14: =+N14*O14 -> 0
C15: TORRE POLEA BAJA 150 LB - INDIVIDUAL | D15: 1 | E15: 11144000 | F15: =+E15+E15*0.19 -> 13261360 | G15: =+F15*0.05 -> 663068 | H15: =+F15*0.95 -> 12598292 | I15: =+H15*0.0796 -> 1002824 | J15: =+I15*0.19 -> 190536.57 | K15: =(E15-I15)*D15 -> 10141176 | M15: TORRE POLEA BAJA 150 LB - INDIVIDUAL | N15: 1 | O15: 10141176 | P15: =+N15*O15 -> 10141176
C16: TORRE SENTADILLA 150 LB - INDIVIDUAL | D16: 1 | E16: 10024000 | F16: =+E16+E16*0.19 -> 11928560 | G16: =+F16*0.05 -> 596428 | H16: =+F16*0.95 -> 11332132 | I16: =+H16*0.0796 -> 902037.71 | J16: =+I16*0.19 -> 171387.16 | K16: =(E16-I16)*D16 -> 9121962.3 | M16: TORRE SENTADILLA 150 LB - INDIVIDUAL | N16: 1 | O16: 9121962.3 | P16: =+N16*O16 -> 9121962.3
C17: TORRE PECHO INCLINADO 150 LB - INDIVIDUAL | D17: 0 | E17: 11144000 | F17: =+E17+E17*0.19 -> 13261360 | G17: =+F17*0.05 -> 663068 | H17: =+F17*0.95 -> 12598292 | I17: =+H17*0.0796 -> 1002824 | J17: =+I17*0.19 -> 190536.57 | K17: =(E17-I17)*D17 -> 0 | M17: TORRE PECHO INCLINADO 150 LB - INDIVIDUAL | N17: 0 | O17: 0 | P17: =+N17*O17 -> 0
C18: CALENTADOR DE PIERNAS SISSY | D18: 1 | E18: 2004800 | F18: =+E18+E18*0.19 -> 2385712 | G18: =+F18*0.05 -> 119285.6 | H18: =+F18*0.95 -> 2266426.4 | I18: =+H18*0.0796 -> 180407.54 | J18: =+I18*0.19 -> 34277.433 | K18: =(E18-I18)*D18 -> 1824392.5 | M18: CALENTADOR DE PIERNAS SISSY | N18: 1 | O18: 1824392.5 | P18: =+N18*O18 -> 1824392.5
C19: FLEXION PECHO TRICEPS SENCILLO | D19: 1 | E19: 2004800 | F19: =+E19+E19*0.19 -> 2385712 | G19: =+F19*0.05 -> 119285.6 | H19: =+F19*0.95 -> 2266426.4 | I19: =+H19*0.0796 -> 180407.54 | J19: =+I19*0.19 -> 34277.433 | K19: =(E19-I19)*D19 -> 1824392.5 | M19: FLEXION PECHO TRICEPS SENCILLO | N19: 1 | O19: 1824392.5 | P19: =+N19*O19 -> 1824392.5
C20: ZONA MOVILIDAD REDUCIDA Y DE ADULTOS | G20: - | M20: ZONA MOVILIDAD REDUCIDA Y DE ADULTOS | P20: =+N20*O20 -> 0
C21: AEROSKY BASICO | D21: 1 | E21: 3949120 | F21: =+E21+E21*0.19 -> 4699452.8 | G21: =+F21*0.05 -> 234972.64 | H21: =+F21*0.95 -> 4464480.2 | I21: =+H21*0.0796 -> 355372.62 | J21: =+I21*0.19 -> 67520.798 | K21: =(E21-I21)*D21 -> 3593747.4 | M21: AEROSKY BASICO | N21: 1 | O21: 3593747.4 | P21: =+N21*O21 -> 3593747.4
C22: PENDULO BASICO ( SURF ) | D22: 1 | E22: 3556000 | F22: =+E22+E22*0.19 -> 4231640 | G22: =+F22*0.05 -> 211582 | H22: =+F22*0.95 -> 4020058 | I22: =+H22*0.0796 -> 319996.62 | J22: =+I22*0.19 -> 60799.357 | K22: =(E22-I22)*D22 -> 3236003.4 | M22: PENDULO BASICO ( SURF ) | N22: 1 | O22: 3236003.4 | P22: =+N22*O22 -> 3236003.4
C23: JALON ESPALDA DOBLE | D23: 1 | E23: 6384000 | F23: =+E23+E23*0.19 -> 7596960 | G23: =+F23*0.05 -> 379848 | H23: =+F23*0.95 -> 7217112 | I23: =+H23*0.0796 -> 574482.12 | J23: =+I23*0.19 -> 109151.6 | K23: =(E23-I23)*D23 -> 5809517.9 | M23: JALON ESPALDA DOBLE | N23: 1 | O23: 5809517.9 | P23: =+N23*O23 -> 5809517.9
C24: PRESION PECHO DOBLE | D24: 1 | E24: 6384000 | F24: =+E24+E24*0.19 -> 7596960 | G24: =+F24*0.05 -> 379848 | H24: =+F24*0.95 -> 7217112 | I24: =+H24*0.0796 -> 574482.12 | J24: =+I24*0.19 -> 109151.6 | K24: =(E24-I24)*D24 -> 5809517.9 | M24: PRESION PECHO DOBLE | N24: 1 | O24: 5809517.9 | P24: =+N24*O24 -> 5809517.9
C25: PRENSA DE PIERNAS DOBLE | D25: 1 | E25: 6384000 | F25: =+E25+E25*0.19 -> 7596960 | G25: =+F25*0.05 -> 379848 | H25: =+F25*0.95 -> 7217112 | I25: =+H25*0.0796 -> 574482.12 | J25: =+I25*0.19 -> 109151.6 | K25: =(E25-I25)*D25 -> 5809517.9 | M25: PRENSA DE PIERNAS DOBLE | N25: 1 | O25: 5809517.9 | P25: =+N25*O25 -> 5809517.9
C26: TRIPLE ADULTOS: PECHO, ESPALDA Y PIERNAS | D26: 1 | E26: 12807200 | F26: =+E26+E26*0.19 -> 15240568 | G26: =+F26*0.05 -> 762028.4 | H26: =+F26*0.95 -> 14478540 | I26: =+H26*0.0796 -> 1152491.8 | J26: =+I26*0.19 -> 218973.43 | K26: =(E26-I26)*D26 -> 11654708 | M26: TRIPLE ADULTOS: PECHO, ESPALDA Y PIERNAS | N26: 1 | O26: 11654708 | P26: =+N26*O26 -> 11654708
C27: MOVILIDAD REDUCIDA RUEDA DE HOMBROS CARDI | D27: 1 | E27: 5824000 | F27: =+E27+E27*0.19 -> 6930560 | G27: =+F27*0.05 -> 346528 | H27: =+F27*0.95 -> 6584032 | I27: =+H27*0.0796 -> 524088.95 | J27: =+I27*0.19 -> 99576.9 | K27: =(E27-I27)*D27 -> 5299911.1 | M27: MOVILIDAD REDUCIDA RUEDA DE HOMBROS CARDI | N27: 1 | O27: 5299911.1 | P27: =+N27*O27 -> 5299911.1
C28: MOV. REDUCIDA - PRESION DE PECHO INDIVIDUAL | D28: 1 | E28: 5544000 | F28: =+E28+E28*0.19 -> 6597360 | G28: =+F28*0.05 -> 329868 | H28: =+F28*0.95 -> 6267492 | I28: =+H28*0.0796 -> 498892.36 | J28: =+I28*0.19 -> 94789.549 | K28: =(E28-I28)*D28 -> 5045107.6 | M28: MOV. REDUCIDA - PRESION DE PECHO INDIVIDUAL | N28: 1 | O28: 5045107.6 | P28: =+N28*O28 -> 5045107.6
C29: MOV. REDUCIDA - JALON DE ESPALDA INDIVIDUAL | D29: 1 | E29: 5544000 | F29: =+E29+E29*0.19 -> 6597360 | G29: =+F29*0.05 -> 329868 | H29: =+F29*0.95 -> 6267492 | I29: =+H29*0.0796 -> 498892.36 | J29: =+I29*0.19 -> 94789.549 | K29: =(E29-I29)*D29 -> 5045107.6 | M29: MOV. REDUCIDA - JALON DE ESPALDA INDIVIDUAL | N29: 1 | O29: 5045107.6 | P29: =+N29*O29 -> 5045107.6
E30: TOTAL | F30: =SUM(F21:F29,F14:F19,F6:F12) -> 1.9539777e+08 | K30: =SUM(K21:K29,K14:K19,K6:K12) -> 1.1423038e+08 | O30: TOTAL | P30: =SUM(P21:P29,P14:P19,P6:P12) -> 1.1423038e+08

Sheet M-C
B2: MORTEROS Y CONCRETOS
B4: Material | C4: Unidad | D4: Valor unitario
B5: Cemento | C5: kg | D5: =VLOOKUP(B5,INSUMOS!$B$2:$D$299,3,0)/50 -> 800
B6: Arena de concreto | C6: m³ | D6: =VLOOKUP(B6,INSUMOS!$B$2:$D$299,3,0) -> 133000
B7: Arena fina | C7: m³ | D7: =VLOOKUP(B7,INSUMOS!$B$2:$D$495,3,0) -> 85000
B8: Triturado 3/4" | C8: m³ | D8: =VLOOKUP(B8,INSUMOS!$B$2:$D$495,3,0) -> 116875
B9: Concretadora | C9: día | D9: =VLOOKUP(B9,INSUMOS!$B$2:$D$495,3,0) -> 120000
B11: Agua | C11: l | D11: =VLOOKUP(B11,INSUMOS!$B$2:$D$495,3,0) -> 68.75
B13: mortero 1:2
B14: Material | C14: Unidad | D14: Cantidad | E14: Valor unitario | F14: Valor parcial
B15: Cemento | C15: kg | D15: 680 | E15: =+$D$5 -> 800 | F15: =+E15*D15 -> 544000
B16: Arena de concreto | C16: m³ | D16: 0.73 | E16: =+$D$6 -> 133000 | F16: =+E16*D16 -> 97090
B17: Agua | C17: L | D17: 240 | E17: =+$D$11 -> 68.75 | F17: =+E17*D17 -> 16500
B18: Total | F18: =SUM(F15:F17) -> 657590
B20: mortero 1:3
B21: Material | C21: Unidad | D21: Cantidad | E21: Valor unitario | F21: Valor parcial
B22: Cemento | C22: kg | D22: 454 | E22: =+$D$5 -> 800 | F22: =+E22*D22 -> 363200
B23: Arena de concreto | C23: m³ | D23: 1.09 | E23: =+$D$6 -> 133000 | F23: =+E23*D23 -> 144970
B24: Agua | C24: L | D24: 230 | E24: =+$D$11 -> 68.75 | F24: =+E24*D24 -> 15812.5
B25: Total | F25: =SUM(F22:F24) -> 523982.5
B27: mortero 1:4
B28: Material | C28: Unidad | D28: Cantidad | E28: Valor unitario | F28: Valor parcial
B29: Cemento | C29: kg | D29: 364 | E29: =+$D$5 -> 800 | F29: =+E29*D29 -> 291200
B30: Arena fina | C30: m³ | D30: 1.12 | E30: =+$D$7 -> 85000 | F30: =+E30*D30 -> 95200
B31: Agua | C31: L | D31: 220 | E31: =+$D$11 -> 68.75 | F31: =+E31*D31 -> 15125
B32: Total | F32: =SUM(F29:F31) -> 401525
B34: mortero 1:5
B35: Material | C35: Unidad | D35: Cantidad | E35: Valor unitario | F35: Valor parcial
B36: Cemento | C36: kg | D36: 302 | E36: =+$D$5 -> 800 | F36: =+E36*D36 -> 241600
B37: Arena fina | C37: m³ | D37: 1.15 | E37: =+$D$7 -> 85000 | F37: =+E37*D37 -> 97750
B38: Agua | C38: L | D38: 210 | E38: =+$D$11 -> 68.75 | F38: =+E38*D38 -> 14437.5
B39: Total | F39: =SUM(F36:F38) -> 353787.5
B41: Concreto 4000 psi | C41: 280 kg/cm²
B42: Material | C42: Unidad | D42: Cantidad | E42: Valor unitario | F42: Valor parcial
B43: Cemento kg | C43: kg | D43: 440 | E43: =+$D$5 -> 800 | F43: =+E43*D43 -> 352000
B44: Arena de concreto | C44: m³ | D44: 0.5 | E44: =+$D$6 -> 133000 | F44: =+E44*D44 -> 66500
B45: Triturado 3/4" | C45: m³ | D45: 0.75 | E45: =+$D$8 -> 116875 | F45: =+E45*D45 -> 87656.25
B46: Concretadora | C46: Día | D46: 0.13 | E46: =+$D$9 -> 120000 | F46: =+E46*D46 -> 15600
B47: Agua Lt | C47: L | D47: 260 | E47: =+$D$11 -> 68.75 | F47: =+E47*D47 -> 17875
B48: Total | F48: =SUM(F43:F47) -> 539631.25
B50: Concreto 3500 psi | C50: 246 kg/cm²
B51: Material | C51: Unidad | D51: Cantidad | E51: Valor unitario | F51: Valor parcial
B52: Cemento kg | C52: kg | D52: 380 | E52: =+$D$5 -> 800 | F52: =+E52*D52 -> 304000
B53: Arena de concreto | C53: m³ | D53: 0.6 | E53: =+$D$6 -> 133000 | F53: =+E53*D53 -> 79800
B54: Triturado 3/4" | C54: m³ | D54: 0.76 | E54: =+$D$8 -> 116875 | F54: =+E54*D54 -> 88825
B55: Concretadora | C55: Día | D55: 0.13 | E55: =+$D$9 -> 120000 | F55: =+E55*D55 -> 15600
B56: Agua Lt | C56: L | D56: 250 | E56: =+$D$11 -> 68.75 | F56: =+E56*D56 -> 17187.5
B57: Total | F57: =SUM(F52:F56) -> 505412.5
B60: Concreto 3000 psi | C60: 210 kg/cm²
B61: Material | C61: Unidad | D61: Cantidad | E61: Valor unitario | F61: Valor parcial
B62: Cemento kg | C62: kg | D62: 340 | E62: =+$D$5 -> 800 | F62: =+E62*D62 -> 272000
B63: Arena de concreto | C63: m³ | D63: 0.52 | E63: =+$D$6 -> 133000 | F63: =+E63*D63 -> 69160
B64: Triturado 3/4" | C64: m³ | D64: 0.78 | E64: =+$D$8 -> 116875 | F64: =+E64*D64 -> 91162.5
B65: Concretadora | C65: Día | D65: 0.13 | E65: =+$D$9 -> 120000 | F65: =+E65*D65 -> 15600
B66: Agua Lt | C66: L | D66: 190 | E66: =+$D$11 -> 68.75 | F66: =+E66*D66 -> 13062.5
B67: Total | F67: =SUM(F62:F66) -> 460985
B70: Concreto 2500 psi | C70: 175 kg/cm²
B71: Material | C71: Unidad | D71: Cantidad | E71: Valor unitario | F71: Valor parcial
B72: Cemento kg | C72: kg | D72: 280 | E72: =+$D$5 -> 800 | F72: =+E72*D72 -> 224000
B73: Arena de concreto | C73: m³ | D73: 0.55 | E73: =+$D$6 -> 133000 | F73: =+E73*D73 -> 73150
B74: Triturado 3/4" | C74: m³ | D74: 0.82 | E74: =+$D$8 -> 116875 | F74: =+E74*D74 -> 95837.5
B75: Concretadora | C75: Día | D75: 0.13 | E75: =+$D$9 -> 120000 | F75: =+E75*D75 -> 15600
B76: Agua Lt | C76: L | D76: 180 | E76: =+$D$11 -> 68.75 | F76: =+E76*D76 -> 12375
B77: Total | F77: =SUM(F72:F76) -> 420962.5
B80: Concreto 2000 psi | C80: 140 kg/cm²
B81: Material | C81: Unidad | D81: Cantidad | E81: Valor unitario | F81: Valor parcial
B82: Cemento kg | C82: kg | D82: 230 | E82: =+$D$5 -> 800 | F82: =+E82*D82 -> 184000
B83: Arena de concreto | C83: m³ | D83: 0.58 | E83: =+$D$6 -> 133000 | F83: =+E83*D83 -> 77140
B84: Triturado 3/4" | C84: m³ | D84: 0.88 | E84: =+$D$8 -> 116875 | F84: =+E84*D84 -> 102850
B85: Concretadora | C85: Día | D85: 0.13 | E85: =+$D$9 -> 120000 | F85: =+E85*D85 -> 15600
B86: Agua Lt | C86: L | D86: 180 | E86: =+$D$11 -> 68.75 | F86: =+E86*D86 -> 12375
B87: Total | F87: =SUM(F82:F86) -> 391965
B90: Concreto pobre 1500 psi | C90: 105 kg/cm²
B91: Material | C91: Unidad | D91: Cantidad | E91: Valor unitario | F91: Valor parcial
B92: Cemento kg | C92: kg | D92: 180 | E92: =+$D$5 -> 800 | F92: =+E92*D92 -> 144000
B93: Arena de concreto | C93: m³ | D93: 0.62 | E93: =+$D$6 -> 133000 | F93: =+E93*D93 -> 82460
B94: Triturado 3/4" | C94: m³ | D94: 0.92 | E94: =+$D$8 -> 116875 | F94: =+E94*D94 -> 107525
B95: Concretadora | C95: Día | D95: 0.13 | E95: =+$D$9 -> 120000 | F95: =+E95*D95 -> 15600
B96: Agua Lt | C96: L | D96: 170 | E96: =+$D$11 -> 68.75 | F96: =+E96*D96 -> 11687.5
B97: Total | F97: =SUM(F92:F96) -> 361272.5
B99: CONCRETOS
B100: Tipo de concreto | C100: Unidad | D100: Cantidad | E100: Valor unitario
B101: 1500 Psi | C101: m³ | D101: 1 | E101: =+F97 -> 361272.5
B102: 2000 Psi | C102: m³ | D102: 1 | E102: =+F87 -> 391965
B103: 2500 Psi | C103: m³ | D103: 1 | E103: =+F77 -> 420962.5
B104: 3000 Psi | C104: m³ | D104: 1 | E104: =+F67 -> 460985
B105: 3500 Psi | C105: m³ | D105: 1 | E105: =+F57 -> 505412.5
B106: 4000 Psi | C106: m³ | D106: 1 | E106: =+F48 -> 539631.25
B107: Mortero 1:2 | C107: m³ | D107: 1 | E107: =+F18 -> 657590
B108: Mortero 1:3 | C108: m³ | D108: 1 | E108: =+F25 -> 523982.5
B109: Mortero 1:4 | C109: m³ | D109: 1 | E109: =+F32 -> 401525
B110: Mortero 1:5 | C110: m³ | D110: 1 | E110: =+F39 -> 353787.5

Sheet 1.1
A2: MEMORIAS DE CALCULO
A3: =PPTO!C3 -> MUNICIPIO DE SAN ROQUE - ANTIOQUIA, CORREGIMIENTO DE SAN JOSÉ DEL NÚS.
A4: =PPTO!C4 -> CONSTRUCCIÓN DE CENTRO DIA - MUNICIPIO DE SAN ROQUE
A5: ITEM | B5: 1.1 | C5: =+VLOOKUP(B5,PPTO!B8:G94,2,FALSE) -> Localizacion, trazado y Replanteo, se incluye suministro de cuadrilla topografíca para rectificación de cartera, verificación de alineamientos, desarrollo de planos. | E5: UNIDAD | F5: =+VLOOKUP(B5,PPTO!B8:G94,3,FALSE) -> DIA | G5: VALOR UNITARIO | I5: =+VLOOKUP(B5,PPTO!B8:G94,5,FALSE) -> 583075
D6: DESCRIPCION | E6: DIMENSIONES | H6: OTRO | I6: CANTIDAD | J6: SUBTOTAL
E7: ANCHO | F7: LARGO | G7: ALTURA
D8: Teniendo en cuenta el area construida que son 356.36m2 se estiman 3 días para localización y replanteo | I8: 3 | J8: =+PRODUCT(E8:I8) -> 3
J9: =+PRODUCT(E9:I9) -> 0
J10: =+PRODUCT(E10:I10) -> 0
J11: =+PRODUCT(E11:I11) -> 0
J12: =+PRODUCT(E12:I12) -> 0
J13: =+PRODUCT(E13:I13) -> 0
J14: =+PRODUCT(E14:I14) -> 0
J15: =+PRODUCT(E15:I15) -> 0
J16: =+PRODUCT(E16:I16) -> 0
J17: =+PRODUCT(E17:I17) -> 0
J18: =+PRODUCT(E18:I18) -> 0
J19: =+PRODUCT(E19:I19) -> 0
J20: =+PRODUCT(E20:I20) -> 0
... J35: =+PRODUCT(E35:I35) -> 0
D36: TOTAL | J36: =ROUND(SUM(J8:J35),2) -> 3
D37: COBRADO ACTAS ANTERIORES
D38: TOTAL A COBRAR PRESENTE ACTA | J38: =+J36-J37 -> 3
A39: FECHA DE CREACION | D39: FIRMA
A40: =PPTO!G3 -> JUNIO DE 2026
D41: FORMULADOR

Sheet 1.2
A2: MEMORIAS DE CALCULO
A3: =PPTO!C3 -> MUNICIPIO DE SAN ROQUE - ANTIOQUIA, CORREGIMIENTO DE SAN JOSÉ DEL NÚS.
A4: =PPTO!C4 -> CONSTRUCCIÓN DE CENTRO DIA - MUNICIPIO DE SAN ROQUE
A5: ITEM | B5: 1.2 | C5: =+VLOOKUP(B5,PPTO!B8:G94,2,FALSE) -> Excavación mecanica de capa organica Incluye: (Excavacion mecanica, cargue y votada de material sobrante a la escombrera) | E5: UNIDAD | F5: =+VLOOKUP(B5,PPTO!B8:G94,3,FALSE) -> M3 | G5: VALOR UNITARIO | I5: =+VLOOKUP(B5,PPTO!B8:G94,5,FALSE) -> 114541
D6: DESCRIPCION | E6: DIMENSIONES | H6: OTRO | I6: CANTIDAD | J6: SUBTOTAL
E7: ANCHO | F7: LARGO | G7: ALTURA
D8: LOTE | G8: 0.1 | I8: 670.73 | J8: =+PRODUCT(E8:I8) -> 67.073
J9: =+PRODUCT(E9:I9) -> 0
J10: =+PRODUCT(E10:I10) -> 0
J11: =+PRODUCT(E11:I11) -> 0
J12: =+PRODUCT(E12:I12) -> 0
J13: =+PRODUCT(E13:I13) -> 0
J14: =+PRODUCT(E14:I14) -> 0
J15: =+PRODUCT(E15:I15) -> 0
J16: =+PRODUCT(E16:I16) -> 0
J17: =+PRODUCT(E17:I17) -> 0
J18: =+PRODUCT(E18:I18) -> 0
J19: =+PRODUCT(E19:I19) -> 0
J20: =+PRODUCT(E20:I20) -> 0
... J35: =+PRODUCT(E35:I35) -> 0
D36: TOTAL | J36: =ROUND(SUM(J8:J35),2) -> 67.07
D37: COBRADO ACTAS ANTERIORES
D38: TOTAL A COBRAR PRESENTE ACTA | J38: =+J36-J37 -> 67.07
A39: FECHA DE CREACION | D39: FIRMA
A40: =PPTO!G3 -> JUNIO DE 2026
D41: FORMULADOR

Sheet 1.3
A2: MEMORIAS DE CALCULO
A3: =PPTO!C3 -> MUNICIPIO DE SAN ROQUE - ANTIOQUIA, CORREGIMIENTO DE SAN JOSÉ DEL NÚS.
A4: =PPTO!C4 -> CONSTRUCCIÓN DE CENTRO DIA - MUNICIPIO DE SAN ROQUE
A5: ITEM | B5: 1.3 | C5: =+VLOOKUP(B5,PPTO!B8:G94,2,FALSE) -> Instalación de CERRAMIENTO PROVISIONAL en tela verde con una altura de 2,1 m. Incluye suministro, transporte, instalación y desmonte de la tela y estructura en larguero común, excavación manual en cualquier material y todos los demás elementos necesarios para su correcta instalación. | E5: UNIDAD | F5: =+VLOOKUP(B5,PPTO!B8:G94,3,FALSE) -> ML | G5: VALOR UNITARIO | I5: =+VLOOKUP(B5,PPTO!B8:G94,5,FALSE) -> 37142
D6: DESCRIPCION | E6: DIMENSIONES | H6: OTRO | I6: CANTIDAD | J6: SUBTOTAL
E7: ANCHO | F7: LARGO | G7: ALTURA
D8: Lado 1 | F8: 59.98 | I8: 1 | J8: =+PRODUCT(E8:I8) -> 59.98
D9: Lado 2 | F9: 59.91 | I9: 1 | J9: =+PRODUCT(E9:I9) -> 59.91
D10: Lado 3 | F10: 23.43 | I10: 1 | J10: =+PRODUCT(E10:I10) -> 23.43
D11: Lado 4 | F11: 24.75 | I11: 1 | J11: =+PRODUCT(E11:I11) -> 24.75
J12: =+PRODUCT(E12:I12) -> 0
J13: =+PRODUCT(E13:I13) -> 0
J14: =+PRODUCT(E14:I14) -> 0
J15: =+PRODUCT(E15:I15) -> 0
J16: =+PRODUCT(E16:I16) -> 0
J17: =+PRODUCT(E17:I17) -> 0
J18: =+PRODUCT(E18:I18) -> 0
J19: =+PRODUCT(E19:I19) -> 0
J20: =+PRODUCT(E20:I20) -> 0
J21: =+PRODUCT(E21:I21) -> 0
J22: =+PRODUCT(E22:I22) -> 0
J23: =+PRODUCT(E23:I23) -> 0
... J35: =+PRODUCT(E35:I35) -> 0
D36: TOTAL | J36: =ROUND(SUM(J8:J35),2) -> 168.07
D37: COBRADO ACTAS ANTERIORES
D38: TOTAL A COBRAR PRESENTE ACTA | J38: =+J36-J37 -> 168.07
A39: FECHA DE CREACION | D39: FIRMA
A40: =PPTO!G3 -> JUNIO DE 2026
D41: FORMULADOR

Sheet 2.1
A2: MEMORIAS DE CALCULO
A3: =PPTO!C3 -> MUNICIPIO DE SAN ROQUE - ANTIOQUIA, CORREGIMIENTO DE SAN JOSÉ DEL NÚS.
A4: =PPTO!C4 -> CONSTRUCCIÓN DE CENTRO DIA - MUNICIPIO DE SAN ROQUE
A5: ITEM | B5: 2.1 | C5: =+VLOOKUP(B5,PPTO!B8:G94,2,FALSE) -> EXCAVACIÓN de material heterogéneo DE 0-2 m., bajo cualquier grado de humedad. Incluye: roca descompuesta, bolas de roca de volumen inferior a 0.035 m³. Incluye botada | E5: UNIDAD | F5: =+VLOOKUP(B5,PPTO!B8:G94,3,FALSE) -> M3 | G5: VALOR UNITARIO | I5: =+VLOOKUP(B5,PPTO!B8:G94,5,FALSE) -> 73235
D6: DESCRIPCION | E6: DIMENSIONES | H6: OTRO | I6: CANTIDAD | J6: SUBTOTAL
E7: ANCHO | F7: LARGO | G7: ALTURA
D8: ZAPATA BASE | E8: 1 | F8: 1 | G8: 1.9 | I8: 28 | J8: =+PRODUCT(E8:I8) -> 53.2
D9: V1-V9 | E9: 0.3 | F9: =9.58-0.9 -> 8.68 | G9: 1.3 | I9: 9 | J9: =+PRODUCT(E9:I9) -> 30.4668
D10: VA, VC | E10: 0.3 | F10: =37.65-(9*0.3) -> 34.95 | G10: 1.3 | I10: 2 | J10: =+PRODUCT(E10:I10) -> 27.261
D11: VB | E11: 0.3 | F11: =34.95-3.63-3.92+4.06+3.77 -> 35.23 | G11: 1.3 | I11: 1 | J11: =+PRODUCT(E11:I11) -> 13.7397
J12: =+PRODUCT(E12:I12) -> 0
J13: =+PRODUCT(E13:I13) -> 0
J14: =+PRODUCT(E14:I14) -> 0
J15: =+PRODUCT(E15:I15) -> 0
J16: =+PRODUCT(E16:I16) -> 0
J17: =+PRODUCT(E17:I17) -> 0
J18: =+PRODUCT(E18:I18) -> 0
J19: =+PRODUCT(E19:I19) -> 0
J20: =+PRODUCT(E20:I20) -> 0
J21: =+PRODUCT(E21:I21) -> 0
J22: =+PRODUCT(E22:I22) -> 0
J23: =+PRODUCT(E23:I23) -> 0
... J35: =+PRODUCT(E35:I35) -> 0
D36: TOTAL | J36: =ROUND(SUM(J8:J35),2) -> 124.67
D37: COBRADO ACTAS ANTERIORES
D38: TOTAL A COBRAR PRESENTE ACTA | J38: =+J36-J37 -> 124.67
A39: FECHA DE CREACION | D39: FIRMA
A40: =PPTO!G3 -> JUNIO DE 2026
D41: FORMULADOR

Sheet 2.2
A2: MEMORIAS DE CALCULO
A3: =PPTO!C3 -> MUNICIPIO DE SAN ROQUE - ANTIOQUIA, CORREGIMIENTO DE SAN JOSÉ DEL NÚS.
A4: =PPTO!C4 -> CONSTRUCCIÓN DE CENTRO DIA - MUNICIPIO DE SAN ROQUE
A5: ITEM | B5: 2.2 | C5: =+VLOOKUP(B5,PPTO!B8:G94,2,FALSE) -> LLENOS CON MATERIAL DE PRESTAMO, compactados mecánicamente hasta obtener una densidad del 98% de la máxima obtenida en el ensayo del Próctor modificado. Incluye el suministro, transporte, colocación de la arenilla, la compactación de la misma y transporte interno. Y su medida será en sitio ya compactado. | E5: UNIDAD | F5: =+VLOOKUP(B5,PPTO!B8:G94,3,FALSE) -> M3 | G5: VALOR UNITARIO | I5: =+VLOOKUP(B5,PPTO!B8:G94,5,FALSE) -> 134804
D6: DESCRIPCION | E6: DIMENSIONES | H6: OTRO | I6: CANTIDAD | J6: SUBTOTAL
E7: ÁREA | F7: LARGO | G7: ALTURA
D8: AREA LOSA | E8: 670.73 | G8: 0.1 | I8: 1 | J8: =+PRODUCT(E8:I8) -> 67.073
D9: V1-V9 | E9: 0.3 | F9: =9.58-0.9 -> 8.68 | G9: 1 | I9: 9 | J9: =+PRODUCT(E9:I9) -> 23.436
D10: VA, VC | E10: 0.3 | F10: =37.65-(9*0.3) -> 34.95 | G10: 1 | I10: 2 | J10: =+PRODUCT(E10:I10) -> 20.97
D11: VB | E11: 0.3 | F11: =34.95-3.63-3.92+4.06+3.77 -> 35.23 | G11: 1 | I11: 1 | J11: =+PRODUCT(E11:I11) -> 10.569
J12: =+PRODUCT(E12:I12) -> 0
J13: =+PRODUCT(E13:I13) -> 0
J14: =+PRODUCT(E14:I14) -> 0
J15: =+PRODUCT(E15:I15) -> 0
J16: =+PRODUCT(E16:I16) -> 0
J17: =+PRODUCT(E17:I17) -> 0
J18: =+PRODUCT(E18:I18) -> 0
J19: =+PRODUCT(E19:I19) -> 0
J20: =+PRODUCT(E20:I20) -> 0
J21: =+PRODUCT(E21:I21) -> 0
J22: =+PRODUCT(E22:I22) -> 0
J23: =+PRODUCT(E23:I23) -> 0
... J35: =+PRODUCT(E35:I35) -> 0
D36: TOTAL | J36: =ROUND(SUM(J8:J35),2) -> 122.05
D37: COBRADO ACTAS ANTERIORES
D38: TOTAL A COBRAR PRESENTE ACTA | J38: =+J36-J37 -> 122.05
A39: FECHA DE CREACION | D39: FIRMA
A40: =PPTO!G3 -> JUNIO DE 2026
D41: FORMULADOR

Sheet 3.1.1
A2: MEMORIAS DE CALCULO
A3: =PPTO!C3 -> MUNICIPIO DE SAN ROQUE - ANTIOQUIA, CORREGIMIENTO DE SAN JOSÉ DEL NÚS.
A4: =PPTO!C4 -> CONSTRUCCIÓN DE CENTRO DIA - MUNICIPIO DE SAN ROQUE
A5: ITEM | B5: =PPTO!B17 -> 3,1,1 | C5: =+VLOOKUP(B5,PPTO!B8:G94,2,FALSE) -> Suministro, transporte y colocación de concreto de 14 Mpa para SOLADO, con un espesor DE 0.05 m. Incluye el suministro y el transporte del concreto y todos los demás elementos necesarios para su correcta construcción, incluye acarreo interno. | E5: UNIDAD | F5: =+VLOOKUP(B5,PPTO!B8:G94,3,FALSE) -> M2 | G5: VALOR UNITARIO | I5: =+VLOOKUP(B5,PPTO!B8:G94,5,FALSE) -> 57121
D6: DESCRIPCION | E6: DIMENSIONES | H6: OTRO | I6: CANTIDAD | J6: SUBTOTAL
E7: ANCHO | F7: LARGO | G7: ALTURA
D8: ZAPATA BASE | E8: 1 | F8: 1 | I8: 28 | J8: =+PRODUCT(E8:I8) -> 28
D9: V1-V9 | E9: 0.3 | F9: =9.58-0.9 -> 8.68 | I9: 9 | J9: =+PRODUCT(E9:I9) -> 23.436
D10: VA, VC | E10: 0.3 | F10: =37.65-(9*0.3) -> 34.95 | I10: 2 | J10: =+PRODUCT(E10:I10) -> 20.97
D11: VB | E11: 0.3 | F11: =34.95-3.63-3.92+4.06+3.77 -> 35.23 | I11: 1 | J11: =+PRODUCT(E11:I11) -> 10.569
J12: =+PRODUCT(E12:I12) -> 0
J13: =+PRODUCT(E13:I13) -> 0
J14: =+PRODUCT(E14:I14) -> 0
J15: =+PRODUCT(E15:I15) -> 0
J16: =+PRODUCT(E16:I16) -> 0
J17: =+PRODUCT(E17:I17) -> 0
J18: =+PRODUCT(E18:I18) -> 0
J19: =+PRODUCT(E19:I19) -> 0
J20: =+PRODUCT(E20:I20) -> 0
J21: =+PRODUCT(E21:I21) -> 0
J22: =+PRODUCT(E22:I22) -> 0
J23: =+PRODUCT(E23:I23) -> 0
... J35: =+PRODUCT(E35:I35) -> 0
D36: TOTAL | J36: =ROUND(SUM(J8:J35),2) -> 82.98
D37: COBRADO ACTAS ANTERIORES
D38: TOTAL A COBRAR PRESENTE ACTA | J38: =+J36-J37 -> 82.98
A39: FECHA DE CREACION | D39: FIRMA
A40: =PPTO!G3 -> JUNIO DE 2026
D41: FORMULADOR

Sheet 3.1.2
A2: MEMORIAS DE CALCULO
A3: =PPTO!C3 -> MUNICIPIO DE SAN ROQUE - ANTIOQUIA, CORREGIMIENTO DE SAN JOSÉ DEL NÚS.
A4: =PPTO!C4 -> CONSTRUCCIÓN DE CENTRO DIA - MUNICIPIO DE SAN ROQUE
A5: ITEM | B5: 3,1,2 | C5: =+VLOOKUP(B5,PPTO!B8:G94,2,FALSE) -> Construcción de LOSA MACIZA en concreto de 21 MPa., con un ESPESOR DE 10 cm. Incluye suministro, transporte y la colocación del concreto, vibrado, protección y curado para estructuras, de acuerdo a las diferentes dimensiones establecidas en los planos y todos los demás elementos necesarios para su correcto vaciado, se incluye acero de refuerzo con doble malla electrosoldada D084 y plastico para evitar el contacto directo de la losa con el terreno | E5: UNIDAD | F5: =+VLOOKUP(B5,PPTO!B8:G94,3,FALSE) -> M2 | G5: VALOR UNITARIO | I5: =+VLOOKUP(B5,PPTO!B8:G94,5,FALSE) -> 242084
D6: DESCRIPCION | E6: DIMENSIONES | H6: OTRO | I6: CANTIDAD | J6: SUBTOTAL
E7: ANCHO | F7: LARGO | G7: ALTURA
D8: AREA LOSA | E8: 360.44 | G8: 0.1 | I8: 1 | J8: =+E8 -> 360.44
D9: AREA LOSA GIMNASIO | E9: 42.67 | G9: 0.1 | I9: 1 | J9: =+E9 -> 42.67
D10: AREA LOSA TANQUE | E10: =1.5*1.5 -> 2.25 | G10: 0.13 | I10: 1 | J10: =+E10 -> 2.25
J11: =+PRODUCT(E11:I11) -> 0
J12: =+PRODUCT(E12:I12) -> 0
J13: =+PRODUCT(E13:I13) -> 0
J14: =+PRODUCT(E14:I14) -> 0
J15: =+PRODUCT(E15:I15) -> 0
J16: =+PRODUCT(E16:I16) -> 0
J17: =+PRODUCT(E17:I17) -> 0
J18: =+PRODUCT(E18:I18) -> 0
J19: =+PRODUCT(E19:I19) -> 0
J20: =+PRODUCT(E20:I20) -> 0
J21: =+PRODUCT(E21:I21) -> 0
J22: =+PRODUCT(E22:I22) -> 0
... J35: =+PRODUCT(E35:I35) -> 0
D36: TOTAL | J36: =ROUND(SUM(J8:J35),2) -> 405.36
D37: COBRADO ACTAS ANTERIORES
D38: TOTAL A COBRAR PRESENTE ACTA | J38: =+J36-J37 -> 405.36
A39: FECHA DE CREACION | D39: FIRMA
A40: =PPTO!G3 -> JUNIO DE 2026
D41: FORMULADOR

Sheet 3.1.3
A2: MEMORIAS DE CALCULO
A3: =PPTO!C3 -> MUNICIPIO DE SAN ROQUE - ANTIOQUIA, CORREGIMIENTO DE SAN JOSÉ DEL NÚS.
A4: =PPTO!C4 -> CONSTRUCCIÓN DE CENTRO DIA - MUNICIPIO DE SAN ROQUE
A5: ITEM | B5: 3,1,3 | C5: =+VLOOKUP(B5,PPTO!B8:G94,2,FALSE) -> Suministro, transporte y colocación de concreto para vigas de fundación 0,3 x 0,3 IIncluye: concreto 21MPa, vibrado y todo para su correcta construcción. El acero se pagará en su respectivo ITEM. | E5: UNIDAD | F5: =+VLOOKUP(B5,PPTO!B8:G94,3,FALSE) -> ML | G5: VALOR UNITARIO | I5: =+VLOOKUP(B5,PPTO!B8:G94,5,FALSE) -> 108824
D6: DESCRIPCION | E6: DIMENSIONES | H6: OTRO | I6: CANTIDAD | J6: SUBTOTAL
E7: ANCHO | F7: LARGO | G7: ALTURA
D8: V1-V9 | E8: 0.3 | F8: =9.58-0.9 -> 8.68 | G8: 1 | I8: 9 | J8: =+F8*I8 -> 78.12
D9: VA, VC | E9: 0.3 | F9: =37.65-(9*0.3) -> 34.95 | G9: 1 | I9: 2 | J9: =+F9*I9 -> 69.9
D10: VB | E10: 0.3 | F10: =34.95-3.63-3.92+4.06+3.77 -> 35.23 | G10: 1 | I10: 1 | J10: =+F10*I10 -> 35.23
J11: =+PRODUCT(E11:I11) -> 0
J12: =+PRODUCT(E12:I12) -> 0
J13: =+PRODUCT(E13:I13) -> 0
J14: =+PRODUCT(E14:I14) -> 0
J15: =+PRODUCT(E15:I15) -> 0
J16: =+PRODUCT(E16:I16) -> 0
J17: =+PRODUCT(E17:I17) -> 0
J18: =+PRODUCT(E18:I18) -> 0
J19: =+PRODUCT(E19:I19) -> 0
J20: =+PRODUCT(E20:I20) -> 0
J21: =+PRODUCT(E21:I21) -> 0
J22: =+PRODUCT(E22:I22) -> 0
... J35: =+PRODUCT(E35:I35) -> 0
D36: TOTAL | J36: =ROUND(SUM(J8:J35),2) -> 183.25
D37: COBRADO ACTAS ANTERIORES
D38: TOTAL A COBRAR PRESENTE ACTA | J38: =+J36-J37 -> 183.25
A39: FECHA DE CREACION | D39: FIRMA
A40: =PPTO!G3 -> JUNIO DE 2026
D41: FORMULADOR

Sheet 3.1.4
A2: MEMORIAS DE CALCULO
A3: =PPTO!C3 -> MUNICIPIO DE SAN ROQUE - ANTIOQUIA, CORREGIMIENTO DE SAN JOSÉ DEL NÚS.
A4: =PPTO!C4 -> CONSTRUCCIÓN DE CENTRO DIA - MUNICIPIO DE SAN ROQUE
A5: ITEM | B5: 3,1,4 | C5: =+VLOOKUP(B5,PPTO!B8:G94,2,FALSE) -> Suministro, transporte y colocación de concreto para cimentación superficilaes tipo zapatas, incluye pedestales de 0,40 x 0,40 x 1,30: y bases de 1,0 x 1,0 x 0,3 Incluye concreto 21MPa. El acero se pagará en su respectivo ITEM. | E5: UNIDAD | F5: =+VLOOKUP(B5,PPTO!B8:G94,3,FALSE) -> M3 | G5: VALOR UNITARIO | I5: =+VLOOKUP(B5,PPTO!B8:G94,5,FALSE) -> 596612
D6: DESCRIPCION | E6: DIMENSIONES | H6: OTRO | I6: CANTIDAD | J6: SUBTOTAL
E7: ANCHO | F7: LARGO | G7: ALTURA
D8: ZAPATAS PEDESTAL EN EJES A, B, CON EJES 1, 2, 3, 4, 5, 6, 7, 8, 9 Y ZAPATA DE TANQUE | E8: 0.4 | F8: 0.4 | G8: 1.3 | I8: 28 | J8: =+PRODUCT(E8:I8) -> 5.824
D9: ZAPATA BASE EN EJES A, B, CON EJES 1, 2, 3, 4, 5, 6, 7, 8, 9 Y ZAPATA DE TANQUE | E9: 1 | F9: 1 | G9: 0.3 | I9: 28 | J9: =+PRODUCT(E9:I9) -> 8.4
J10: =+PRODUCT(E10:I10) -> 0
J11: =+PRODUCT(E11:I11) -> 0
J12: =+PRODUCT(E12:I12) -> 0
J13: =+PRODUCT(E13:I13) -> 0
J14: =+PRODUCT(E14:I14) -> 0
J15: =+PRODUCT(E15:I15) -> 0
J16: =+PRODUCT(E16:I16) -> 0
J17: =+PRODUCT(E17:I17) -> 0
J18: =+PRODUCT(E18:I18) -> 0
J19: =+PRODUCT(E19:I19) -> 0
J20: =+PRODUCT(E20:I20) -> 0
J21: =+PRODUCT(E21:I21) -> 0
... J35: =+PRODUCT(E35:I35) -> 0
D36: TOTAL | J36: =ROUND(SUM(J8:J35),2) -> 14.22
D37: COBRADO ACTAS ANTERIORES
D38: TOTAL A COBRAR PRESENTE ACTA | J38: =+J36-J37 -> 14.22
A39: FECHA DE CREACION | D39: FIRMA
A40: =PPTO!G3 -> JUNIO DE 2026
D41: FORMULADOR

Sheet 3.2.1
A2: MEMORIAS DE CALCULO
A3: =PPTO!C3 -> MUNICIPIO DE SAN ROQUE - ANTIOQUIA, CORREGIMIENTO DE SAN JOSÉ DEL NÚS.
A4: =PPTO!C4 -> CONSTRUCCIÓN DE CENTRO DIA - MUNICIPIO DE SAN ROQUE
A5: ITEM | B5: =PPTO!B22 -> 3,2,1 | C5: =+VLOOKUP(B5,PPTO!B8:G94,2,FALSE) -> Suministro, transporte y colocación de concreto para columnas de 0.30 x 0.30, h= 2.70m, Incluye: formaleta, concreto 21MPa, vibrado y todo para su correcta instalación. El acero se pagará en su respectivo ITEM. | E5: UNIDAD | F5: =+VLOOKUP(B5,PPTO!B8:G94,3,FALSE) -> ML | G5: VALOR UNITARIO | I5: =+VLOOKUP(B5,PPTO!B8:G94,5,FALSE) -> 204169
D6: DESCRIPCION | E6: DIMENSIONES | H6: OTRO | I6: CANTIDAD | J6: SUBTOTAL
E7: ANCHO | F7: LARGO | G7: ALTURA
D8: COLUMNAS EN EJES A, B, CON EJES 1, 2, 3, 4, 5, 6, 7, 8, 9 Y COLUMNA TANQUE | E8: 0.3 | F8: 0.3 | G8: 2.7 | I8: 28 | J8: =+PRODUCT(G8:I8) -> 75.6
J9: =+PRODUCT(E9:I9) -> 0
J10: =+PRODUCT(E10:I10) -> 0
J11: =+PRODUCT(E11:I11) -> 0
J12: =+PRODUCT(E12:I12) -> 0
J13: =+PRODUCT(E13:I13) -> 0
J14: =+PRODUCT(E14:I14) -> 0
J15: =+PRODUCT(E15:I15) -> 0
J16: =+PRODUCT(E16:I16) -> 0
J17: =+PRODUCT(E17:I17) -> 0
J18: =+PRODUCT(E18:I18) -> 0
J19: =+PRODUCT(E19:I19) -> 0
J20: =+PRODUCT(E20:I20) -> 0
... J35: =+PRODUCT(E35:I35) -> 0
D36: TOTAL | J36: =ROUND(SUM(J8:J35),2) -> 75.6
D37: COBRADO ACTAS ANTERIORES
D38: TOTAL A COBRAR PRESENTE ACTA | J38: =+J36-J37 -> 75.6
A39: FECHA DE CREACION | D39: FIRMA
A40: =PPTO!G3 -> JUNIO DE 2026
D41: FORMULADOR

Sheet 3.2.2
A2: MEMORIAS DE CALCULO
A3: =PPTO!C3 -> MUNICIPIO DE SAN ROQUE - ANTIOQUIA, CORREGIMIENTO DE SAN JOSÉ DEL NÚS.
A4: =PPTO!C4 -> CONSTRUCCIÓN DE CENTRO DIA - MUNICIPIO DE SAN ROQUE
A5: ITEM | B5: =PPTO!B23 -> 3,2,2 | C5: =+VLOOKUP(B5,PPTO!B8:G94,2,FALSE) -> Suministro, transporte y colocación de concreto para vigas de amarre, de 0.25 x 0.30, Incluye: ( formaleta y concreto 21MPa), el acero se pagará en su respectivo ITEM. | E5: UNIDAD | F5: =+VLOOKUP(B5,PPTO!B8:G94,3,FALSE) -> ML | G5: VALOR UNITARIO | I5: =+VLOOKUP(B5,PPTO!B8:G94,5,FALSE) -> 227690
D6: DESCRIPCION | E6: DIMENSIONES | H6: OTRO | I6: CANTIDAD | J6: SUBTOTAL
E7: ANCHO | F7: LARGO | G7: ALTURA
D8: V1-V9 | E8: 0.25 | F8: =9.58-0.9 -> 8.68 | G8: 0.3 | I8: 9 | J8: =+F8*I8 -> 78.12
D9: VA, VC | E9: 0.25 | F9: =37.65-(9*0.3) -> 34.95 | G9: 0.3 | I9: 2 | J9: =+F9*I9 -> 69.9
D10: VB | E10: 0.25 | F10: =34.95-3.63-3.92+4.06+3.77 -> 35.23 | G10: 0.3 | I10: 1 | J10: =+F10*I10 -> 35.23
J11: =+F11*I11 -> 0
J12: =+PRODUCT(E12:I12) -> 0
J13: =+PRODUCT(E13:I13) -> 0
J14: =+PRODUCT(E14:I14) -> 0
J15: =+PRODUCT(E15:I15) -> 0
J16: =+PRODUCT(E16:I16) -> 0
J17: =+PRODUCT(E17:I17) -> 0
J18: =+PRODUCT(E18:I18) -> 0
J19: =+PRODUCT(E19:I19) -> 0
J20: =+PRODUCT(E20:I20) -> 0
J21: =+PRODUCT(E21:I21) -> 0
J22: =+PRODUCT(E22:I22) -> 0
J23: =+PRODUCT(E23:I23) -> 0
... J35: =+PRODUCT(E35:I35) -> 0
D36: TOTAL | J36: =ROUND(SUM(J8:J35),2) -> 183.25
D37: COBRADO ACTAS ANTERIORES
D38: TOTAL A COBRAR PRESENTE ACTA | J38: =+J36-J37 -> 183.25
A39: FECHA DE CREACION | D39: FIRMA
A40: =PPTO!G3 -> JUNIO DE 2026
D41: FORMULADOR

Sheet 3.2.3
A2: MEMORIAS DE CALCULO
A3: =PPTO!C3 -> MUNICIPIO DE SAN ROQUE - ANTIOQUIA, CORREGIMIENTO DE SAN JOSÉ DEL NÚS.
A4: =PPTO!C4 -> CONSTRUCCIÓN DE CENTRO DIA - MUNICIPIO DE SAN ROQUE
A5: ITEM | B5: =PPTO!B24 -> 3,2,3 | C5: =+VLOOKUP(B5,PPTO!B8:G94,2,FALSE) -> Dovelas en concreto GRAUTING para amarre de mampostería 10x15x30 incluye acero de refuerzo con varilla de 1/2 | E5: UNIDAD | F5: =+VLOOKUP(B5,PPTO!B8:G94,3,FALSE) -> ML | G5: VALOR UNITARIO | I5: =+VLOOKUP(B5,PPTO!B8:G94,5,FALSE) -> 32266
D6: DESCRIPCION | E6: DIMENSIONES | H6: OTRO | I6: CANTIDAD | J6: SUBTOTAL
E7: ANCHO | F7: LARGO | G7: ALTURA
D8: MURO 1 | F8: 9.58 | G8: 2.7 | H8: =+ROUNDUP(F8/1.5,0) -> 7 | I8: 9 | J8: =+G8*H8*I8 -> 170.1
D9: MURO 2 | F9: 17.72 | G9: 2.7 | H9: =+ROUNDUP(F9/1.5,0) -> 12 | I9: 2 | J9: =+G9*H9*I9 -> 64.8
D10: MURO 3 | F10: 3.1 | G10: 2.7 | H10: =+ROUNDUP(F10/1.5,0) -> 3 | I10: 1 | J10: =+G10*H10*I10 -> 8.1
D11: MURO 4 | F11: 1.9 | G11: 2.7 | H11: =+ROUNDUP(F11/1.5,0) -> 2 | I11: 1 | J11: =+G11*H11*I11 -> 5.4
D12: MURO 5 | F12: 4.12 | G12: 2.7 | H12: =+ROUNDUP(F12/1.5,0) -> 3 | I12: 1 | J12: =+G12*H12*I12 -> 8.1
D13: MURO 6 | F13: 2.33 | G13: 2.7 | H13: =+ROUNDUP(F13/1.5,0) -> 2 | I13: 1 | J13: =+G13*H13*I13 -> 5.4
D14: MURO 7 | F14: 0.45 | G14: 2.7 | H14: =+ROUNDUP(F14/1.5,0) -> 1 | I14: 1 | J14: =+G14*H14*I14 -> 2.7
D15: MURO 8 | F15: 12.08 | G15: 2.7 | H15: =+ROUNDUP(F15/1.5,0) -> 9 | I15: 2 | J15: =+G15*H15*I15 -> 48.6
D16: MURO 9 | F16: 4.08 | G16: 2.7 | H16: =+ROUNDUP(F16/1.5,0) -> 3 | I16: 1 | J16: =+G16*H16*I16 -> 8.1
D17: MURO 10 | F17: 1.77 | G17: 2.7 | H17: =+ROUNDUP(F17/1.5,0) -> 2 | I17: 1 | J17: =+G17*H17*I17 -> 5.4
D18: MURO 11 | F18: 3.12 | G18: 2.7 | H18: =+ROUNDUP(F18/1.5,0) -> 3 | I18: 1 | J18: =+G18*H18*I18 -> 8.1
D19: MURO 12 | F19: 5.7 | G19: 2.7 | H19: =+ROUNDUP(F19/1.5,0) -> 4 | I19: 1 | J19: =+G19*H19*I19 -> 10.8
... D22: MURO 15 | F22: 3.89 | G22: 2.7 | H22: =+ROUNDUP(F22/1.5,0) -> 3 | I22: 1 | J22: =+G22*H22*I22 -> 8.1
J23: =+G23*H23*I23 -> 0
J24: =+G24*H24*I24 -> 0
J25: =+G25*H25*I25 -> 0
J26: =+G26*H26*I26 -> 0
J27: =+G27*H27*I27 -> 0
J28: =+PRODUCT(E28:I28) -> 0
J29: =+PRODUCT(E29:I29) -> 0
J30: =+PRODUCT(E30:I30) -> 0
J31: =+PRODUCT(E31:I31) -> 0
J32: =+PRODUCT(E32:I32) -> 0
J33: =+PRODUCT(E33:I33) -> 0
J34: =+PRODUCT(E34:I34) -> 0
J35: =+PRODUCT(E35:I35) -> 0
J36: =+PRODUCT(E36:I36) -> 0
J37: =+PRODUCT(E37:I37) -> 0
J38: =+PRODUCT(E38:I38) -> 0
J39: =+PRODUCT(E39:I39) -> 0
... J46: =+PRODUCT(E46:I46) -> 0
D47: TOTAL | J47: =ROUND(SUM(J8:J46),2) -> 361.8
D48: COBRADO ACTAS ANTERIORES
D49: TOTAL A COBRAR PRESENTE ACTA | J49: =+J47-J48 -> 361.8
A50: FECHA DE CREACION | D50: FIRMA
A51: =PPTO!G3 -> JUNIO DE 2026
D52: FORMULADOR

Sheet 3.3.1
A2: MEMORIAS DE CALCULO
A3: =PPTO!C3 -> MUNICIPIO DE SAN ROQUE - ANTIOQUIA, CORREGIMIENTO DE SAN JOSÉ DEL NÚS.
A4: =PPTO!C4 -> CONSTRUCCIÓN DE CENTRO DIA - MUNICIPIO DE SAN ROQUE
A5: ITEM | B5: =PPTO!B26 -> 3,3,1 | C5: =+VLOOKUP(B5,PPTO!B8:G94,2,FALSE) -> Suministro, transporte e instalación de estructura metalica para cubierta, suministro y transporte de perfiles tipo PHR 254X67X2mm, platinas, uniones, soldaduras de acabado o presentación, anclajes y pernos a estructura de concreto. Incluye transporte a sitio e izaje. Todos los elementos deben llevar dos manos de pintura anticorrosiva, color por definir. tambien incluye obra falsa y todo el equipo y la herramienta necesaria para el montaje. | E5: UNIDAD | F5: =+VLOOKUP(B5,PPTO!B8:G94,3,FALSE) -> KG | G5: VALOR UNITARIO | I5: =+VLOOKUP(B5,PPTO!B8:G94,5,FALSE) -> 26995
D6: DESCRIPCION | E6: DIMENSIONES | H6: OTRO | I6: CANTIDAD | J6: SUBTOTAL
E7: ANCHO | F7: LARGO | G7: ALTURA | H7: FACTOR PESO
D8: VIGA PHR 254X67X2MM | F8: 25.9 | H8: 6.37 | I8: 2 | J8: =+PRODUCT(E8:I8) -> 329.966
D9: VIGA PHR 254X67X2MM | F9: 24.3 | H9: 6.37 | I9: 10 | J9: =+PRODUCT(E9:I9) -> 1547.91
D10: VIGA PHR 254X67X2MM | F10: 22.5 | H10: 6.37 | I10: 2 | J10: =+PRODUCT(E10:I10) -> 286.65
D11: VIGA PHR 254X67X2MM | F11: 7.85 | H11: 6.37 | I11: 22 | J11: =+PRODUCT(E11:I11) -> 1100.099
D12: VIGA PHR 254X67X2MM | F12: 37.13 | H12: 6.37 | I12: 2 | J12: =+PRODUCT(E12:I12) -> 473.0362
D13: VIGA PHR 254X67X2MM | F13: 35.53 | H13: 6.37 | I13: 10 | J13: =+PRODUCT(E13:I13) -> 2263.261
J14: =+PRODUCT(E14:I14) -> 0
J15: =+PRODUCT(E15:I15) -> 0
J16: =+PRODUCT(E16:I16) -> 0
J17: =+PRODUCT(E17:I17) -> 0
J18: =+PRODUCT(E18:I18) -> 0
J19: =+PRODUCT(E19:I19) -> 0
J20: =+PRODUCT(E20:I20) -> 0
J21: =+PRODUCT(E21:I21) -> 0
J22: =+PRODUCT(E22:I22) -> 0
J23: =+PRODUCT(E23:I23) -> 0
J24: =+PRODUCT(E24:I24) -> 0
J25: =+PRODUCT(E25:I25) -> 0
... J46: =+PRODUCT(E46:I46) -> 0
D47: TOTAL | J47: =ROUND(SUM(J8:J46),2) -> 6000.92
D48: COBRADO ACTAS ANTERIORES
D49: TOTAL A COBRAR PRESENTE ACTA | J49: =+J47-J48 -> 6000.92
A50: FECHA DE CREACION | D50: FIRMA
A51: =PPTO!G3 -> JUNIO DE 2026
D52: FORMULADOR

Sheet 3.3.2
A2: MEMORIAS DE CALCULO
A3: =PPTO!C3 -> MUNICIPIO DE SAN ROQUE - ANTIOQUIA, CORREGIMIENTO DE SAN JOSÉ DEL NÚS.
A4: =PPTO!C4 -> CONSTRUCCIÓN DE CENTRO DIA - MUNICIPIO DE SAN ROQUE
A5: ITEM | B5: =PPTO!B27 -> 3,3,2 | C5: =+VLOOKUP(B5,PPTO!B8:G94,2,FALSE) -> Suministro, transporte e instalación de cubierta tipo Teja Termoacustica Ecoroof UPVC 2.5mm Blanco 1.07 x 5.90 Mts. Incluye remates internos y externos de cubierta, tornillos autoroscantes y todo lo necesario para su correcta instalación. Según diseño. | E5: UNIDAD | F5: =+VLOOKUP(B5,PPTO!B8:G94,3,FALSE) -> M2 | G5: VALOR UNITARIO | I5: =+VLOOKUP(B5,PPTO!B8:G94,5,FALSE) -> 111640
D6: DESCRIPCION | E6: DIMENSIONES | H6: OTRO | I6: CANTIDAD | J6: SUBTOTAL
E7: ÁREA | F7: LARGO | G7: ALTURA
D8: AREA DE CUBIERTA | E8: 85.53 | I8: 2 | J8: =+PRODUCT(E8:I8) -> 171.06
D9: AREA DE CUBIERTA | E9: 8.45 | I9: 2 | J9: =+PRODUCT(E9:I9) -> 16.9
D10: AREA DE CUBIERTA | E10: 32.71 | I10: 2 | J10: =+PRODUCT(E10:I10) -> 65.42
D11: AREA DE CUBIERTA | E11: 75.02 | I11: 1 | J11: =+PRODUCT(E11:I11) -> 75.02
D12: AREA DE CUBIERTA | E12: 58.04 | I12: 2 | J12: =+PRODUCT(E12:I12) -> 116.08
J13: =+PRODUCT(E13:I13) -> 0
J14: =+PRODUCT(E14:I14) -> 0
J15: =+PRODUCT(E15:I15) -> 0
J16: =+PRODUCT(E16:I16) -> 0
J17: =+PRODUCT(E17:I17) -> 0
J18: =+PRODUCT(E18:I18) -> 0
J19: =+PRODUCT(E19:I19) -> 0
J20: =+PRODUCT(E20:I20) -> 0
J21: =+PRODUCT(E21:I21) -> 0
J22: =+PRODUCT(E22:I22) -> 0
J23: =+PRODUCT(E23:I23) -> 0
J24: =+PRODUCT(E24:I24) -> 0
... J46: =+PRODUCT(E46:I46) -> 0
D47: TOTAL | J47: =ROUND(SUM(J8:J46),2) -> 444.48
D48: COBRADO ACTAS ANTERIORES
D49: TOTAL A COBRAR PRESENTE ACTA | J49: =+J47-J48 -> 444.48
A50: FECHA DE CREACION | D50: FIRMA
A51: =PPTO!G3 -> JUNIO DE 2026
D52: FORMULADOR
D61: =TAG30 -> 0

Sheet 3.4.1
A2: MEMORIAS DE CALCULO
A3: =PPTO!C3 -> MUNICIPIO DE SAN ROQUE - ANTIOQUIA, CORREGIMIENTO DE SAN JOSÉ DEL NÚS.
A4: =PPTO!C4 -> CONSTRUCCIÓN DE CENTRO DIA - MUNICIPIO DE SAN ROQUE
A5: ITEM | B5: =PPTO!B29 -> 3,4,1 | C5: =+VLOOKUP(B5,PPTO!B8:G94,2,FALSE) -> Suministro, figurado y armado de Acero de refuerzo 6000PSI, (se incluyen zapatas, vigas de fundación y vigas de amarre y columnas). | E5: UNIDAD | F5: =+VLOOKUP(B5,PPTO!B8:G94,3,FALSE) -> KG | G5: VALOR UNITARIO | I5: =+VLOOKUP(B5,PPTO!B8:G94,5,FALSE) -> 12038
D6: DESCRIPCION | E6: DIMENSIONES | H6: FACTOR | I6: CANTIDAD | J6: SUBTOTAL
E7: ANCHO | F7: LARGO | G7: DIST. EST. | H7: PESO/ML
D8: ZAPATAS | F8: =12*1.4 -> 16.8 | H8: 0.99 | I8: 28 | J8: =+PRODUCT(E8:I8) -> 465.696
D9: PEDESTALES Y COLUMNAS | F9: =8*5 -> 40 | H9: 0.99 | I9: 28 | J9: =+PRODUCT(E9:I9) -> 1108.8
D10: ESTRIBOS | F10: =+(1.04+0.42+0.42)*40 -> 75.2 | H10: 0.56 | I10: 28 | J10: =+PRODUCT(E10:I10) -> 1179.136
D11: ESTRIBOS | F11: =+(1.44+0.52+0.52)*22 -> 54.56 | H11: 0.56 | I11: 28 | J11: =+PRODUCT(E11:I11) -> 855.5008
D12: VIGAS DE FUNDACIÓN (V1, V2, V3, V4, V5) | F12: =+(4.7*4)+(6*4) -> 42.8 | H12: 1.55 | I12: 5 | J12: =+PRODUCT(E12:I12) -> 331.7
D13: VIGAS DE FUNDACIÓN (ESTRIBOS) | F13: 0.76 | H13: 0.56 | I13: =52*5 -> 260 | J13: =+PRODUCT(E13:I13) -> 110.656
D14: VIGAS DE FUNDACIÓN (V6) | F14: =+(8*3)+(4*5.4) -> 45.6 | H14: 1.55 | I14: 1 | J14: =+PRODUCT(E14:I14) -> 70.68
D15: VIGAS DE FUNDACIÓN (ESTRIBOS) | F15: 0.76 | H15: 0.56 | I15: 54 | J15: =+PRODUCT(E15:I15) -> 22.9824
D16: VIGAS DE FUNDACIÓN (V7, V8) | F16: =+(6*6)+(6*4.7) -> 64.2 | H16: 1.55 | I16: 2 | J16: =+PRODUCT(E16:I16) -> 199.02
D17: VIGAS DE FUNDACIÓN (ESTRIBOS) | F17: 0.76 | H17: 0.56 | I17: =54*2 -> 108 | J17: =+PRODUCT(E17:I17) -> 45.9648
D18: VIGAS DE FUNDACIÓN (VA, VC) | F18: =+(6*4.9)+(6*6)+(6*6)+(6*4.8)+(6*2.9)+(6*6)+(6*3.6)+(6*6)+(6*3.6) -> 262.8 | H18: 1.55 | I18: 2 | J18: =+PRODUCT(E18:I18) -> 814.68
D19: VIGAS DE FUNDACIÓN (ESTRIBOS) | F19: 0.76 | H19: 0.56 | I19: =212*2 -> 424 | J19: =+PRODUCT(E19:I19) -> 180.4544
D20: VIGAS DE FUNDACIÓN (VB) | F20: =+(6*4.9)+(6*6)+(6*6)+(6*4.8)+(6*3.2)+(6*6)+(6*3.6)+(6*6)+(6*3.6) -> 264.6 | H20: 1.55 | I20: 1 | J20: =+PRODUCT(E20:I20) -> 410.13
D21: VIGAS DE FUNDACIÓN (ESTRIBOS) | F21: 0.76 | H21: 0.56 | I21: 212 | J21: =+PRODUCT(E21:I21) -> 90.2272
D22: VIGAS AÉREAS (VA, VC) | F22: =+(4*5.8)+(4*6)+(6*6)+(6*4.8)+(6*2.9)+(4*6)+(4*3.6)+(4*6)+(4*4.4) -> 209.4 | H22: 1.55 | I22: 2 | J22: =+PRODUCT(E22:I22) -> 649.14
D23: VIGAS AÉREAS (ESTRIBOS) | F23: =0.44+0.34+0.16 -> 0.94 | H23: 0.56 | I23: =2*182 -> 364 | J23: =+PRODUCT(E23:I23) -> 191.6096
D24: VIGAS AÉREAS (VB) | F24: =+(4.9*4)+(4*6)+(6*6)+(6*4.8)+(6*3.2)+(4*6)+(4*3.6)+(4*6)+(4*3.6) -> 204.4 | H24: 1.55 | I24: 1 | J24: =+PRODUCT(E24:I24) -> 316.82
D25: VIGAS AÉREAS (ESTRIBOS) | F25: 0.94 | H25: 0.56 | I25: 182 | J25: =+PRODUCT(E25:I25) -> 95.8048
D26: VIGAS AÉREAS (V1, V2, V3, V4, V5, V6, V7, V8, V9) | F26: =+(4*3)+(4*6)+(4*4) -> 52 | H26: 1.55 | I26: 9 | J26: =+PRODUCT(E26:I26) -> 725.4
D27: VIGAS AÉREAS (ESTRIBOS) | F27: 0.94 | H27: 0.56 | I27: =48*9 -> 432 | J27: =+PRODUCT(E27:I27) -> 227.4048
J28: =+PRODUCT(E28:I28) -> 0
J29: =+PRODUCT(E29:I29) -> 0
J30: =+PRODUCT(E30:I30) -> 0 | K30: l
J31: =+PRODUCT(E31:I31) -> 0
J32: =+PRODUCT(E32:I32) -> 0
J33: =+PRODUCT(E33:I33) -> 0
J34: =+PRODUCT(E34:I34) -> 0
J35: =+PRODUCT(E35:I35) -> 0
J36: =+PRODUCT(E36:I36) -> 0
J37: =+PRODUCT(E37:I37) -> 0
J38: =+PRODUCT(E38:I38) -> 0
J39: =+PRODUCT(E39:I39) -> 0
J45: =+PRODUCT(E45:I45) -> 0
J46: =+PRODUCT(E46:I46) -> 0
D47: TOTAL | J47: =ROUND(SUM(J8:J46),2) -> 8091.81
D48: COBRADO ACTAS ANTERIORES
D49: TOTAL A COBRAR PRESENTE ACTA | J49: =+J47-J48 -> 8091.81
A50: FECHA DE CREACION | D50: FIRMA
A51: =PPTO!G3 -> JUNIO DE 2026
D52: FORMULADOR

Sheet 4.1
A2: MEMORIAS DE CALCULO
A3: =PPTO!C3 -> MUNICIPIO DE SAN ROQUE - ANTIOQUIA, CORREGIMIENTO DE SAN JOSÉ DEL NÚS.
A4: =PPTO!C4 -> CONSTRUCCIÓN DE CENTRO DIA - MUNICIPIO DE SAN ROQUE
A5: ITEM | B5: =PPTO!B31 -> 4.1 | C5: =+VLOOKUP(B5,PPTO!B8:G94,2,FALSE) -> Construcción de mampostería en ladrillo a la vista, de 10x15x30cm. Espesor de 15 cm. Incluye el suministro y transporte del ladrillo, el mortero de pega 1:4 espesor max=0.01 m y todos los demás elementos necesarios para su correcta construcción y funcionamiento. | E5: UNIDAD | F5: =+VLOOKUP(B5,PPTO!B8:G94,3,FALSE) -> M2 | G5: VALOR UNITARIO | I5: =+VLOOKUP(B5,PPTO!B8:G94,5,FALSE) -> 187443
D6: DESCRIPCION | E6: DIMENSIONES | H6: OTRO | I6: CANTIDAD | J6: SUBTOTAL
E7: ANCHO | F7: LARGO | G7: ALTURA
D8: MURO 1 | F8: 9.58 | G8: 2.7 | I8: 9 | J8: =+PRODUCT(E8:I8) -> 232.794
D9: MURO 2 | F9: 17.72 | G9: 2.7 | I9: 2 | J9: =+PRODUCT(E9:I9) -> 95.688
D10: MURO 3 | F10: 3.1 | G10: 2.7 | I10: 1 | J10: =+PRODUCT(E10:I10) -> 8.37
D11: MURO 4 | F11: 1.9 | G11: 2.7 | I11: 1 | J11: =+PRODUCT(E11:I11) -> 5.13
D12: MURO 5 | F12: 4.12 | G12: 2.7 | I12: 1 | J12: =+PRODUCT(E12:I12) -> 11.124
D13: MURO 6 | F13: 2.33 | G13: 2.7 | I13: 1 | J13: =+PRODUCT(E13:I13) -> 6.291
D14: MURO 7 | F14: 0.45 | G14: 2.7 | I14: 1 | J14: =+PRODUCT(E14:I14) -> 1.215
D15: MURO 8 | F15: 12.08 | G15: 2.7 | I15: 2 | J15: =+PRODUCT(E15:I15) -> 65.232
D16: MURO 9 | F16: 4.08 | G16: 2.7 | I16: 1 | J16: =+PRODUCT(E16:I16) -> 11.016
D17: MURO 10 | F17: 1.77 | G17: 2.7 | I17: 1 | J17: =+PRODUCT(E17:I17) -> 4.779
D18: MURO 11 | F18: 3.12 | G18: 2.7 | I18: 1 | J18: =+PRODUCT(E18:I18) -> 8.424
D19: MURO 12 | F19: 5.7 | G19: 2.7 | I19: 1 | J19: =+PRODUCT(E19:I19) -> 15.39
... D22: MURO 15 | F22: 3.89 | G22: 2.7 | I22: 1 | J22: =+PRODUCT(E22:I22) -> 10.503
J52: =+PRODUCT(E52:I52) -> 0
D53: TOTAL | J53: =ROUND(SUM(J8:J52),2) -> 485.46
D54: COBRADO ACTAS ANTERIORES
D55: TOTAL A COBRAR PRESENTE ACTA | J55: =+J53-J54 -> 485.46
A56: FECHA DE CREACION | D56: FIRMA
A57: =PPTO!G3 -> JUNIO DE 2026
D58: FORMULADOR

Sheet 4.2
A2: MEMORIAS DE CALCULO
A3: =PPTO!C3 -> MUNICIPIO DE SAN ROQUE - ANTIOQUIA, CORREGIMIENTO DE SAN JOSÉ DEL NÚS.
A4: =PPTO!C4 -> CONSTRUCCIÓN DE CENTRO DIA - MUNICIPIO DE SAN ROQUE
A5: ITEM | B5: =PPTO!B32 -> 4.2 | C5: =+VLOOKUP(B5,PPTO!B8:G94,2,FALSE) -> Impermeabilización Sobrecimientos en bloque por medio de IGOL denso plus o similar. Incluye mortero 1:4 espesor 2cm para revoque, pendientes, emulsión asfáltica, mediacaña, regata y todo lo necesario para su correcta construcción.. PRIMER NIVEL 80 cm | E5: UNIDAD | F5: =+VLOOKUP(B5,PPTO!B8:G94,3,FALSE) -> M2 | G5: VALOR UNITARIO | I5: =+VLOOKUP(B5,PPTO!B8:G94,5,FALSE) -> 59120
D6: DESCRIPCION | E6: DIMENSIONES | H6: DOBLE CARA | I6: CANTIDAD | J6: SUBTOTAL
E7: ANCHO | F7: LARGO | G7: ALTURA
D8: MURO 1 | F8: 9.58 | G8: 0.8 | H8: 2 | I8: 9 | J8: =+PRODUCT(E8:I8) -> 137.952
D9: MURO 2 | F9: 17.72 | G9: 0.8 | H9: 2 | I9: 2 | J9: =+PRODUCT(E9:I9) -> 56.704
D10: MURO 3 | F10: 3.1 | G10: 0.8 | H10: 2 | I10: 1 | J10: =+PRODUCT(E10:I10) -> 4.96
D11: MURO 4 | F11: 1.9 | G11: 0.8 | H11: 2 | I11: 1 | J11: =+PRODUCT(E11:I11) -> 3.04
D12: MURO 5 | F12: 4.12 | G12: 0.8 | H12: 2 | I12: 1 | J12: =+PRODUCT(E12:I12) -> 6.592
D13: MURO 6 | F13: 2.33 | G13: 0.8 | H13: 2 | I13: 1 | J13: =+PRODUCT(E13:I13) -> 3.728
D14: MURO 7 | F14: 0.45 | G14: 0.8 | H14: 2 | I14: 1 | J14: =+PRODUCT(E14:I14) -> 0.72
D15: MURO 8 | F15: 12.08 | G15: 0.8 | H15: 2 | I15: 2 | J15: =+PRODUCT(E15:I15) -> 38.656
D16: MURO 9 | F16: 4.08 | G16: 0.8 | H16: 2 | I16: 1 | J16: =+PRODUCT(E16:I16) -> 6.528
D17: MURO 10 | F17: 1.77 | G17: 0.8 | H17: 2 | I17: 1 | J17: =+PRODUCT(E17:I17) -> 2.832
D18: MURO 11 | F18: 3.12 | G18: 0.8 | H18: 2 | I18: 1 | J18: =+PRODUCT(E18:I18) -> 4.992
D19: MURO 12 | F19: 5.7 | G19: 0.8 | H19: 2 | I19: 1 | J19: =+PRODUCT(E19:I19) -> 9.12
... D22: MURO 15 | F22: 3.89 | G22: 0.8 | H22: 2 | I22: 1 | J22: =+PRODUCT(E22:I22) -> 6.224
J52: =+PRODUCT(E52:I52) -> 0
D53: TOTAL | J53: =ROUND(SUM(J8:J52),2) -> 287.68
D54: COBRADO ACTAS ANTERIORES
D55: TOTAL A COBRAR PRESENTE ACTA | J55: =+J53-J54 -> 287.68
A56: FECHA DE CREACION | D56: FIRMA
A57: =PPTO!G3 -> JUNIO DE 2026
D58: FORMULADOR

Sheet 4.3
A2: MEMORIAS DE CALCULO
A3: =PPTO!C3 -> MUNICIPIO DE SAN ROQUE - ANTIOQUIA, CORREGIMIENTO DE SAN JOSÉ DEL NÚS.
A4: =PPTO!C4 -> CONSTRUCCIÓN DE CENTRO DIA - MUNICIPIO DE SAN ROQUE
A5: ITEM | B5: =PPTO!B33 -> 4.3 | C5: =+VLOOKUP(B5,PPTO!B8:G94,2,FALSE) -> Colocación de revoque con mortero 1:4 impermeabilizado con sika 1 o equivalente en muros. Incluye suministro y transporte de materiales, fajas, ranuras, filetes y todos los demas elementos para su correcta construcció. | E5: UNIDAD | F5: =+VLOOKUP(B5,PPTO!B8:G94,3,FALSE) -> M2 | G5: VALOR UNITARIO | I5: =+VLOOKUP(B5,PPTO!B8:G94,5,FALSE) -> 31990
D6: DESCRIPCION | E6: DIMENSIONES | H6: CARAS | I6: CANTIDAD | J6: SUBTOTAL
E7: ANCHO | F7: LARGO | G7: ALTURA
D8: MURO 1 | F8: 9.58 | G8: 2.7 | H8: 14 | J8: =+PRODUCT(F8:I8) -> 362.124
D9: MURO 2 | F9: 17.72 | G9: 2.7 | H9: 2 | J9: =+PRODUCT(F9:I9) -> 95.688
D10: MURO 3 | F10: 3.1 | G10: 2.7 | H10: 2 | J10: =+PRODUCT(F10:I10) -> 16.74
D11: MURO 4 | F11: 1.9 | G11: 2.7 | H11: 2 | J11: =+PRODUCT(F11:I11) -> 10.26
D12: MURO 5 | F12: 4.12 | G12: 2.7 | H12: 2 | J12: =+PRODUCT(F12:I12) -> 22.248
D13: MURO 6 | F13: 2.33 | G13: 2.7 | H13: 2 | J13: =+PRODUCT(F13:I13) -> 12.582
D14: MURO 7 | F14: 0.45 | G14: 2.7 | H14: 2 | J14: =+PRODUCT(F14:I14) -> 2.43
D15: MURO 8 | F15: 12.08 | G15: 2.7 | H15: 2 | J15: =+PRODUCT(F15:I15) -> 65.232
D16: MURO 9 | F16: 4.08 | G16: 2.7 | H16: 2 | J16: =+PRODUCT(F16:I16) -> 22.032
D17: MURO 10 | F17: 1.77 | G17: 2.7 | H17: 2 | J17: =+PRODUCT(F17:I17) -> 9.558
D18: MURO 11 | F18: 3.12 | G18: 2.7 | H18: 2 | J18: =+PRODUCT(F18:I18) -> 16.848
D19: MURO 12 | F19: 5.7 | G19: 2.7 | H19: 2 | J19: =+PRODUCT(F19:I19) -> 30.78
... D22: MURO 15 | F22: 3.89 | G22: 2.7 | H22: 2 | J22: =+PRODUCT(F22:I22) -> 21.006
J52: =+PRODUCT(E52:I52) -> 0
D53: TOTAL | J53: =ROUND(SUM(J8:J52),2) -> 706.54
D54: COBRADO ACTAS ANTERIORES
D55: TOTAL A COBRAR PRESENTE ACTA | J55: =+J53-J54 -> 706.54
A56: FECHA DE CREACION | D56: FIRMA
A57: =PPTO!G3 -> JUNIO DE 2026
D58: FORMULADOR

Sheet 4.4
A2: MEMORIAS DE CALCULO
A3: =PPTO!C3 -> MUNICIPIO DE SAN ROQUE - ANTIOQUIA, CORREGIMIENTO DE SAN JOSÉ DEL NÚS.
A4: =PPTO!C4 -> CONSTRUCCIÓN DE CENTRO DIA - MUNICIPIO DE SAN ROQUE
A5: ITEM | B5: =PPTO!B34 -> 4.4 | C5: =+VLOOKUP(B5,PPTO!B8:G94,2,FALSE) -> Suministro, transporte y aplicación de hidrófugo impermeabilizante del tipo siliconite (Sika transparente o equivalente) o equivalente para mampostería de fachadas, con todos los elementos necesarios para su correcta instalación y funcionamiento, incluye a su vez lavado con aplicación de ácido nítrico e hidrosolve proporción 1:1:5 para lavada de muros interiores | E5: UNIDAD | F5: =+VLOOKUP(B5,PPTO!B8:G94,3,FALSE) -> M2 | G5: VALOR UNITARIO | I5: =+VLOOKUP(B5,PPTO!B8:G94,5,FALSE) -> 24661
D6: DESCRIPCION | E6: DIMENSIONES | H6: OTRO | I6: CANTIDAD | J6: SUBTOTAL
E7: ANCHO | F7: LARGO | G7: ALTURA
D8: MURO 1 | F8: 9.58 | G8: 2.7 | I8: 4 | J8: =+PRODUCT(E8:I8) -> 103.464
D9: MURO 2 | F9: 17.72 | G9: 2.7 | I9: 2 | J9: =+PRODUCT(E9:I9) -> 95.688
D10: MURO 3 | F10: 3.1 | G10: 2.7 | I10: 0 | J10: =+PRODUCT(E10:I10) -> 0
D11: MURO 4 | F11: 1.9 | G11: 2.7 | I11: 0 | J11: =+PRODUCT(E11:I11) -> 0
D12: MURO 5 | F12: 4.12 | G12: 2.7 | I12: 0 | J12: =+PRODUCT(E12:I12) -> 0
D13: MURO 6 | F13: 2.33 | G13: 2.7 | I13: 0 | J13: =+PRODUCT(E13:I13) -> 0
D14: MURO 7 | F14: 0.45 | G14: 2.7 | I14: 0 | J14: =+PRODUCT(E14:I14) -> 0
D15: MURO 8 | F15: 12.08 | G15: 2.7 | I15: 2 | J15: =+PRODUCT(E15:I15) -> 65.232
D16: MURO 9 | F16: 4.08 | G16: 2.7 | I16: 0 | J16: =+PRODUCT(E16:I16) -> 0
D17: MURO 10 | F17: 1.77 | G17: 2.7 | I17: 0 | J17: =+PRODUCT(E17:I17) -> 0
D18: MURO 11 | F18: 3.12 | G18: 2.7 | I18: 0 | J18: =+PRODUCT(E18:I18) -> 0
D19: MURO 12 | F19: 5.7 | G19: 2.7 | I19: 0 | J19: =+PRODUCT(E19:I19) -> 0
... D22: MURO 15 | F22: 3.89 | G22: 2.7 | I22: 0 | J22: =+PRODUCT(E22:I22) -> 0
B23: Solo muros de fachada van con mampostería a la vista
J52: =+PRODUCT(E52:I52) -> 0
D53: TOTAL | J53: =ROUND(SUM(J8:J52),2) -> 264.38
D54: COBRADO ACTAS ANTERIORES
D55: TOTAL A COBRAR PRESENTE ACTA | J55: =+J53-J54 -> 264.38
A56: FECHA DE CREACION | D56: FIRMA
A57: =PPTO!G3 -> JUNIO DE 2026
D58: FORMULADOR

Sheet 4.5
A2: MEMORIAS DE CALCULO
A3: =PPTO!C3 -> MUNICIPIO DE SAN ROQUE - ANTIOQUIA, CORREGIMIENTO DE SAN JOSÉ DEL NÚS.
A4: =PPTO!C4 -> CONSTRUCCIÓN DE CENTRO DIA - MUNICIPIO DE SAN ROQUE
A5: ITEM | B5: =PPTO!B35 -> 4.5 | C5: =+VLOOKUP(B5,PPTO!B8:G94,2,FALSE) -> Suministro, transporte y colocación de estuco en muros. Incluye fajas, ranuras, filetes, y todos los demás elementos necesarios para su correcta construcción. | E5: UNIDAD | F5: =+VLOOKUP(B5,PPTO!B8:G94,3,FALSE) -> M2 | G5: VALOR UNITARIO | I5: =+VLOOKUP(B5,PPTO!B8:G94,5,FALSE) -> 29511
D6: DESCRIPCION | E6: DIMENSIONES | H6: OTRO | I6: CANTIDAD | J6: SUBTOTAL
E7: ANCHO | F7: LARGO | G7: ALTURA
D8: MURO 1 | F8: 9.58 | G8: 2.7 | H8: 14 | J8: =+PRODUCT(F8:I8) -> 362.124
D9: MURO 2 | F9: 17.72 | G9: 2.7 | H9: 2 | J9: =+PRODUCT(F9:I9) -> 95.688
D10: MURO 3 | F10: 3.1 | G10: 2.7 | H10: 2 | J10: =+PRODUCT(F10:I10) -> 16.74
D11: MURO 4 | F11: 1.9 | G11: 2.7 | H11: 2 | J11: =+PRODUCT(F11:I11) -> 10.26
D12: MURO 5 | F12: 4.12 | G12: 2.7 | H12: 2 | J12: =+PRODUCT(F12:I12) -> 22.248
D13: MURO 6 | F13: 2.33 | G13: 2.7 | H13: 2 | J13: =+PRODUCT(F13:I13) -> 12.582
D14: MURO 7 | F14: 0.45 | G14: 2.7 | H14: 2 | J14: =+PRODUCT(F14:I14) -> 2.43
D15: MURO 8 | F15: 12.08 | G15: 2.7 | H15: 2 | J15: =+PRODUCT(F15:I15) -> 65.232
D16: MURO 9 | F16: 4.08 | G16: 2.7 | H16: 2 | J16: =+PRODUCT(F16:I16) -> 22.032
D17: MURO 10 | F17: 1.77 | G17: 2.7 | H17: 2 | J17: =+PRODUCT(F17:I17) -> 9.558
D18: MURO 11 | F18: 3.12 | G18: 2.7 | H18: 2 | J18: =+PRODUCT(F18:I18) -> 16.848
D19: MURO 12 | F19: 5.7 | G19: 2.7 | H19: 2 | J19: =+PRODUCT(F19:I19) -> 30.78
... D22: MURO 15 | F22: 3.89 | G22: 2.7 | H22: 2 | J22: =+PRODUCT(F22:I22) -> 21.006
J52: =+PRODUCT(E52:I52) -> 0
D53: TOTAL | J53: =ROUND(SUM(J8:J52),2) -> 706.54
D54: COBRADO ACTAS ANTERIORES
D55: TOTAL A COBRAR PRESENTE ACTA | J55: =+J53-J54 -> 706.54
A56: FECHA DE CREACION | D56: FIRMA
A57: =PPTO!G3 -> JUNIO DE 2026
D58: FORMULADOR

Sheet 4.6
A2: MEMORIAS DE CALCULO
A3: =PPTO!C3 -> MUNICIPIO DE SAN ROQUE - ANTIOQUIA, CORREGIMIENTO DE SAN JOSÉ DEL NÚS.
A4: =PPTO!C4 -> CONSTRUCCIÓN DE CENTRO DIA - MUNICIPIO DE SAN ROQUE
A5: ITEM | B5: =PPTO!B36 -> 4.6 | C5: =+VLOOKUP(B5,PPTO!B8:G94,2,FALSE) -> Suministro y aplicación de pintura tipo 1, tres manos, incluye la preparación de la superficie y todos los insumos necesarios para el desarrollo de la actividad. | E5: UNIDAD | F5: =+VLOOKUP(B5,PPTO!B8:G94,3,FALSE) -> M2 | G5: VALOR UNITARIO | I5: =+VLOOKUP(B5,PPTO!B8:G94,5,FALSE) -> 31431
D6: DESCRIPCION | E6: DIMENSIONES | H6: OTRO | I6: CANTIDAD | J6: SUBTOTAL
E7: ANCHO | F7: LARGO | G7: ALTURA
D8: MURO 1 | F8: 9.58 | G8: 2.7 | H8: 14 | J8: =+PRODUCT(F8:I8) -> 362.124
D9: MURO 2 | F9: 17.72 | G9: 2.7 | H9: 2 | J9: =+PRODUCT(F9:I9) -> 95.688
D10: MURO 3 | F10: 3.1 | G10: 2.7 | H10: 2 | J10: =+PRODUCT(F10:I10) -> 16.74
D11: MURO 4 | F11: 1.9 | G11: 2.7 | H11: 2 | J11: =+PRODUCT(F11:I11) -> 10.26
D12: MURO 5 | F12: 4.12 | G12: 2.7 | H12: 2 | J12: =+PRODUCT(F12:I12) -> 22.248
D13: MURO 6 | F13: 2.33 | G13: 2.7 | H13: 2 | J13: =+PRODUCT(F13:I13) -> 12.582
D14: MURO 7 | F14: 0.45 | G14: 2.7 | H14: 2 | J14: =+PRODUCT(F14:I14) -> 2.43
D15: MURO 8 | F15: 12.08 | G15: 2.7 | H15: 2 | J15: =+PRODUCT(F15:I15) -> 65.232
D16: MURO 9 | F16: 4.08 | G16: 2.7 | H16: 2 | J16: =+PRODUCT(F16:I16) -> 22.032
D17: MURO 10 | F17: 1.77 | G17: 2.7 | H17: 2 | J17: =+PRODUCT(F17:I17) -> 9.558
D18: MURO 11 | F18: 3.12 | G18: 2.7 | H18: 2 | J18: =+PRODUCT(F18:I18) -> 16.848
D19: MURO 12 | F19: 5.7 | G19: 2.7 | H19: 2 | J19: =+PRODUCT(F19:I19) -> 30.78
... D22: MURO 15 | F22: 3.89 | G22: 2.7 | H22: 2 | J22: =+PRODUCT(F22:I22) -> 21.006
J52: =+PRODUCT(E52:I52) -> 0
D53: TOTAL | J53: =ROUND(SUM(J8:J52),2) -> 706.54
D54: COBRADO ACTAS ANTERIORES
D55: TOTAL A COBRAR PRESENTE ACTA | J55: =+J53-J54 -> 706.54
A56: FECHA DE CREACION | D56: FIRMA
A57: =PPTO!G3 -> JUNIO DE 2026
D58: FORMULADOR

Sheet 5.1
A2: MEMORIAS DE CALCULO
A3: =PPTO!C3 -> MUNICIPIO DE SAN ROQUE - ANTIOQUIA, CORREGIMIENTO DE SAN JOSÉ DEL NÚS.
A4: =PPTO!C4 -> CONSTRUCCIÓN DE CENTRO DIA - MUNICIPIO DE SAN ROQUE
A5: ITEM | B5: =PPTO!B38 -> 5.1 | C5: =+VLOOKUP(B5,PPTO!B8:G94,2,FALSE) -> Enchape de piso antideslizante incluye: mortero, pegante, cerámica antideslizante y lechada de limpieza. | E5: UNIDAD | F5: =+VLOOKUP(B5,PPTO!B8:G94,3,FALSE) -> M2 | G5: VALOR UNITARIO | I5: =+VLOOKUP(B5,PPTO!B8:G94,5,FALSE) -> 129661
D6: DESCRIPCION | E6: DIMENSIONES | H6: OTRO | I6: CANTIDAD | J6: SUBTOTAL
E7: ANCHO | F7: LARGO | G7: ALTURA | H7: ÁREA
D8: Salon TICS | H8: 43.31 | J8: =+PRODUCT(E8:I8) -> 43.31
D9: Taller 2 | H9: 41.84 | J9: =+PRODUCT(E9:I9) -> 41.84
D10: Baños y cuarto técnico | H10: 74.13 | J10: =+PRODUCT(E10:I10) -> 74.13
D11: Comedor | H11: =75.48 -> 75.48 | J11: =+PRODUCT(E11:I11) -> 75.48
D12: Cocina | H12: 23.82 | J12: =+PRODUCT(E12:I12) -> 23.82
D13: Zona de ropas | H13: 14.11 | J13: =+PRODUCT(E13:I13) -> 14.11
D14: Taller 1 | H14: 39.48 | J14: =+PRODUCT(E14:I14) -> 39.48
D15: Oficina | H15: 11.35 | J15: =+PRODUCT(E15:I15) -> 11.35
D16: Consultorio + baño | H16: 17.34 | J16: =+PRODUCT(E16:I16) -> 17.34
J17: =+PRODUCT(E17:I17) -> 0
J18: =+PRODUCT(E18:I18) -> 0
J19: =+PRODUCT(E19:I19) -> 0
J20: =+PRODUCT(E20:I20) -> 0
J21: =+PRODUCT(E21:I21) -> 0
J22: =+PRODUCT(E22:I22) -> 0
J23: =+PRODUCT(E23:I23) -> 0
J24: =+PRODUCT(E24:I24) -> 0
J25: =+PRODUCT(E25:I25) -> 0
J26: =+PRODUCT(E26:I26) -> 0
J27: =+PRODUCT(E27:I27) -> 0
J28: =+PRODUCT(E28:I28) -> 0
... J46: =+PRODUCT(E46:I46) -> 0
D47: TOTAL | J47: =ROUND(SUM(J8:J46),2) -> 340.86
D48: COBRADO ACTAS ANTERIORES
D49: TOTAL A COBRAR PRESENTE ACTA | J49: =+J47-J48 -> 340.86
A50: FECHA DE CREACION | D50: FIRMA
A51: =PPTO!G3 -> JUNIO DE 2026
D52: FORMULADOR

Sheet 5.2
A2: MEMORIAS DE CALCULO
A3: =PPTO!C3 -> MUNICIPIO DE SAN ROQUE - ANTIOQUIA, CORREGIMIENTO DE SAN JOSÉ DEL NÚS.
A4: =PPTO!C4 -> CONSTRUCCIÓN DE CENTRO DIA - MUNICIPIO DE SAN ROQUE
A5: ITEM | B5: =PPTO!B39 -> 5.2 | C5: =+VLOOKUP(B5,PPTO!B8:G94,2,FALSE) -> Enchape cocina pared sobre mesón incluye: pegante, cerámica y lechada de limpieza | E5: UNIDAD | F5: =+VLOOKUP(B5,PPTO!B8:G94,3,FALSE) -> M2 | G5: VALOR UNITARIO | I5: =+VLOOKUP(B5,PPTO!B8:G94,5,FALSE) -> 97951
D6: DESCRIPCION | E6: DIMENSIONES | H6: OTRO | I6: CANTIDAD | J6: SUBTOTAL
E7: ANCHO | F7: LARGO | G7: ALTURA
D8: Muro en baño de consultorio | F8: =1.8+1.8+3.1+3.1 -> 9.8 | G8: 2.2 | I8: 1 | J8: =+PRODUCT(E8:I8) -> 21.56
D9: Muros cocina | F9: =5.8+5.8+4.12+4.12+2.33+2.33 -> 24.5 | G9: 2.5 | I9: 1 | J9: =+PRODUCT(E9:I9) -> 61.25
D10: Muros lavanderia | F10: =4.12+4.12 -> 8.24 | G10: 2.2 | I10: 1 | J10: =+PRODUCT(E10:I10) -> 18.128
D11: Muros baños | F11: =9.27+2.28+2.28+5.7+2.28+2.28+3.9+9.27+3.9+3.95+3.95+1.72+1.72 -> 52.5 | G11: 2.2 | I11: 1 | J11: =+PRODUCT(E11:I11) -> 115.5
J12: =+PRODUCT(E12:I12) -> 0
J13: =+PRODUCT(E13:I13) -> 0
J14: =+PRODUCT(E14:I14) -> 0
J15: =+PRODUCT(E15:I15) -> 0
J16: =+PRODUCT(E16:I16) -> 0
J17: =+PRODUCT(E17:I17) -> 0
J18: =+PRODUCT(E18:I18) -> 0
J19: =+PRODUCT(E19:I19) -> 0
J20: =+PRODUCT(E20:I20) -> 0
J21: =+PRODUCT(E21:I21) -> 0
J22: =+PRODUCT(E22:I22) -> 0
J23: =+PRODUCT(E23:I23) -> 0
... J46: =+PRODUCT(E46:I46) -> 0
D47: TOTAL | J47: =ROUND(SUM(J8:J46),2) -> 216.44
D48: COBRADO ACTAS ANTERIORES
D49: TOTAL A COBRAR PRESENTE ACTA | J49: =+J47-J48 -> 216.44
A50: FECHA DE CREACION | D50: FIRMA
A51: =PPTO!G3 -> JUNIO DE 2026
D52: FORMULADOR

Sheet 5.3
A2: MEMORIAS DE CALCULO
A3: =PPTO!C3 -> MUNICIPIO DE SAN ROQUE - ANTIOQUIA, CORREGIMIENTO DE SAN JOSÉ DEL NÚS.
A4: =PPTO!C4 -> CONSTRUCCIÓN DE CENTRO DIA - MUNICIPIO DE SAN ROQUE
A5: ITEM | B5: =PPTO!B40 -> 5.3 | C5: =+VLOOKUP(B5,PPTO!B8:G94,2,FALSE) -> Cielo en drywall local con fajas y dilatadores incluye: (estructura, placa, macilla y pintura) | E5: UNIDAD | F5: =+VLOOKUP(B5,PPTO!B8:G94,3,FALSE) -> M2 | G5: VALOR UNITARIO | I5: =+VLOOKUP(B5,PPTO!B8:G94,5,FALSE) -> 103072.31
D6: DESCRIPCION | E6: DIMENSIONES | H6: OTRO | I6: CANTIDAD | J6: SUBTOTAL
E7: ANCHO | F7: LARGO | G7: ALTURA | H7: ÁREA
D8: Salon TICS | H8: 43.31 | J8: =+PRODUCT(E8:I8) -> 43.31
D9: Taller 2 | H9: 41.84 | J9: =+PRODUCT(E9:I9) -> 41.84
D10: Baños y cuarto técnico | H10: 74.13 | J10: =+PRODUCT(E10:I10) -> 74.13
D11: Comedor | H11: =75.48*0 -> 0 | J11: =+PRODUCT(E11:I11) -> 0
D12: Cocina | H12: =23.82 -> 23.82 | J12: =+PRODUCT(E12:I12) -> 23.82
D13: Zona de ropas | H13: 14.11 | J13: =+PRODUCT(E13:I13) -> 14.11
D14: Taller 1 | H14: 39.48 | J14: =+PRODUCT(E14:I14) -> 39.48
D15: Oficina | H15: 11.35 | J15: =+PRODUCT(E15:I15) -> 11.35
D16: Consultorio + baño | H16: 17.34 | J16: =+PRODUCT(E16:I16) -> 17.34
J17: =+PRODUCT(E17:I17) -> 0
J18: =+PRODUCT(E18:I18) -> 0
J19: =+PRODUCT(E19:I19) -> 0
J20: =+PRODUCT(E20:I20) -> 0
J21: =+PRODUCT(E21:I21) -> 0
J22: =+PRODUCT(E22:I22) -> 0
J23: =+PRODUCT(E23:I23) -> 0
J24: =+PRODUCT(E24:I24) -> 0
J25: =+PRODUCT(E25:I25) -> 0
J26: =+PRODUCT(E26:I26) -> 0
J27: =+PRODUCT(E27:I27) -> 0
J28: =+PRODUCT(E28:I28) -> 0
... J46: =+PRODUCT(E46:I46) -> 0
D47: TOTAL | J47: =ROUND(SUM(J8:J46),2) -> 265.38
D48: COBRADO ACTAS ANTERIORES
D49: TOTAL A COBRAR PRESENTE ACTA | J49: =+J47-J48 -> 265.38
A50: FECHA DE CREACION | D50: FIRMA
A51: =PPTO!G3 -> JUNIO DE 2026
D52: FORMULADOR

Sheet 5.4
A2: MEMORIAS DE CALCULO
A3: =PPTO!C3 -> MUNICIPIO DE SAN ROQUE - ANTIOQUIA, CORREGIMIENTO DE SAN JOSÉ DEL NÚS.
A4: =PPTO!C4 -> CONSTRUCCIÓN DE CENTRO DIA - MUNICIPIO DE SAN ROQUE
A5: ITEM | B5: =PPTO!B40 -> 5.3 | C5: =+VLOOKUP(B5,PPTO!B8:G94,2,FALSE) -> Cielo en drywall local con fajas y dilatadores incluye: (estructura, placa, macilla y pintura) | E5: UNIDAD | F5: =+VLOOKUP(B5,PPTO!B8:G94,3,FALSE) -> M2 | G5: VALOR UNITARIO | I5: =+VLOOKUP(B5,PPTO!B8:G94,5,FALSE) -> 103072.31
D6: DESCRIPCION | E6: DIMENSIONES | H6: OTRO | I6: CANTIDAD | J6: SUBTOTAL
E7: ANCHO | F7: LARGO | G7: ALTURA | H7: ÁREA
D8: Salon TICS | F8: =9.26+9.26+4.64+4.64 -> 27.8 | J8: =+PRODUCT(E8:I8) -> 27.8
D9: Taller 2 | F9: =9.26+9.26+4.49+4.49 -> 27.5 | J9: =+PRODUCT(E9:I9) -> 27.5
D10: Cuartos técnico y de basura | F10: =(3.12*4)+1.89+1.89+1+1 -> 18.26 | J10: =+PRODUCT(E10:I10) -> 18.26
D11: Comedor | F11: =9.26*2 -> 18.52 | J11: =+PRODUCT(E11:I11) -> 18.52
D12: Zona de ropas | F12: =3.4+3.4 -> 6.8 | J12: =+PRODUCT(E12:I12) -> 6.8
D13: Taller 1 | F13: =9.28+9.28+4.26+4.26 -> 27.08 | J13: =+PRODUCT(E13:I13) -> 27.08
D14: Oficina | F14: =3.1+3.1+3.59+3.59 -> 13.38 | J14: =+PRODUCT(E14:I14) -> 13.38
D15: Consultorio + baño | F15: =3.1+3.1+3.59+3.59 -> 13.38 | J15: =+PRODUCT(E15:I15) -> 13.38
J16: =+PRODUCT(E16:I16) -> 0
J17: =+PRODUCT(E17:I17) -> 0
J18: =+PRODUCT(E18:I18) -> 0
J19: =+PRODUCT(E19:I19) -> 0
J20: =+PRODUCT(E20:I20) -> 0
J21: =+PRODUCT(E21:I21) -> 0
J22: =+PRODUCT(E22:I22) -> 0
J23: =+PRODUCT(E23:I23) -> 0
J24: =+PRODUCT(E24:I24) -> 0
J25: =+PRODUCT(E25:I25) -> 0
J26: =+PRODUCT(E26:I26) -> 0
J27: =+PRODUCT(E27:I27) -> 0
... J45: =+PRODUCT(E45:I45) -> 0
D47: TOTAL | J47: =ROUND(SUM(J8:J45),2) -> 152.72
D48: COBRADO ACTAS ANTERIORES
D49: TOTAL A COBRAR PRESENTE ACTA | J49: =+J47-J48 -> 152.72
A50: FECHA DE CREACION | D50: FIRMA
A51: =PPTO!G3 -> JUNIO DE 2026
D52: FORMULADOR

Sheet 6.1
A2: MEMORIAS DE CALCULO
A3: =PPTO!C3 -> MUNICIPIO DE SAN ROQUE - ANTIOQUIA, CORREGIMIENTO DE SAN JOSÉ DEL NÚS.
A4: =PPTO!C4 -> CONSTRUCCIÓN DE CENTRO DIA - MUNICIPIO DE SAN ROQUE
A5: ITEM | B5: 6.1 | C5: =+VLOOKUP(B5,PPTO!B8:G94,2,FALSE) -> Suministro, transporte e instalación de salida para toma doble p/t. Incluye en tubería IMC, accesorios, alambre de cobre THHN-AWG- LS#12, según cuadro de cargas y notas en planos, elementos para el correcto funcionamiento y aparato línea Génesis. | E5: UNIDAD | F5: =+VLOOKUP(B5,PPTO!B8:G94,3,FALSE) -> UN | G5: VALOR UNITARIO | I5: =+VLOOKUP(B5,PPTO!B8:G94,5,FALSE) -> 96826.664
D6: DESCRIPCION | E6: DIMENSIONES | H6: OTRO | I6: CANTIDAD | J6: SUBTOTAL
E7: ANCHO | F7: LARGO | G7: ALTURA
D8: SALON TICS | I8: 3 | J8: =+PRODUCT(E8:I8) -> 3
D9: TALLER 2 | I9: 5 | J9: =+PRODUCT(E9:I9) -> 5
D10: CUARTOS DE RESIDUOSY TÉCNICO | I10: 3 | J10: =+PRODUCT(E10:I10) -> 3
D11: COMEDOR | I11: 3 | J11: =+PRODUCT(E11:I11) -> 3
D12: TALLER 1 | I12: 6 | J12: =+PRODUCT(E12:I12) -> 6
D13: OFICINA | I13: 2 | J13: =+PRODUCT(E13:I13) -> 2
D14: CONSULTORIO | I14: 1 | J14: =+PRODUCT(E14:I14) -> 1
J15: =+PRODUCT(E15:I15) -> 0
J16: =+PRODUCT(E16:I16) -> 0
J17: =+PRODUCT(E17:I17) -> 0
J18: =+PRODUCT(E18:I18) -> 0
J19: =+PRODUCT(E19:I19) -> 0
J20: =+PRODUCT(E20:I20) -> 0
J21: =+PRODUCT(E21:I21) -> 0
J22: =+PRODUCT(E22:I22) -> 0
J23: =+PRODUCT(E23:I23) -> 0
J24: =+PRODUCT(E24:I24) -> 0
J25: =+PRODUCT(E25:I25) -> 0
J26: =+PRODUCT(E26:I26) -> 0
... J45: =+PRODUCT(E45:I45) -> 0
D46: TOTAL | J46: =ROUND(SUM(J8:J45),2) -> 23
D47: COBRADO ACTAS ANTERIORES
D48: TOTAL A COBRAR PRESENTE ACTA | J48: =+J46-J47 -> 23
A49: FECHA DE CREACION | D49: FIRMA
A50: =PPTO!G3 -> JUNIO DE 2026
D51: FORMULADOR

Sheet 6.2
A2: MEMORIAS DE CALCULO
A3: =PPTO!C3 -> MUNICIPIO DE SAN ROQUE - ANTIOQUIA, CORREGIMIENTO DE SAN JOSÉ DEL NÚS.
A4: =PPTO!C4 -> CONSTRUCCIÓN DE CENTRO DIA - MUNICIPIO DE SAN ROQUE
A5: ITEM | B5: 6.2 | C5: =+VLOOKUP(B5,PPTO!B8:G94,2,FALSE) -> Suministro, transporte e instalación de salida eléctrica para toma GFCI. en IMC 3/4", caja y accesorios, alambre de cobre THHN-AWG-LS #12, según cuadro de cargas y notas en planos, aparato línea Génesis. | E5: UNIDAD | F5: =+VLOOKUP(B5,PPTO!B8:G94,3,FALSE) -> UN | G5: VALOR UNITARIO | I5: =+VLOOKUP(B5,PPTO!B8:G94,5,FALSE) -> 122826.66
D6: DESCRIPCION | E6: DIMENSIONES | H6: OTRO | I6: CANTIDAD | J6: SUBTOTAL
E7: ANCHO | F7: LARGO | G7: ALTURA
D8: BAÑOS | I8: 4 | J8: =+PRODUCT(E8:I8) -> 4
D9: COCINA | I9: 3 | J9: =+PRODUCT(E9:I9) -> 3
D10: ZONA DE ROPAS (LAVANDERÍA) | I10: 7 | J10: =+PRODUCT(E10:I10) -> 7
D11: CONSULTORIO | I11: 2 | J11: =+PRODUCT(E11:I11) -> 2
J12: =+PRODUCT(E12:I12) -> 0
J13: =+PRODUCT(E13:I13) -> 0
J14: =+PRODUCT(E14:I14) -> 0
J15: =+PRODUCT(E15:I15) -> 0
J16: =+PRODUCT(E16:I16) -> 0
J17: =+PRODUCT(E17:I17) -> 0
J18: =+PRODUCT(E18:I18) -> 0
J19: =+PRODUCT(E19:I19) -> 0
J20: =+PRODUCT(E20:I20) -> 0
J21: =+PRODUCT(E21:I21) -> 0
J22: =+PRODUCT(E22:I22) -> 0
J23: =+PRODUCT(E23:I23) -> 0
... J45: =+PRODUCT(E45:I45) -> 0
J46: =+PRODUCT(E46:I46) -> 0 | M46: =J47/1.5 -> 10.666667
D47: TOTAL | J47: =ROUND(SUM(J8:J46),2) -> 16
D48: COBRADO ACTAS ANTERIORES
D49: TOTAL A COBRAR PRESENTE ACTA | J49: =+J47-J48 -> 16
A50: FECHA DE CREACION | D50: FIRMA
A51: =PPTO!G3 -> JUNIO DE 2026
D52: FORMULADOR

Sheet 6.3
A2: MEMORIAS DE CALCULO
A3: =PPTO!C3 -> MUNICIPIO DE SAN ROQUE - ANTIOQUIA, CORREGIMIENTO DE SAN JOSÉ DEL NÚS.
A4: =PPTO!C4 -> CONSTRUCCIÓN DE CENTRO DIA - MUNICIPIO DE SAN ROQUE
A5: ITEM | B5: 6.3 | C5: =+VLOOKUP(B5,PPTO!B8:G94,2,FALSE) -> Suministro, transporte e instalación de salida para toma doble especial p/t, en PVC 1/2", caja y accesorios, alambre de cobre THHN-AWG- LS #12, según cuadro de cargas y notas en planos. Toma para equipos especiales | E5: UNIDAD | F5: =+VLOOKUP(B5,PPTO!B8:G94,3,FALSE) -> UN | G5: VALOR UNITARIO | I5: =+VLOOKUP(B5,PPTO!B8:G94,5,FALSE) -> 100826.66
D6: DESCRIPCION | E6: DIMENSIONES | H6: OTRO | I6: CANTIDAD | J6: SUBTOTAL
E7: ANCHO | F7: LARGO | G7: ALTURA
D8: SALON TICS | I8: 16 | J8: =+PRODUCT(E8:I8) -> 16
D9: TALLER 2 | I9: 0 | J9: =+PRODUCT(E9:I9) -> 0
D10: CUARTOS DE RESIDUOSY TÉCNICO | I10: 2 | J10: =+PRODUCT(E10:I10) -> 2
D11: COMEDOR | I11: 0 | J11: =+PRODUCT(E11:I11) -> 0
D12: TALLER 1 | I12: 0 | J12: =+PRODUCT(E12:I12) -> 0
D13: OFICINA | I13: 2 | J13: =+PRODUCT(E13:I13) -> 2
D14: CONSULTORIO | I14: 1 | J14: =+PRODUCT(E14:I14) -> 1
J15: =+PRODUCT(E15:I15) -> 0
J16: =+PRODUCT(E16:I16) -> 0
J17: =+PRODUCT(E17:I17) -> 0
J18: =+PRODUCT(E18:I18) -> 0
J19: =+PRODUCT(E19:I19) -> 0
J20: =+PRODUCT(E20:I20) -> 0
J21: =+PRODUCT(E21:I21) -> 0
J22: =+PRODUCT(E22:I22) -> 0
J23: =+PRODUCT(E23:I23) -> 0
J24: =+PRODUCT(E24:I24) -> 0
J25: =+PRODUCT(E25:I25) -> 0
J26: =+PRODUCT(E26:I26) -> 0
... J45: =+PRODUCT(E45:I45) -> 0
J46: =+PRODUCT(E46:I46) -> 0 | M46: =J47/1.5 -> 14
D47: TOTAL | J47: =ROUND(SUM(J8:J46),2) -> 21
D48: COBRADO ACTAS ANTERIORES
D49: TOTAL A COBRAR PRESENTE ACTA | J49: =+J47-J48 -> 21
A50: FECHA DE CREACION | D50: FIRMA
A51: =PPTO!G3 -> JUNIO DE 2026
D52: FORMULADOR

Sheet 6.4
A2: MEMORIAS DE CALCULO
A3: =PPTO!C3 -> MUNICIPIO DE SAN ROQUE - ANTIOQUIA, CORREGIMIENTO DE SAN JOSÉ DEL NÚS.
A4: =PPTO!C4 -> CONSTRUCCIÓN DE CENTRO DIA - MUNICIPIO DE SAN ROQUE
A5: ITEM | B5: 6.4 | C5: =+VLOOKUP(B5,PPTO!B8:G94,2,FALSE) -> Suministro, transporte e instalación de salida eléctrica para toma 3x30A p/t. en PVC 3/4", caja y accesorios, alambre de cobre THHN-AWG #10+12, según cuadro de cargas y notas en planos. Toma levinton. | E5: UNIDAD | F5: =+VLOOKUP(B5,PPTO!B8:G94,3,FALSE) -> UN | G5: VALOR UNITARIO | I5: =+VLOOKUP(B5,PPTO!B8:G94,5,FALSE) -> 115051.66
D6: DESCRIPCION | E6: DIMENSIONES | H6: OTRO | I6: CANTIDAD | J6: SUBTOTAL
E7: ANCHO | F7: LARGO | G7: ALTURA
J8: =+PRODUCT(E8:I8) -> 0
D9: COCINA NEVERA | I9: 1 | J9: =+PRODUCT(E9:I9) -> 1
D10: COCINA ESTUFA | I10: 1 | J10: =+PRODUCT(E10:I10) -> 1
D11: LAVANDERIA | I11: 7 | J11: =+PRODUCT(E11:I11) -> 7
J12: =+PRODUCT(E12:I12) -> 0
J13: =+PRODUCT(E13:I13) -> 0
J14: =+PRODUCT(E14:I14) -> 0
J15: =+PRODUCT(E15:I15) -> 0
J16: =+PRODUCT(E16:I16) -> 0
J17: =+PRODUCT(E17:I17) -> 0
J18: =+PRODUCT(E18:I18) -> 0
J19: =+PRODUCT(E19:I19) -> 0
J20: =+PRODUCT(E20:I20) -> 0
J21: =+PRODUCT(E21:I21) -> 0
J22: =+PRODUCT(E22:I22) -> 0
J23: =+PRODUCT(E23:I23) -> 0
... J45: =+PRODUCT(E45:I45) -> 0
J46: =+PRODUCT(E46:I46) -> 0 | M46: =J47/1.5 -> 6
D47: TOTAL | J47: =ROUND(SUM(J8:J46),2) -> 9
D48: COBRADO ACTAS ANTERIORES
D49: TOTAL A COBRAR PRESENTE ACTA | J49: =+J47-J48 -> 9
A50: FECHA DE CREACION | D50: FIRMA
A51: =PPTO!G3 -> JUNIO DE 2026
D52: FORMULADOR

Sheet 6.5
A2: MEMORIAS DE CALCULO
A3: =PPTO!C3 -> MUNICIPIO DE SAN ROQUE - ANTIOQUIA, CORREGIMIENTO DE SAN JOSÉ DEL NÚS.
A4: =PPTO!C4 -> CONSTRUCCIÓN DE CENTRO DIA - MUNICIPIO DE SAN ROQUE
A5: ITEM | B5: 6.5 | C5: =+VLOOKUP(B5,PPTO!B8:G94,2,FALSE) -> Suministro, transporte e instalación de salida para luminaria panel tipo LED de 24,2W, de cielo, con tubería EMT 1/2", según planos, alambre de cobre THHN-AWG #12 y todos los elementos para el correcto funcionamiento. | E5: UNIDAD | F5: =+VLOOKUP(B5,PPTO!B8:G94,3,FALSE) -> UN | G5: VALOR UNITARIO | I5: =+VLOOKUP(B5,PPTO!B8:G94,5,FALSE) -> 168778.79
D6: DESCRIPCION | E6: DIMENSIONES | H6: OTRO | I6: CANTIDAD | J6: SUBTOTAL
E7: ANCHO | F7: LARGO | G7: ALTURA
D8: SALON TICS | I8: 12 | J8: =+PRODUCT(E8:I8) -> 12
D9: TALLER 2 | I9: 9 | J9: =+PRODUCT(E9:I9) -> 9
D10: COMEDOR | I10: 9 | J10: =+PRODUCT(E10:I10) -> 9
D11: ZONA DE ROPAS | I11: 2 | J11: =+PRODUCT(E11:I11) -> 2
D12: TALLER 1 | I12: 9 | J12: =+PRODUCT(E12:I12) -> 9
J13: =+PRODUCT(E13:I13) -> 0
J14: =+PRODUCT(E14:I14) -> 0
J15: =+PRODUCT(E15:I15) -> 0
J16: =+PRODUCT(E16:I16) -> 0
J17: =+PRODUCT(E17:I17) -> 0
J18: =+PRODUCT(E18:I18) -> 0
J19: =+PRODUCT(E19:I19) -> 0
J20: =+PRODUCT(E20:I20) -> 0
J21: =+PRODUCT(E21:I21) -> 0
J22: =+PRODUCT(E22:I22) -> 0
J23: =+PRODUCT(E23:I23) -> 0
J24: =+PRODUCT(E24:I24) -> 0
... J39: =+PRODUCT(E39:I39) -> 0
J40: =+PRODUCT(E40:I40) -> 0 | M40: =J41/1.5 -> 27.333333
D41: TOTAL | J41: =ROUND(SUM(J8:J40),2) -> 41
D42: COBRADO ACTAS ANTERIORES
D43: TOTAL A COBRAR PRESENTE ACTA | J43: =+J41-J42 -> 41
A44: FECHA DE CREACION | D44: FIRMA
A45: =PPTO!G3 -> JUNIO DE 2026
D46: FORMULADOR

Sheet 6.6
A2: MEMORIAS DE CALCULO
A3: =PPTO!C3 -> MUNICIPIO DE SAN ROQUE - ANTIOQUIA, CORREGIMIENTO DE SAN JOSÉ DEL NÚS.
A4: =PPTO!C4 -> CONSTRUCCIÓN DE CENTRO DIA - MUNICIPIO DE SAN ROQUE
A5: ITEM | B5: 6.6 | C5: =+VLOOKUP(B5,PPTO!B8:G94,2,FALSE) -> Suministro, transporte e instalación de salida para luminaria OJO BUEY TIPO INTERIOR (Panel led redondo 120V 12W), incrustada en losa, pared o mampostería. Incluye tubería PVC 1/2", según planos, accesorios, alambre de cobre THHN-AWG-LS #12, y todos los elementos para el correcto funcionamiento. | E5: UNIDAD | F5: =+VLOOKUP(B5,PPTO!B8:G94,3,FALSE) -> UN | G5: VALOR UNITARIO | I5: =+VLOOKUP(B5,PPTO!B8:G94,5,FALSE) -> 91268.664
D6: DESCRIPCION | E6: DIMENSIONES | H6: OTRO | I6: CANTIDAD | J6: SUBTOTAL
E7: ANCHO | F7: LARGO | G7: ALTURA
D8: BAÑOS (INCLUYE CUARTO DE ASEO) | I8: 22 | J8: =+PRODUCT(E8:I8) -> 22
D9: CUARTO RESIDUOS | I9: 1 | J9: =+PRODUCT(E9:I9) -> 1
J10: =+PRODUCT(E10:I10) -> 0
J11: =+PRODUCT(E11:I11) -> 0
J12: =+PRODUCT(E12:I12) -> 0
J13: =+PRODUCT(E13:I13) -> 0
J14: =+PRODUCT(E14:I14) -> 0
J15: =+PRODUCT(E15:I15) -> 0
J16: =+PRODUCT(E16:I16) -> 0
J17: =+PRODUCT(E17:I17) -> 0
J18: =+PRODUCT(E18:I18) -> 0
J19: =+PRODUCT(E19:I19) -> 0
J20: =+PRODUCT(E20:I20) -> 0
J21: =+PRODUCT(E21:I21) -> 0
... J46: =+PRODUCT(E46:I46) -> 0
D47: TOTAL | J47: =ROUND(SUM(J8:J46),2) -> 23
D48: COBRADO ACTAS ANTERIORES
D49: TOTAL A COBRAR PRESENTE ACTA | J49: =+J47-J48 -> 23
A50: FECHA DE CREACION | D50: FIRMA
A51: =PPTO!G3 -> JUNIO DE 2026
D52: FORMULADOR

Sheet 6.7
A2: MEMORIAS DE CALCULO
A3: =PPTO!C3 -> MUNICIPIO DE SAN ROQUE - ANTIOQUIA, CORREGIMIENTO DE SAN JOSÉ DEL NÚS.
A4: =PPTO!C4 -> CONSTRUCCIÓN DE CENTRO DIA - MUNICIPIO DE SAN ROQUE
A5: ITEM | B5: 6.7 | C5: =+VLOOKUP(B5,PPTO!B8:G94,2,FALSE) -> Suministro, transporte e instalación de salida para luminaria OJO BUEY TIPO INTERIOR Panel led redondo 120V 16W), incrustada en losa, pared o mampostería. Incluye tubería PVC 1/2", según planos, accesorios, alambre de cobre THHN-AWG-LS #12, y todos los elementos para el correcto funcionamiento. | E5: UNIDAD | F5: =+VLOOKUP(B5,PPTO!B8:G94,3,FALSE) -> UN | G5: VALOR UNITARIO | I5: =+VLOOKUP(B5,PPTO!B8:G94,5,FALSE) -> 96268.664
D6: DESCRIPCION | E6: DIMENSIONES | H6: OTRO | I6: CANTIDAD | J6: SUBTOTAL
E7: ANCHO | F7: LARGO | G7: ALTURA
D8: CUARTO TÉCNICO | I8: 2 | J8: =+PRODUCT(E8:I8) -> 2
D9: COCINA | I9: 12 | J9: =+PRODUCT(E9:I9) -> 12
D10: OFICINA | I10: 6 | J10: =+PRODUCT(E10:I10) -> 6
D11: CONSULTORIO | I11: 9 | J11: =+PRODUCT(E11:I11) -> 9
J12: =+PRODUCT(E12:I12) -> 0
J13: =+PRODUCT(E13:I13) -> 0
J14: =+PRODUCT(E14:I14) -> 0
J15: =+PRODUCT(E15:I15) -> 0
J16: =+PRODUCT(E16:I16) -> 0
J17: =+PRODUCT(E17:I17) -> 0
J18: =+PRODUCT(E18:I18) -> 0
J19: =+PRODUCT(E19:I19) -> 0
J20: =+PRODUCT(E20:I20) -> 0
J21: =+PRODUCT(E21:I21) -> 0
J22: =+PRODUCT(E22:I22) -> 0
J23: =+PRODUCT(E23:I23) -> 0
... J45: =+PRODUCT(E45:I45) -> 0
J46: =+PRODUCT(E46:I46) -> 0 | M46: =J47/1.5 -> 19.333333
D47: TOTAL | J47: =ROUND(SUM(J8:J46),2) -> 29
D48: COBRADO ACTAS ANTERIORES
D49: TOTAL A COBRAR PRESENTE ACTA | J49: =+J47-J48 -> 29
A50: FECHA DE CREACION | D50: FIRMA
A51: =PPTO!G3 -> JUNIO DE 2026
D52: FORMULADOR

Sheet 6.8
A2: MEMORIAS DE CALCULO
A3: =PPTO!C3 -> MUNICIPIO DE SAN ROQUE - ANTIOQUIA, CORREGIMIENTO DE SAN JOSÉ DEL NÚS.
A4: =PPTO!C4 -> CONSTRUCCIÓN DE CENTRO DIA - MUNICIPIO DE SAN ROQUE
A5: ITEM | B5: 6.8 | C5: =+VLOOKUP(B5,PPTO!B8:G94,2,FALSE) -> Suministro, transporte e instalación de Tubería PVC de 1" para alimentación de circuitos, incluye elementos para el correcto funcionamiento. | E5: UNIDAD | F5: =+VLOOKUP(B5,PPTO!B8:G94,3,FALSE) -> ML | G5: VALOR UNITARIO | I5: =+VLOOKUP(B5,PPTO!B8:G94,5,FALSE) -> 52467.25
D6: DESCRIPCION | E6: DIMENSIONES | H6: OTRO | I6: CANTIDAD | J6: SUBTOTAL
E7: ANCHO | F7: LARGO | G7: ALTURA
J8: =+PRODUCT(E8:I8) -> 0
D9: SALON TICS | F9: =+(4.53*4)+2.03+21.59 -> 41.74 | J9: =+PRODUCT(E9:I9) -> 41.74
D10: TALLER 2 | F10: =14.97+8.15 -> 23.12 | J10: =+PRODUCT(E10:I10) -> 23.12
D11: BAÑOS | F11: =9.84+6.58+5.85 -> 22.27 | J11: =+PRODUCT(E11:I11) -> 22.27
D12: CUARTO TÉCNICO | F12: =3.79+1.75 -> 5.54 | J12: =+PRODUCT(E12:I12) -> 5.54
D13: CUARTO RESIDUOS | F13: 0 | J13: =+PRODUCT(E13:I13) -> 0
D14: COMEDOR | F14: =14.13+4.42 -> 18.55 | J14: =+PRODUCT(E14:I14) -> 18.55
D15: COCINA | F15: 27.43 | J15: =+PRODUCT(E15:I15) -> 27.43
D16: ZONA DE ROPAS | F16: =3.19+6.67 -> 9.86 | J16: =+PRODUCT(E16:I16) -> 9.86
D17: TALLER 1 | F17: =3.56+10.16+2.49+10.16 -> 26.37 | J17: =+PRODUCT(E17:I17) -> 26.37
D18: OFICINA Y ENFERMERIA | F18: =0.93+11.72 -> 12.65 | J18: =+PRODUCT(E18:I18) -> 12.65
J19: =+PRODUCT(E19:I19) -> 0
J20: =+PRODUCT(E20:I20) -> 0
J21: =+PRODUCT(E21:I21) -> 0
J22: =+PRODUCT(E22:I22) -> 0
J23: =+PRODUCT(E23:I23) -> 0
J24: =+PRODUCT(E24:I24) -> 0
J25: =+PRODUCT(E25:I25) -> 0
J26: =+PRODUCT(E26:I26) -> 0
J27: =+PRODUCT(E27:I27) -> 0
J28: =+PRODUCT(E28:I28) -> 0
J29: =+PRODUCT(E29:I29) -> 0
J30: =+PRODUCT(E30:I30) -> 0
... J46: =+PRODUCT(E46:I46) -> 0
D47: TOTAL | J47: =ROUND(SUM(J8:J46),2) -> 187.53
D48: COBRADO ACTAS ANTERIORES
D49: TOTAL A COBRAR PRESENTE ACTA | J49: =+J47-J48 -> 187.53
A50: FECHA DE CREACION | D50: FIRMA
A51: =PPTO!G3 -> JUNIO DE 2026
D52: FORMULADOR

Sheet 6.9
A2: MEMORIAS DE CALCULO
A3: =PPTO!C3 -> MUNICIPIO DE SAN ROQUE - ANTIOQUIA, CORREGIMIENTO DE SAN JOSÉ DEL NÚS.
A4: =PPTO!C4 -> CONSTRUCCIÓN DE CENTRO DIA - MUNICIPIO DE SAN ROQUE
A5: ITEM | B5: 6.9 | C5: =+VLOOKUP(B5,PPTO!B8:G94,2,FALSE) -> Suministro, transporte e instalación de tablero de distribución especial, tablero de distribución final y tabler de distribución final regulado, con espacio para totalizador y breackers. Incluye marcación elementos para el correcto funcionamiento. | E5: UNIDAD | F5: =+VLOOKUP(B5,PPTO!B8:G94,3,FALSE) -> UN | G5: VALOR UNITARIO | I5: =+VLOOKUP(B5,PPTO!B8:G94,5,FALSE) -> 1216174.1
D6: DESCRIPCION | E6: DIMENSIONES | H6: OTRO | I6: CANTIDAD | J6: SUBTOTAL
E7: ANCHO | F7: LARGO | G7: ALTURA
D8: Tablero de distribución especial, tablero de distribución final y tablero de distribución final | I8: 1 | J8: =+I8 -> 1
J9: =+PRODUCT(E9:I9) -> 0
J10: =+PRODUCT(E10:I10) -> 0
J11: =+PRODUCT(E11:I11) -> 0
J12: =+PRODUCT(E12:I12) -> 0
J13: =+PRODUCT(E13:I13) -> 0
J14: =+PRODUCT(E14:I14) -> 0
J15: =+PRODUCT(E15:I15) -> 0
J16: =+PRODUCT(E16:I16) -> 0
J17: =+PRODUCT(E17:I17) -> 0
J18: =+PRODUCT(E18:I18) -> 0
J19: =+PRODUCT(E19:I19) -> 0
J20: =+PRODUCT(E20:I20) -> 0
... J46: =+PRODUCT(E46:I46) -> 0
D47: TOTAL | J47: =ROUND(SUM(J8:J46),2) -> 1
D48: COBRADO ACTAS ANTERIORES
D49: TOTAL A COBRAR PRESENTE ACTA | J49: =+J47-J48 -> 1
A50: FECHA DE CREACION | D50: FIRMA
A51: =PPTO!G3 -> JUNIO DE 2026
D52: FORMULADOR

Sheet 6.10
A2: MEMORIAS DE CALCULO
A3: =PPTO!C3 -> MUNICIPIO DE SAN ROQUE - ANTIOQUIA, CORREGIMIENTO DE SAN JOSÉ DEL NÚS.
A4: =PPTO!C4 -> CONSTRUCCIÓN DE CENTRO DIA - MUNICIPIO DE SAN ROQUE
A5: ITEM | B5: 6.1 | C5: =PPTO!C52 -> Suministro, transporte e instalación de materiales para salida interruptor sencillo (switche) eléctrico mono polar de alumbrado 15 A. TIPO LEV referencia 1451, 10A, 125 V, según certificación RETIE y pruebas de conformidad UL. Incluye el interruptor, tapa, tubo emt, cajas 4"x4" met. Galv. Con tapa suplemento, adaptadores, curvas, pega pvc, conductores 12 AWG-CU-THHN/THWN-90ºC, conectores de conexión y empalme, tornillos, obra civil y demás elementos y accesorios para su correcta instalación y funcionamiento. | E5: UNIDAD | F5: =+VLOOKUP(B5,PPTO!B8:G94,3,FALSE) -> UN | G5: VALOR UNITARIO | I5: =+VLOOKUP(B5,PPTO!B8:G94,5,FALSE) -> 96826.664
D6: DESCRIPCION | E6: DIMENSIONES | H6: OTRO | I6: CANTIDAD | J6: SUBTOTAL
E7: ANCHO | F7: LARGO | G7: ALTURA
D8: SALON TICS | I8: 0 | J8: =+I8 -> 0
D9: TALLER 2 | I9: 0 | J9: =+I9 -> 0
D10: CUARTO ASEO | I10: 1 | J10: =+I10 -> 1
D11: CUARTO TECNICO | I11: 1 | J11: =+I11 -> 1
D12: BAÑOS | I12: 2 | J12: =+I12 -> 2
D13: COCINA | I13: 0 | J13: =+I13 -> 0
D14: ZONA DE ROPAS | I14: 1 | J14: =+I14 -> 1
D15: TALLER 1 | I15: 0 | J15: =+I15 -> 0
D16: OFICINA | I16: 1 | J16: =+I16 -> 1
D17: BAÑO | I17: 1 | J17: =+I17 -> 1
D18: ENFERMERÍA | I18: 1 | J18: =+I18 -> 1
J19: =+PRODUCT(E19:I19) -> 0
J20: =+PRODUCT(E20:I20) -> 0
J21: =+PRODUCT(E21:I21) -> 0
J22: =+PRODUCT(E22:I22) -> 0
J23: =+PRODUCT(E23:I23) -> 0
J24: =+PRODUCT(E24:I24) -> 0
J25: =+PRODUCT(E25:I25) -> 0
J26: =+PRODUCT(E26:I26) -> 0
J27: =+PRODUCT(E27:I27) -> 0
J28: =+PRODUCT(E28:I28) -> 0
J29: =+PRODUCT(E29:I29) -> 0
J30: =+PRODUCT(E30:I30) -> 0
... J40: =+PRODUCT(E40:I40) -> 0
D41: TOTAL | J41: =ROUND(SUM(J8:J40),2) -> 8
D42: COBRADO ACTAS ANTERIORES
D43: TOTAL A COBRAR PRESENTE ACTA | J43: =+J41-J42 -> 8
A44: FECHA DE CREACION | D44: FIRMA
A45: =PPTO!G3 -> JUNIO DE 2026
D46: FORMULADOR

Sheet 6.11
A2: MEMORIAS DE CALCULO
A3: =PPTO!C3 -> MUNICIPIO DE SAN ROQUE - ANTIOQUIA, CORREGIMIENTO DE SAN JOSÉ DEL NÚS.
A4: =PPTO!C4 -> CONSTRUCCIÓN DE CENTRO DIA - MUNICIPIO DE SAN ROQUE
A5: ITEM | B5: 6.11 | C5: =+VLOOKUP(B5,PPTO!B8:G94,2,FALSE) -> Suministro, transporte e instalación de materiales para salida interruptor doble (switche) eléctrico mono polar de alumbrado 15 A. TIPO LEV referencia 1451, 10A, 125 V, según certificación RETIE y pruebas de conformidad UL. Incluye el interruptor, tapa, tubo pvc, cajas 4"x4" met. Galv. Con tapa suplemento, adaptadores, curvas, pega pvc, conductores 12 AWG-CU-THHN/THWN-90ºC, conectores de conexión y empalme, tornillos, obra civil y demás elementos y accesorios para su correcta instalación y funcionamiento. | E5: UNIDAD | F5: =+VLOOKUP(B5,PPTO!B8:G94,3,FALSE) -> UN | G5: VALOR UNITARIO | I5: =+VLOOKUP(B5,PPTO!B8:G94,5,FALSE) -> 49664.832
D6: DESCRIPCION | E6: DIMENSIONES | H6: OTRO | I6: CANTIDAD | J6: SUBTOTAL
E7: ANCHO | F7: LARGO | G7: ALTURA
D8: SALON TICS | I8: 0 | J8: =+I8 -> 0
D9: TALLER 2 | I9: 0 | J9: =+I9 -> 0
D10: CUARTO ASEO | I10: 0 | J10: =+I10 -> 0
D11: CUARTO TECNICO | I11: 0 | J11: =+I11 -> 0
D12: BAÑOS | I12: 1 | J12: =+I12 -> 1
D13: COCINA | I13: 1 | J13: =+I13 -> 1
D14: ZONA DE ROPAS | I14: 0 | J14: =+I14 -> 0
D15: TALLER 1 | I15: 0 | J15: =+I15 -> 0
D16: OFICINA | I16: 0 | J16: =+I16 -> 0
D17: BAÑO | I17: 0 | J17: =+I17 -> 0
D18: ENFERMERÍA | I18: 0 | J18: =+I18 -> 0
J19: =+PRODUCT(E19:I19) -> 0
J20: =+PRODUCT(E20:I20) -> 0
J21: =+PRODUCT(E21:I21) -> 0
J22: =+PRODUCT(E22:I22) -> 0
J23: =+PRODUCT(E23:I23) -> 0
J24: =+PRODUCT(E24:I24) -> 0
J25: =+PRODUCT(E25:I25) -> 0
J26: =+PRODUCT(E26:I26) -> 0
J27: =+PRODUCT(E27:I27) -> 0
J28: =+PRODUCT(E28:I28) -> 0
J29: =+PRODUCT(E29:I29) -> 0
J30: =+PRODUCT(E30:I30) -> 0
... J40: =+PRODUCT(E40:I40) -> 0
D41: TOTAL | J41: =ROUND(SUM(J8:J40),2) -> 2
D42: COBRADO ACTAS ANTERIORES
D43: TOTAL A COBRAR PRESENTE ACTA | J43: =+J41-J42 -> 2
A44: FECHA DE CREACION | D44: FIRMA
A45: =PPTO!G3 -> JUNIO DE 2026
D46: FORMULADOR

Sheet 6.12
A2: MEMORIAS DE CALCULO
A3: =PPTO!C3 -> MUNICIPIO DE SAN ROQUE - ANTIOQUIA, CORREGIMIENTO DE SAN JOSÉ DEL NÚS.
A4: =PPTO!C4 -> CONSTRUCCIÓN DE CENTRO DIA - MUNICIPIO DE SAN ROQUE
A5: ITEM | B5: 6.12 | C5: =+VLOOKUP(B5,PPTO!B8:G94,2,FALSE) -> Suministro, transporte e instalación de materiales para salida interruptor triple (switche) eléctrico mono polar de alumbrado 15 A. TIPO LEV referencia 1451, 10A, 125 V, según certificación RETIE y pruebas de conformidad UL. Incluye el interruptor, tapa, tubo pvc, cajas 4"x4" met. Galv. Con tapa suplemento, adaptadores, curvas, pega pvc, conductores 12 AWG-CU-THHN/THWN-90ºC, conectores de conexión y empalme, tornillos, obra civil y demás elementos y accesorios para su correcta instalación y funcionamiento. | E5: UNIDAD | F5: =+VLOOKUP(B5,PPTO!B8:G94,3,FALSE) -> UN | G5: VALOR UNITARIO | I5: =+VLOOKUP(B5,PPTO!B8:G94,5,FALSE) -> 53498.832
D6: DESCRIPCION | E6: DIMENSIONES | H6: OTRO | I6: CANTIDAD | J6: SUBTOTAL
E7: ANCHO | F7: LARGO | G7: ALTURA
D8: SALON TICS | I8: 3 | J8: =+I8 -> 3
D9: TALLER 2 | I9: 3 | J9: =+I9 -> 3
D10: CUARTO ASEO | I10: 0 | J10: =+I10 -> 0
D11: CUARTO TECNICO | I11: 0 | J11: =+I11 -> 0
D12: BAÑOS | I12: 0 | J12: =+I12 -> 0
D13: COMEDOR | I13: 1 | J13: =+I13 -> 1
D14: ZONA DE ROPAS | I14: 0 | J14: =+I14 -> 0
D15: TALLER 1 | I15: 1 | J15: =+I15 -> 1
D16: OFICINA | I16: 0 | J16: =+I16 -> 0
D17: BAÑO | I17: 0 | J17: =+I17 -> 0
D18: ENFERMERÍA | I18: 0 | J18: =+I18 -> 0
J19: =+PRODUCT(E19:I19) -> 0
J20: =+PRODUCT(E20:I20) -> 0
J21: =+PRODUCT(E21:I21) -> 0
J22: =+PRODUCT(E22:I22) -> 0
J23: =+PRODUCT(E23:I23) -> 0
J24: =+PRODUCT(E24:I24) -> 0
J25: =+PRODUCT(E25:I25) -> 0
J26: =+PRODUCT(E26:I26) -> 0
J27: =+PRODUCT(E27:I27) -> 0
J28: =+PRODUCT(E28:I28) -> 0
J29: =+PRODUCT(E29:I29) -> 0
J30: =+PRODUCT(E30:I30) -> 0
... J40: =+PRODUCT(E40:I40) -> 0
D41: TOTAL | J41: =ROUND(SUM(J8:J40),2) -> 8
D42: COBRADO ACTAS ANTERIORES
D43: TOTAL A COBRAR PRESENTE ACTA | J43: =+J41-J42 -> 8
A44: FECHA DE CREACION | D44: FIRMA
A45: =PPTO!G3 -> JUNIO DE 2026
D46: FORMULADOR

Sheet 6.13
A2: MEMORIAS DE CALCULO
A3: =PPTO!C3 -> MUNICIPIO DE SAN ROQUE - ANTIOQUIA, CORREGIMIENTO DE SAN JOSÉ DEL NÚS.
A4: =PPTO!C4 -> CONSTRUCCIÓN DE CENTRO DIA - MUNICIPIO DE SAN ROQUE
A5: ITEM | B5: 6.13 | C5: =+VLOOKUP(B5,PPTO!B8:G94,2,FALSE) -> Suministro, transporte e instalación de acometida monofásica en cables, incluye excavación, conectores, encintada y demás accesorios para su correcta instalación y funcionamiento según RETIE. | E5: UNIDAD | F5: =+VLOOKUP(B5,PPTO!B8:G94,3,FALSE) -> ML | G5: VALOR UNITARIO | I5: =+VLOOKUP(B5,PPTO!B8:G94,5,FALSE) -> 65545.118
D6: DESCRIPCION | E6: DIMENSIONES | H6: OTRO | I6: CANTIDAD | J6: SUBTOTAL
E7: ANCHO | F7: LARGO | G7: ALTURA
D8: Acometida | F8: 25 | I8: 1 | J8: =+I8*F8 -> 25
J19: =+PRODUCT(E19:I19) -> 0
J20: =+PRODUCT(E20:I20) -> 0
J21: =+PRODUCT(E21:I21) -> 0
J22: =+PRODUCT(E22:I22) -> 0
J23: =+PRODUCT(E23:I23) -> 0
J24: =+PRODUCT(E24:I24) -> 0
J25: =+PRODUCT(E25:I25) -> 0
J26: =+PRODUCT(E26:I26) -> 0
J27: =+PRODUCT(E27:I27) -> 0
J28: =+PRODUCT(E28:I28) -> 0
J29: =+PRODUCT(E29:I29) -> 0
J30: =+PRODUCT(E30:I30) -> 0
... J40: =+PRODUCT(E40:I40) -> 0
D41: TOTAL | J41: =ROUND(SUM(J8:J40),2) -> 25
D42: COBRADO ACTAS ANTERIORES
D43: TOTAL A COBRAR PRESENTE ACTA | J43: =+J41-J42 -> 25
A44: FECHA DE CREACION | D44: FIRMA
A45: =PPTO!G3 -> JUNIO DE 2026
D46: FORMULADOR

Sheet 6.14
A2: MEMORIAS DE CALCULO
A3: =PPTO!C3 -> MUNICIPIO DE SAN ROQUE - ANTIOQUIA, CORREGIMIENTO DE SAN JOSÉ DEL NÚS.
A4: =PPTO!C4 -> CONSTRUCCIÓN DE CENTRO DIA - MUNICIPIO DE SAN ROQUE
A5: ITEM | B5: 6.14 | C5: =+VLOOKUP(B5,PPTO!B8:G94,2,FALSE) -> Suministro, transporte e instalación PUESTA A TIERRA Y APANTALLAMIENTO. 5/8'' x 2.4m incluye elementos para el correcto funcionamiento. | E5: UNIDAD | F5: =+VLOOKUP(B5,PPTO!B8:G94,3,FALSE) -> GL | G5: VALOR UNITARIO | I5: =+VLOOKUP(B5,PPTO!B8:G94,5,FALSE) -> 3687678.9
D6: DESCRIPCION | E6: DIMENSIONES | H6: OTRO | I6: CANTIDAD | J6: SUBTOTAL
E7: ANCHO | F7: LARGO | G7: ALTURA
D8: Apantallamiento general | F8: 1 | I8: 1 | J8: =+I8*F8 -> 1
J19: =+PRODUCT(E19:I19) -> 0
J20: =+PRODUCT(E20:I20) -> 0
J21: =+PRODUCT(E21:I21) -> 0
J22: =+PRODUCT(E22:I22) -> 0
J23: =+PRODUCT(E23:I23) -> 0
J24: =+PRODUCT(E24:I24) -> 0
J25: =+PRODUCT(E25:I25) -> 0
J26: =+PRODUCT(E26:I26) -> 0
J27: =+PRODUCT(E27:I27) -> 0
J28: =+PRODUCT(E28:I28) -> 0
J29: =+PRODUCT(E29:I29) -> 0
J30: =+PRODUCT(E30:I30) -> 0
... J40: =+PRODUCT(E40:I40) -> 0
D41: TOTAL | J41: =ROUND(SUM(J8:J40),2) -> 1
D42: COBRADO ACTAS ANTERIORES
D43: TOTAL A COBRAR PRESENTE ACTA | J43: =+J41-J42 -> 1
A44: FECHA DE CREACION | D44: FIRMA
A45: =PPTO!G3 -> JUNIO DE 2026
D46: FORMULADOR

Sheet 6.15
A2: MEMORIAS DE CALCULO
A3: =PPTO!C3 -> MUNICIPIO DE SAN ROQUE - ANTIOQUIA, CORREGIMIENTO DE SAN JOSÉ DEL NÚS.
A4: =PPTO!C4 -> CONSTRUCCIÓN DE CENTRO DIA - MUNICIPIO DE SAN ROQUE
A5: ITEM | B5: 6.15 | C5: =+VLOOKUP(B5,PPTO!B8:G94,2,FALSE) -> Suministro, transporte e instalación de salida para luminaria de emergencia. Incluye tubería EMT 1/2", según planos, alambre de cobre THHN-AWG #12 y todos los elementos para el correcto funcionamiento. | E5: UNIDAD | F5: =+VLOOKUP(B5,PPTO!B8:G94,3,FALSE) -> UN | G5: VALOR UNITARIO | I5: =+VLOOKUP(B5,PPTO!B8:G94,5,FALSE) -> 196368.66
D6: DESCRIPCION | E6: DIMENSIONES | H6: OTRO | I6: CANTIDAD | J6: SUBTOTAL
E7: ANCHO | F7: LARGO | G7: ALTURA
D8: Salon TICS | I8: 5 | J8: =+I8 -> 5
D9: Taller 2 | I9: 5 | J9: =+I9 -> 5
D10: Baños | I10: 4 | J10: =+I10 -> 4
D11: Cuartos técnico y de basura | I11: 1 | J11: =+I11 -> 1
D12: Comedor | I12: 8 | J12: =+I12 -> 8
D13: Zona de ropas | I13: 2 | J13: =+I13 -> 2
D14: Cocina | I14: 4 | J14: =+I14 -> 4
D15: Taller 1 | I15: 1 | J15: =+I15 -> 1
D16: Oficina | I16: 1 | J16: =+I16 -> 1
D17: Consultorio + baño | I17: 1 | J17: =+I17 -> 1
J18: =+I18 -> 0
J19: =+I19 -> 0
J20: =+I20 -> 0
J21: =+I21 -> 0
J22: =+I22 -> 0
J23: =+PRODUCT(E23:I23) -> 0
J24: =+PRODUCT(E24:I24) -> 0
J25: =+PRODUCT(E25:I25) -> 0
J26: =+PRODUCT(E26:I26) -> 0
J27: =+PRODUCT(E27:I27) -> 0
J28: =+PRODUCT(E28:I28) -> 0
J29: =+PRODUCT(E29:I29) -> 0
J30: =+PRODUCT(E30:I30) -> 0
J31: =+PRODUCT(E31:I31) -> 0
J32: =+PRODUCT(E32:I32) -> 0
J33: =+PRODUCT(E33:I33) -> 0
J34: =+PRODUCT(E34:I34) -> 0
... J42: =+PRODUCT(E42:I42) -> 0
D43: TOTAL | J43: =ROUND(SUM(J8:J42),2) -> 32
D44: COBRADO ACTAS ANTERIORES
D45: TOTAL A COBRAR PRESENTE ACTA | J45: =+J43-J44 -> 32
A46: FECHA DE CREACION | D46: FIRMA
A47: =PPTO!G3 -> JUNIO DE 2026
D48: FORMULADOR

Sheet 6.17
A2: MEMORIAS DE CALCULO
A3: =PPTO!C3 -> MUNICIPIO DE SAN ROQUE - ANTIOQUIA, CORREGIMIENTO DE SAN JOSÉ DEL NÚS.
A4: =PPTO!C4 -> CONSTRUCCIÓN DE CENTRO DIA - MUNICIPIO DE SAN ROQUE
A5: ITEM | B5: 6.17 | C5: =+VLOOKUP(B5,PPTO!B8:G94,2,FALSE) -> Suministro, transporte e instalación de puntos de conexión ethernet | E5: UNIDAD | F5: =+VLOOKUP(B5,PPTO!B8:G94,3,FALSE) -> UN | G5: VALOR UNITARIO | I5: =+VLOOKUP(B5,PPTO!B8:G94,5,FALSE) -> 153899.79
D6: DESCRIPCION | E6: DIMENSIONES | H6: OTRO | I6: CANTIDAD | J6: SUBTOTAL
E7: ANCHO | F7: LARGO | G7: ALTURA
D8: Salon TICS | I8: 16 | J8: =+I8 -> 16
D9: Cuarto técnico | I9: 2 | J9: =+I9 -> 2
D10: Comedor | I10: 2 | J10: =+I10 -> 2
D11: Taller 1 | I11: 2 | J11: =+I11 -> 2
D12: Oficina | I12: 1 | J12: =+I12 -> 1
D13: Consultorio | J13: =+I13 -> 0
J14: =+I14 -> 0
J15: =+I15 -> 0
J16: =+I16 -> 0
J17: =+I17 -> 0
J18: =+I18 -> 0
J19: =+I19 -> 0
J20: =+I20 -> 0
J21: =+I21 -> 0
J22: =+I22 -> 0
J23: =+PRODUCT(E23:I23) -> 0
J24: =+PRODUCT(E24:I24) -> 0
J25: =+PRODUCT(E25:I25) -> 0
J26: =+PRODUCT(E26:I26) -> 0
J27: =+PRODUCT(E27:I27) -> 0
J28: =+PRODUCT(E28:I28) -> 0
J29: =+PRODUCT(E29:I29) -> 0
J30: =+PRODUCT(E30:I30) -> 0
J31: =+PRODUCT(E31:I31) -> 0
J32: =+PRODUCT(E32:I32) -> 0
J33: =+PRODUCT(E33:I33) -> 0
J34: =+PRODUCT(E34:I34) -> 0
... J42: =+PRODUCT(E42:I42) -> 0
D43: TOTAL | J43: =ROUND(SUM(J8:J42),2) -> 23
D44: COBRADO ACTAS ANTERIORES
D45: TOTAL A COBRAR PRESENTE ACTA | J45: =+J43-J44 -> 23
A46: FECHA DE CREACION | D46: FIRMA
A47: =PPTO!G3 -> JUNIO DE 2026
D48: FORMULADOR

Sheet 7.1
A2: MEMORIAS DE CALCULO
A3: =PPTO!C3 -> MUNICIPIO DE SAN ROQUE - ANTIOQUIA, CORREGIMIENTO DE SAN JOSÉ DEL NÚS.
A4: =PPTO!C4 -> CONSTRUCCIÓN DE CENTRO DIA - MUNICIPIO DE SAN ROQUE
A5: ITEM | B5: 7.1 | C5: =+VLOOKUP(B5,PPTO!B8:G94,2,FALSE) -> SUMINISTRO, TRANSPORTE E INSTALACION DE Salidas abastos 1/2" PVC presión, incluye 1m de tubería contempladas por salidas, accesorios y toda actividad adicional para su correcta instalación. | E5: UNIDAD | F5: =+VLOOKUP(B5,PPTO!B8:G94,3,FALSE) -> UN | G5: VALOR UNITARIO | I5: =+VLOOKUP(B5,PPTO!B8:G94,5,FALSE) -> 57880.394
D6: DESCRIPCION | E6: DIMENSIONES | H6: OTRO | I6: CANTIDAD | J6: SUBTOTAL
E7: ANCHO | F7: LARGO | G7: ALTURA
D8: EXTERIOR | I8: 3 | J8: =+I8 -> 3
D9: BAÑOS | I9: 21 | J9: =+I9 -> 21
D10: COCINA | I10: 5 | J10: =+PRODUCT(E10:I10) -> 5
D11: ZONA DE ROPAS | I11: 3 | J11: =+PRODUCT(E11:I11) -> 3
D12: CONSULTORIO + BAÑO | I12: 4 | J12: =+PRODUCT(E12:I12) -> 4
J13: =+PRODUCT(E13:I13) -> 0
J14: =+PRODUCT(E14:I14) -> 0
J15: =+PRODUCT(E15:I15) -> 0
J16: =+PRODUCT(E16:I16) -> 0
J17: =+PRODUCT(E17:I17) -> 0
J18: =+PRODUCT(E18:I18) -> 0
J19: =+PRODUCT(E19:I19) -> 0
J20: =+PRODUCT(E20:I20) -> 0
J21: =+PRODUCT(E21:I21) -> 0
J22: =+PRODUCT(E22:I22) -> 0
J23: =+PRODUCT(E23:I23) -> 0
J24: =+PRODUCT(E24:I24) -> 0
... J46: =+PRODUCT(E46:I46) -> 0
D47: TOTAL | J47: =ROUND(SUM(J8:J46),2) -> 36
D48: COBRADO ACTAS ANTERIORES
D49: TOTAL A COBRAR PRESENTE ACTA | J49: =+J47-J48 -> 36
A50: FECHA DE CREACION | D50: FIRMA
A51: =PPTO!G3 -> JUNIO DE 2026
D52: FORMULADOR

Sheet 7.2
A2: MEMORIAS DE CALCULO
A3: =PPTO!C3 -> MUNICIPIO DE SAN ROQUE - ANTIOQUIA, CORREGIMIENTO DE SAN JOSÉ DEL NÚS.
A4: =PPTO!C4 -> CONSTRUCCIÓN DE CENTRO DIA - MUNICIPIO DE SAN ROQUE
A5: ITEM | B5: 7.2 | C5: =+VLOOKUP(B5,PPTO!B8:G94,2,FALSE) -> SUMINISTRO, TRANSPORTE E INSTALACION DE Salidas sanitarias de 2" incluye: Accesorios, acoples y todo lo relacionado para su instalación de (lavadero, sanitario, lavamanos, ducha, etc.) incluye 2m de tubería contempladas por punto y toda actividad adicional para su correcta instalación. | E5: UNIDAD | F5: =+VLOOKUP(B5,PPTO!B8:G94,3,FALSE) -> UN | G5: VALOR UNITARIO | I5: =+VLOOKUP(B5,PPTO!B8:G94,5,FALSE) -> 146505.39
D6: DESCRIPCION | E6: DIMENSIONES | H6: OTRO | I6: CANTIDAD | J6: SUBTOTAL
E7: ANCHO | F7: LARGO | G7: ALTURA
D9: BAÑOS | I9: 20 | J9: =+I9 -> 20
D10: COCINA | I10: 5 | J10: =+PRODUCT(E10:I10) -> 5
D11: ZONA DE ROPAS | I11: 7 | J11: =+PRODUCT(E11:I11) -> 7
D12: CONSULTORIO + BAÑO | I12: 4 | J12: =+PRODUCT(E12:I12) -> 4
J13: =+PRODUCT(E13:I13) -> 0
J14: =+PRODUCT(E14:I14) -> 0
J15: =+PRODUCT(E15:I15) -> 0
J16: =+PRODUCT(E16:I16) -> 0
J17: =+PRODUCT(E17:I17) -> 0
J18: =+PRODUCT(E18:I18) -> 0
J19: =+PRODUCT(E19:I19) -> 0
J20: =+PRODUCT(E20:I20) -> 0
J21: =+PRODUCT(E21:I21) -> 0
J22: =+PRODUCT(E22:I22) -> 0
J23: =+PRODUCT(E23:I23) -> 0
J24: =+PRODUCT(E24:I24) -> 0
... J46: =+PRODUCT(E46:I46) -> 0
D47: TOTAL | J47: =ROUND(SUM(J8:J46),2) -> 36
D48: COBRADO ACTAS ANTERIORES
D49: TOTAL A COBRAR PRESENTE ACTA | J49: =+J47-J48 -> 36
A50: FECHA DE CREACION | D50: FIRMA
A51: =PPTO!G3 -> JUNIO DE 2026
D52: FORMULADOR

Sheet 7.3
A2: MEMORIAS DE CALCULO
A3: =PPTO!C3 -> MUNICIPIO DE SAN ROQUE - ANTIOQUIA, CORREGIMIENTO DE SAN JOSÉ DEL NÚS.
A4: =PPTO!C4 -> CONSTRUCCIÓN DE CENTRO DIA - MUNICIPIO DE SAN ROQUE
A5: ITEM | B5: 7.3 | C5: =+VLOOKUP(B5,PPTO!B8:G94,2,FALSE) -> SUMINISTRO, TRANSPORTE E INSTALACION de tubería para Bajante sanitario en tubería de 3" PVC. Bajante de ventilación incluye: (tubería por m, amarres, accesorios de empalme, equipos de alturas y todo lo relacionado para su instalación, altura elemento 1,5m.máx) | E5: UNIDAD | F5: =+VLOOKUP(B5,PPTO!B8:G94,3,FALSE) -> UND | G5: VALOR UNITARIO | I5: =+VLOOKUP(B5,PPTO!B8:G94,5,FALSE) -> 136281.47
D6: DESCRIPCION | E6: DIMENSIONES | H6: OTRO | I6: CANTIDAD | J6: SUBTOTAL
E7: ANCHO | F7: LARGO | G7: ALTURA
D8: BAÑOS | I8: 9 | J8: =+I8 -> 9
D9: CONSULTORIO + BAÑO | I9: 1 | J9: =+PRODUCT(E9:I9) -> 1
J12: =+PRODUCT(E12:I12) -> 0
J13: =+PRODUCT(E13:I13) -> 0
J14: =+PRODUCT(E14:I14) -> 0
J15: =+PRODUCT(E15:I15) -> 0
J16: =+PRODUCT(E16:I16) -> 0
J17: =+PRODUCT(E17:I17) -> 0
J18: =+PRODUCT(E18:I18) -> 0
J19: =+PRODUCT(E19:I19) -> 0
J20: =+PRODUCT(E20:I20) -> 0
J21: =+PRODUCT(E21:I21) -> 0
J22: =+PRODUCT(E22:I22) -> 0
J23: =+PRODUCT(E23:I23) -> 0
... J45: =+PRODUCT(E45:I45) -> 0
J46: =+PRODUCT(E46:I46) -> 0 | M46: =J47/1.5 -> 6.6666667
D47: TOTAL | J47: =ROUND(SUM(J8:J46),2) -> 10
D48: COBRADO ACTAS ANTERIORES
D49: TOTAL A COBRAR PRESENTE ACTA | J49: =+J47-J48 -> 10
A50: FECHA DE CREACION | D50: FIRMA
A51: =PPTO!G3 -> JUNIO DE 2026
D52: FORMULADOR

Sheet 7.4
A2: MEMORIAS DE CALCULO
A3: =PPTO!C3 -> MUNICIPIO DE SAN ROQUE - ANTIOQUIA, CORREGIMIENTO DE SAN JOSÉ DEL NÚS.
A4: =PPTO!C4 -> CONSTRUCCIÓN DE CENTRO DIA - MUNICIPIO DE SAN ROQUE
A5: ITEM | B5: 7.4 | C5: =+VLOOKUP(B5,PPTO!B8:G94,2,FALSE) -> SUMINISTRO, TRANSPORTE E INSTALACION de Tubería ALL D=4" en desagües primer piso incluye: excavación primer por metro lineal con pendiente, tubería, y accesorios.) | E5: UNIDAD | F5: =+VLOOKUP(B5,PPTO!B8:G94,3,FALSE) -> ML | G5: VALOR UNITARIO | I5: =+VLOOKUP(B5,PPTO!B8:G94,5,FALSE) -> 54390.288
D6: DESCRIPCION | E6: DIMENSIONES | H6: OTRO | I6: CANTIDAD | J6: SUBTOTAL
E7: ANCHO | F7: LARGO | G7: ALTURA
D9: PERIMETRAL | F9: =40.01+1.2+1.3+40.93 -> 83.44 | I9: 1 | J9: =+PRODUCT(E9:I9) -> 83.44
D10: DESAGÜES CANOAS | F10: 3.2 | I10: 12 | J10: =+PRODUCT(E10:I10) -> 38.4
J17: =+PRODUCT(E17:I17) -> 0
J18: =+PRODUCT(E18:I18) -> 0
J19: =+PRODUCT(E19:I19) -> 0
J20: =+PRODUCT(E20:I20) -> 0
J21: =+PRODUCT(E21:I21) -> 0
J22: =+PRODUCT(E22:I22) -> 0
J23: =+PRODUCT(E23:I23) -> 0
J24: =+PRODUCT(E24:I24) -> 0
J25: =+PRODUCT(E25:I25) -> 0
J26: =+PRODUCT(E26:I26) -> 0
J27: =+PRODUCT(E27:I27) -> 0
J28: =+PRODUCT(E28:I28) -> 0
... J45: =+PRODUCT(E45:I45) -> 0
J46: =+PRODUCT(E46:I46) -> 0 | M46: =J47/1.5 -> 81.226667
D47: TOTAL | J47: =ROUND(SUM(J8:J46),2) -> 121.84
D48: COBRADO ACTAS ANTERIORES
D49: TOTAL A COBRAR PRESENTE ACTA | J49: =+J47-J48 -> 121.84
A50: FECHA DE CREACION | D50: FIRMA
A51: =PPTO!G3 -> JUNIO DE 2026
D52: FORMULADOR

Sheet 7.5
A2: MEMORIAS DE CALCULO
A3: =PPTO!C3 -> MUNICIPIO DE SAN ROQUE - ANTIOQUIA, CORREGIMIENTO DE SAN JOSÉ DEL NÚS.
A4: =PPTO!C4 -> CONSTRUCCIÓN DE CENTRO DIA - MUNICIPIO DE SAN ROQUE
A5: ITEM | B5: 7.5 | C5: =+VLOOKUP(B5,PPTO!B8:G94,2,FALSE) -> SUMINISTRO, TRANSPORTE E INSTALACION de Tubería ALL D=6" en desagües primer piso incluye: excavación por metro lineal con pendiente, tubería, y accesorios.) | E5: UNIDAD | F5: =+VLOOKUP(B5,PPTO!B8:G94,3,FALSE) -> ML | G5: VALOR UNITARIO | I5: =+VLOOKUP(B5,PPTO!B8:G94,5,FALSE) -> 95340.288
D6: DESCRIPCION | E6: DIMENSIONES | H6: OTRO | I6: CANTIDAD | J6: SUBTOTAL
E7: ANCHO | F7: LARGO | G7: ALTURA
D9: CAJA DE DERIVACION 1-CAJA SALIDA A CONEXIÓN | I9: 10.6 | J9: =+PRODUCT(E9:I9) -> 10.6
D10: CAJA DE DERIVACION 2-CAJA SALIDA A CONEXIÓN | I10: 16.5 | J10: =+PRODUCT(E10:I10) -> 16.5
D11: CAJA DE DERIVACION 3-CAJA SALIDA A CONEXIÓN | I11: =8.08*2 -> 16.16 | J11: =+PRODUCT(E11:I11) -> 16.16
J12: =+PRODUCT(E12:I12) -> 0
J13: =+PRODUCT(E13:I13) -> 0
J14: =+PRODUCT(E14:I14) -> 0
J15: =+PRODUCT(E15:I15) -> 0
J16: =+PRODUCT(E16:I16) -> 0
J17: =+PRODUCT(E17:I17) -> 0
J18: =+PRODUCT(E18:I18) -> 0
J19: =+PRODUCT(E19:I19) -> 0
J20: =+PRODUCT(E20:I20) -> 0
J21: =+PRODUCT(E21:I21) -> 0
J22: =+PRODUCT(E22:I22) -> 0
J23: =+PRODUCT(E23:I23) -> 0
... J45: =+PRODUCT(E45:I45) -> 0
J46: =+PRODUCT(E46:I46) -> 0 | M46: =J47/1.5 -> 28.84
D47: TOTAL | J47: =ROUND(SUM(J8:J46),2) -> 43.26
D48: COBRADO ACTAS ANTERIORES
D49: TOTAL A COBRAR PRESENTE ACTA | J49: =+J47-J48 -> 43.26
A50: FECHA DE CREACION | D50: FIRMA
A51: =PPTO!G3 -> JUNIO DE 2026
D52: FORMULADOR

Sheet 7.6
A2: MEMORIAS DE CALCULO
A3: =PPTO!C3 -> MUNICIPIO DE SAN ROQUE - ANTIOQUIA, CORREGIMIENTO DE SAN JOSÉ DEL NÚS.
A4: =PPTO!C4 -> CONSTRUCCIÓN DE CENTRO DIA - MUNICIPIO DE SAN ROQUE
A5: ITEM | B5: 7.6 | C5: =+VLOOKUP(B5,PPTO!B8:G94,2,FALSE) -> SUMINISTRO, TRANSPORTE E INSTALACION de Tubería PVC 4" en desagües primer piso incluye: excavación por metro lineal con pendiente, tubería, y accesorios.) | E5: UNIDAD | F5: =+VLOOKUP(B5,PPTO!B8:G94,3,FALSE) -> ML | G5: VALOR UNITARIO | I5: =+VLOOKUP(B5,PPTO!B8:G94,5,FALSE) -> 54390.288
D6: DESCRIPCION | E6: DIMENSIONES | H6: OTRO | I6: CANTIDAD | J6: SUBTOTAL
E7: ANCHO | F7: LARGO | G7: ALTURA
D9: CAJA DE DERIVACION 1-CAJA SALIDA A CONEXIÓN | I9: =31.85+7.38+3.19 -> 42.42 | J9: =+PRODUCT(E9:I9) -> 42.42
D10: CAJA DE DERIVACION 2-CAJA SALIDA A CONEXIÓN | I10: =8.84+31.43+4.62+3.2+5.32 -> 53.41 | J10: =+PRODUCT(E10:I10) -> 53.41
J11: =+PRODUCT(E11:I11) -> 0
J12: =+PRODUCT(E12:I12) -> 0
J13: =+PRODUCT(E13:I13) -> 0
J14: =+PRODUCT(E14:I14) -> 0
J15: =+PRODUCT(E15:I15) -> 0
J16: =+PRODUCT(E16:I16) -> 0
J17: =+PRODUCT(E17:I17) -> 0
J18: =+PRODUCT(E18:I18) -> 0
J19: =+PRODUCT(E19:I19) -> 0
J20: =+PRODUCT(E20:I20) -> 0
J21: =+PRODUCT(E21:I21) -> 0
J22: =+PRODUCT(E22:I22) -> 0
... J45: =+PRODUCT(E45:I45) -> 0
J46: =+PRODUCT(E46:I46) -> 0 | M46: =J47/1.5 -> 63.886667
D47: TOTAL | J47: =ROUND(SUM(J8:J46),2) -> 95.83
D48: COBRADO ACTAS ANTERIORES
D49: TOTAL A COBRAR PRESENTE ACTA | J49: =+J47-J48 -> 95.83
A50: FECHA DE CREACION | D50: FIRMA
A51: =PPTO!G3 -> JUNIO DE 2026
D52: FORMULADOR

Sheet 7.7
A2: MEMORIAS DE CALCULO
A3: =PPTO!C3 -> MUNICIPIO DE SAN ROQUE - ANTIOQUIA, CORREGIMIENTO DE SAN JOSÉ DEL NÚS.
A4: =PPTO!C4 -> CONSTRUCCIÓN DE CENTRO DIA - MUNICIPIO DE SAN ROQUE
A5: ITEM | B5: 7.7 | C5: =+VLOOKUP(B5,PPTO!B8:G94,2,FALSE) -> SUMINISTRO, TRANSPORTE E INSTALACION de Canastilla para lavaplatos con rejilla extraíble, set de tubería y empaques incluidos para evitar fugas, dos mangueras de alimentación con acoples para el agua | E5: UNIDAD | F5: =+VLOOKUP(B5,PPTO!B8:G94,3,FALSE) -> UN | G5: VALOR UNITARIO | I5: =+VLOOKUP(B5,PPTO!B8:G94,5,FALSE) -> 1201476.2
D6: DESCRIPCION | E6: DIMENSIONES | H6: OTRO | I6: CANTIDAD | J6: SUBTOTAL
E7: ANCHO | F7: LARGO | G7: ALTURA
D8: Cocina | I8: 3 | J8: =+I8 -> 3
J9: =+PRODUCT(E9:I9) -> 0
J10: =+PRODUCT(E10:I10) -> 0
J11: =+PRODUCT(E11:I11) -> 0
J12: =+PRODUCT(E12:I12) -> 0
J13: =+PRODUCT(E13:I13) -> 0
J14: =+PRODUCT(E14:I14) -> 0
J15: =+PRODUCT(E15:I15) -> 0
J16: =+PRODUCT(E16:I16) -> 0
J17: =+PRODUCT(E17:I17) -> 0
J18: =+PRODUCT(E18:I18) -> 0
J19: =+PRODUCT(E19:I19) -> 0
J20: =+PRODUCT(E20:I20) -> 0
... J45: =+PRODUCT(E45:I45) -> 0
J46: =+PRODUCT(E46:I46) -> 0 | M46: =J47/1.5 -> 2
D47: TOTAL | J47: =ROUND(SUM(J8:J46),2) -> 3
D48: COBRADO ACTAS ANTERIORES
D49: TOTAL A COBRAR PRESENTE ACTA | J49: =+J47-J48 -> 3
A50: FECHA DE CREACION | D50: FIRMA
A51: =PPTO!G3 -> JUNIO DE 2026
D52: FORMULADOR

Sheet 7.8
A2: MEMORIAS DE CALCULO
A3: =PPTO!C3 -> MUNICIPIO DE SAN ROQUE - ANTIOQUIA, CORREGIMIENTO DE SAN JOSÉ DEL NÚS.
A4: =PPTO!C4 -> CONSTRUCCIÓN DE CENTRO DIA - MUNICIPIO DE SAN ROQUE
A5: ITEM | B5: 7.8 | C5: =+VLOOKUP(B5,PPTO!B8:G94,2,FALSE) -> SUMINISTO, TRANSPORTE E INSTALACION DE CANOA EN LAMINA GALVANIZADA Cal .22 d/ 0.40 m. Suministro e instalación con 2 manos de anticorrosivo WASH PRIMER + esmalte + anclaje a muro + sikaflex 1A | E5: UNIDAD | F5: =+VLOOKUP(B5,PPTO!B8:G94,3,FALSE) -> ml | G5: VALOR UNITARIO | I5: =+VLOOKUP(B5,PPTO!B8:G94,5,FALSE) -> 109112.79
D6: DESCRIPCION | E6: DIMENSIONES | H6: OTRO | I6: CANTIDAD | J6: SUBTOTAL
E7: ANCHO | F7: LARGO | G7: ALTURA
D8: Lado 1 | F8: =5.75+0.23+5.56+0.31 -> 11.85 | I8: 2 | J8: =+I8*F8 -> 23.7
